Workbook

Sheet joueurs base
A1: Nom | B1: Prénom | D1: Statut | E1: Sexe | F1: Index | G1: Entité | H1: Licence FFG | I1: série
A2: LEURS | B2: JEFF | C2: =A2&" "&B2 -> LEURS JEFF | D2: S | E2: H | F2: 11.3 | G2: CEMP | H2: 525212217 | I2: =IF(E2="H",IF(F2<15.5,"H1",IF(F2<24.5,"H2","H3")),IF(E2="F",IF(F2<24.5,"F1","F2"),"")) -> H1
A3: DA COSTA | B3: Daniel | C3: =A3&" "&B3 -> DA COSTA Daniel | D3: S | E3: H | F3: 22.6 | G3: CEIDF | H3: 3545300 | I3: =IF(E3="H",IF(F3<15.5,"H1",IF(F3<24.5,"H2","H3")),IF(E3="F",IF(F3<24.5,"F1","F2"),"")) -> H2
A4: BRKIC | B4: Alexandre | C4: =A4&" "&B4 -> BRKIC Alexandre | D4: S | E4: H | F4: 18.1 | G4: CEIDF | H4: 48647147 | I4: =IF(E4="H",IF(F4<15.5,"H1",IF(F4<24.5,"H2","H3")),IF(E4="F",IF(F4<24.5,"F1","F2"),"")) -> H2
A5: FOUASSEAU-QUERBES | B5: Pascale | C5: =A5&" "&B5 -> FOUASSEAU-QUERBES Pascale | D5: S | E5: F | F5: 54 | G5: CEIDF | H5: 44444355 | I5: =IF(E5="H",IF(F5<15.5,"H1",IF(F5<24.5,"H2","H3")),IF(E5="F",IF(F5<24.5,"F1","F2"),"")) -> F2
A6: QUERBES | B6: Patrice | C6: =A6&" "&B6 -> QUERBES Patrice | D6: E | E6: H | F6: 40.5 | G6: CEIDF | H6: 44455352 | I6: =IF(E6="H",IF(F6<15.5,"H1",IF(F6<24.5,"H2","H3")),IF(E6="F",IF(F6<24.5,"F1","F2"),"")) -> H3
A7: LECOINTRE | B7: Richard | C7: =A7&" "&B7 -> LECOINTRE Richard | D7: S | E7: H | F7: 10.8 | G7: CEIDF | H7: 512833035 | I7: =IF(E7="H",IF(F7<15.5,"H1",IF(F7<24.5,"H2","H3")),IF(E7="F",IF(F7<24.5,"F1","F2"),"")) -> H1
A8: BAUDIN | B8: Anne | C8: =A8&" "&B8 -> BAUDIN Anne | D8: S | E8: F | F8: 11.2 | G8: CEIDF | H8: O45 762 186 | I8: =IF(E8="H",IF(F8<15.5,"H1",IF(F8<24.5,"H2","H3")),IF(E8="F",IF(F8<24.5,"F1","F2"),"")) -> F1
A9: BAUDIN | B9: Gilles | C9: =A9&" "&B9 -> BAUDIN Gilles | D9: E | E9: H | F9: 15.9 | G9: CEIDF | H9: 543819163 | I9: =IF(E9="H",IF(F9<15.5,"H1",IF(F9<24.5,"H2","H3")),IF(E9="F",IF(F9<24.5,"F1","F2"),"")) -> H2
A10: ILLIVI | B10: Sylvain | C10: =A10&" "&B10 -> ILLIVI Sylvain | D10: S | E10: H | F10: 33.9 | G10: CEIDF | H10: 042 898 182 | I10: =IF(E10="H",IF(F10<15.5,"H1",IF(F10<24.5,"H2","H3")),IF(E10="F",IF(F10<24.5,"F1","F2"),"")) -> H3
A11: CIRENI | B11: Maria-Grazia | C11: =A11&" "&B11 -> CIRENI Maria-Grazia | D11: E | E11: F | F11: 38.7 | G11: CEIDF | H11: 41775191 | I11: =IF(E11="H",IF(F11<15.5,"H1",IF(F11<24.5,"H2","H3")),IF(E11="F",IF(F11<24.5,"F1","F2"),"")) -> F2
A12: MEDENOUVO | B12: Rolic | C12: =A12&" "&B12 -> MEDENOUVO Rolic | D12: S | E12: H | F12: 26.1 | G12: CEIDF | H12: 514651344 | I12: =IF(E12="H",IF(F12<15.5,"H1",IF(F12<24.5,"H2","H3")),IF(E12="F",IF(F12<24.5,"F1","F2"),"")) -> H3
A13: LETHONGSAVARN | B13: Vivien | C13: =A13&" "&B13 -> LETHONGSAVARN Vivien | D13: E | E13: H | F13: 24.3 | G13: CEIDF | H13: 545649245 | I13: =IF(E13="H",IF(F13<15.5,"H1",IF(F13<24.5,"H2","H3")),IF(E13="F",IF(F13<24.5,"F1","F2"),"")) -> H2
A14: LE DRU | B14: Jean-Jacques | C14: =A14&" "&B14 -> LE DRU Jean-Jacques | D14: S | E14: H | F14: 22.9 | G14: CEIDF | H14: 520138218 | I14: =IF(E14="H",IF(F14<15.5,"H1",IF(F14<24.5,"H2","H3")),IF(E14="F",IF(F14<24.5,"F1","F2"),"")) -> H2
A15: LECLERCQ | B15: Alexandre | C15: =A15&" "&B15 -> LECLERCQ Alexandre | D15: S | E15: H | F15: 28.9 | G15: CEIDF | H15: 512643053 | I15: =IF(E15="H",IF(F15<15.5,"H1",IF(F15<24.5,"H2","H3")),IF(E15="F",IF(F15<24.5,"F1","F2"),"")) -> H3
A16: CHUSSEAU | B16: Cedric | C16: =A16&" "&B16 -> CHUSSEAU Cedric | D16: S | E16: H | F16: 21 | G16: CEIDF | H16: 42078247 | I16: =IF(E16="H",IF(F16<15.5,"H1",IF(F16<24.5,"H2","H3")),IF(E16="F",IF(F16<24.5,"F1","F2"),"")) -> H2
A17: SAINT-ETIENNE | B17: Fabrice | C17: =A17&" "&B17 -> SAINT-ETIENNE Fabrice | D17: S | E17: H | F17: 51.7 | G17: CEIDF | H17: 47460374 | I17: =IF(E17="H",IF(F17<15.5,"H1",IF(F17<24.5,"H2","H3")),IF(E17="F",IF(F17<24.5,"F1","F2"),"")) -> H3
A18: COSTA | B18: Eduardo | C18: =A18&" "&B18 -> COSTA Eduardo | D18: E | E18: H | F18: 23.7 | G18: CEIDF | H18: 534369194 | I18: =IF(E18="H",IF(F18<15.5,"H1",IF(F18<24.5,"H2","H3")),IF(E18="F",IF(F18<24.5,"F1","F2"),"")) -> H2
A19: LAMBILLON | B19: Sebastien | C19: =A19&" "&B19 -> LAMBILLON Sebastien | D19: S | E19: H | F19: 18.2 | G19: CEIDF | H19: 512042032 | I19: =IF(E19="H",IF(F19<15.5,"H1",IF(F19<24.5,"H2","H3")),IF(E19="F",IF(F19<24.5,"F1","F2"),"")) -> H2
A20: GONDOLE | B20: Philippe | C20: =A20&" "&B20 -> GONDOLE Philippe | D20: S | E20: H | F20: 19 | G20: CEIDF | H20: 541526116 | I20: =IF(E20="H",IF(F20<15.5,"H1",IF(F20<24.5,"H2","H3")),IF(E20="F",IF(F20<24.5,"F1","F2"),"")) -> H2
A21: MOSTEFAI | B21: Jean-claude | C21: =A21&" "&B21 -> MOSTEFAI Jean-claude | D21: S | E21: H | F21: 26.4 | G21: CEIDF | H21: 531707074 | I21: =IF(E21="H",IF(F21<15.5,"H1",IF(F21<24.5,"H2","H3")),IF(E21="F",IF(F21<24.5,"F1","F2"),"")) -> H3
A22: BOUSSELET | B22: Bertrand | C22: =A22&" "&B22 -> BOUSSELET Bertrand | D22: S | E22: H | F22: 15.5 | G22: CEIDF | H22: 3837290 | I22: =IF(E22="H",IF(F22<15.5,"H1",IF(F22<24.5,"H2","H3")),IF(E22="F",IF(F22<24.5,"F1","F2"),"")) -> H2
... A32: LALANNE | B32: Franck | C32: =A32&" "&B32 -> LALANNE Franck | D32: S | E32: H | F32: 24.8 | G32: BPGO | H32: 543213165 | I32: =IF(E32="H",IF(F32<15.5,"H1",IF(F32<24.5,"H2","H3")),IF(E32="F",IF(F32<24.5,"F1","F2"),"")) -> H3
A33: WINOGRAD | B33: Serge | C33: =A33&" "&B33 -> WINOGRAD Serge | D33: S | E33: H | F33: 16,7 | G33: CEAPC | H33: 49810064 | I33: =IF(E33="H",IF(F33<15.5,"H1",IF(F33<24.5,"H2","H3")),IF(E33="F",IF(F33<24.5,"F1","F2"),"")) -> H3
A34: MEROUR | B34: Stéphane | C34: =A34&" "&B34 -> MEROUR Stéphane | D34: S | E34: H | F34: 20,2 | G34: CEAPC | H34: 511 843 142 | I34: =IF(E34="H",IF(F34<15.5,"H1",IF(F34<24.5,"H2","H3")),IF(E34="F",IF(F34<24.5,"F1","F2"),"")) -> H3
A35: COUTURIER | B35: Bénédicte | C35: =A35&" "&B35 -> COUTURIER Bénédicte | D35: S | E35: F | F35: 38,5 | G35: CEAPC | H35: 544388225 | I35: =IF(E35="H",IF(F35<15.5,"H1",IF(F35<24.5,"H2","H3")),IF(E35="F",IF(F35<24.5,"F1","F2"),"")) -> F2
A36: MOCAER | B36: Elodie | C36: =A36&" "&B36 -> MOCAER Elodie | D36: S | E36: F | F36: 52,8 | G36: CEAPC | H36: 514 113 372 | I36: =IF(E36="H",IF(F36<15.5,"H1",IF(F36<24.5,"H2","H3")),IF(E36="F",IF(F36<24.5,"F1","F2"),"")) -> F2
A37: ESCOT | B37: Marc | C37: =A37&" "&B37 -> ESCOT Marc | D37: R | E37: H | F37: 27,2 | G37: CEAPC | H37: 45194339 | I37: =IF(E37="H",IF(F37<15.5,"H1",IF(F37<24.5,"H2","H3")),IF(E37="F",IF(F37<24.5,"F1","F2"),"")) -> H3
A38: VIANNAIS | B38: Dominique | C38: =A38&" "&B38 -> VIANNAIS Dominique | D38: R | E38: H | F38: 35.3 | G38: CEAPC | H38: 43140326 | I38: =IF(E38="H",IF(F38<15.5,"H1",IF(F38<24.5,"H2","H3")),IF(E38="F",IF(F38<24.5,"F1","F2"),"")) -> H3
A39: DIZET | B39: Loïc | C39: =A39&" "&B39 -> DIZET Loïc | D39: S | E39: H | F39: 15.7 | G39: CEAPC | H39: 43774199 | I39: =IF(E39="H",IF(F39<15.5,"H1",IF(F39<24.5,"H2","H3")),IF(E39="F",IF(F39<24.5,"F1","F2"),"")) -> H2
A40: BOULDOIRES | B40: Bertrand | C40: =A40&" "&B40 -> BOULDOIRES Bertrand | D40: S | E40: H | F40: 7.1 | G40: CEAPC | H40: 52 541 21 26 | I40: =IF(E40="H",IF(F40<15.5,"H1",IF(F40<24.5,"H2","H3")),IF(E40="F",IF(F40<24.5,"F1","F2"),"")) -> H1
A41: LAMARQUE | B41: Pierre | C41: =A41&" "&B41 -> LAMARQUE Pierre | D41: S | E41: H | F41: 20.5 | G41: CEAPC | H41: 54 211 62 36 | I41: =IF(E41="H",IF(F41<15.5,"H1",IF(F41<24.5,"H2","H3")),IF(E41="F",IF(F41<24.5,"F1","F2"),"")) -> H2
A42: ANDURAND | B42: Jérôme | C42: =A42&" "&B42 -> ANDURAND Jérôme | D42: S | E42: H | F42: 15.4 | G42: CEAPC | H42: 514507116 | I42: =IF(E42="H",IF(F42<15.5,"H1",IF(F42<24.5,"H2","H3")),IF(E42="F",IF(F42<24.5,"F1","F2"),"")) -> H1
A43: NEAU | B43: Valentin | C43: =A43&" "&B43 -> NEAU Valentin | D43: S | E43: H | F43: 0.9 | G43: CEAPC | H43: 543886144 | I43: =IF(E43="H",IF(F43<15.5,"H1",IF(F43<24.5,"H2","H3")),IF(E43="F",IF(F43<24.5,"F1","F2"),"")) -> H1
A44: SAUVAIRE | B44: Christophe | C44: =A44&" "&B44 -> SAUVAIRE Christophe | D44: E | E44: H | F44: 11.7 | G44: CEAPC | H44: 545216079 | I44: =IF(E44="H",IF(F44<15.5,"H1",IF(F44<24.5,"H2","H3")),IF(E44="F",IF(F44<24.5,"F1","F2"),"")) -> H1
A45: DECRESSAIN | B45: Amaury | C45: =A45&" "&B45 -> DECRESSAIN Amaury | D45: S | E45: H | F45: 14.4 | G45: CEAPC | H45: 541 770 209 | I45: =IF(E45="H",IF(F45<15.5,"H1",IF(F45<24.5,"H2","H3")),IF(E45="F",IF(F45<24.5,"F1","F2"),"")) -> H1
A46: MONTOUT | B46: Fabrice | C46: =A46&" "&B46 -> MONTOUT Fabrice | D46: S | E46: H | F46: 45.7 | G46: CEAPC | H46: 522101360 | I46: =IF(E46="H",IF(F46<15.5,"H1",IF(F46<24.5,"H2","H3")),IF(E46="F",IF(F46<24.5,"F1","F2"),"")) -> H3
A47: DULAU | B47: Emmanuel | C47: =A47&" "&B47 -> DULAU Emmanuel | D47: S | E47: H | F47: 15.6 | G47: CEAPC | H47: 525284328 | I47: =IF(E47="H",IF(F47<15.5,"H1",IF(F47<24.5,"H2","H3")),IF(E47="F",IF(F47<24.5,"F1","F2"),"")) -> H2
A48: BEUVELOT | B48: Gaël | C48: =A48&" "&B48 -> BEUVELOT Gaël | D48: S | E48: H | F48: 10.1 | G48: CEAPC | H48: 533283215 | I48: =IF(E48="H",IF(F48<15.5,"H1",IF(F48<24.5,"H2","H3")),IF(E48="F",IF(F48<24.5,"F1","F2"),"")) -> H1
A49: COLL | B49: Marlène | C49: =A49&" "&B49 -> COLL Marlène | D49: S | E49: F | F49: 35.7 | G49: CEAPC | H49: 41992290 | I49: =IF(E49="H",IF(F49<15.5,"H1",IF(F49<24.5,"H2","H3")),IF(E49="F",IF(F49<24.5,"F1","F2"),"")) -> F2
A50: LUGIER | B50: Christian | C50: =A50&" "&B50 -> LUGIER Christian | D50: R | E50: H | F50: 39,7 | G50: CEAPC | H50: 43 937327 | I50: =IF(E50="H",IF(F50<15.5,"H1",IF(F50<24.5,"H2","H3")),IF(E50="F",IF(F50<24.5,"F1","F2"),"")) -> H3
A51: GUIMARAES | B51: Carlos | C51: =A51&" "&B51 -> GUIMARAES Carlos | D51: S | E51: H | F51: 12,1 | G51: CEAPC | H51: 45534171 | I51: =IF(E51="H",IF(F51<15.5,"H1",IF(F51<24.5,"H2","H3")),IF(E51="F",IF(F51<24.5,"F1","F2"),"")) -> H3
A52: LACROUTS | B52: Pierre | C52: =A52&" "&B52 -> LACROUTS Pierre | D52: S | E52: H | F52: 20 | G52: CEAPC | H52: 536018103 | I52: =IF(E52="H",IF(F52<15.5,"H1",IF(F52<24.5,"H2","H3")),IF(E52="F",IF(F52<24.5,"F1","F2"),"")) -> H3
A53: LUCQ | B53: Laurent | C53: =A53&" "&B53 -> LUCQ Laurent | D53: E | E53: H | F53: 19 | G53: CEBFC | H53: 48143143 | I53: =IF(E53="H",IF(F53<15.5,"H1",IF(F53<24.5,"H2","H3")),IF(E53="F",IF(F53<24.5,"F1","F2"),"")) -> H2
A54: BURSON | B54: Didier | C54: =A54&" "&B54 -> BURSON Didier | D54: S | E54: H | F54: 41,6 2026 | G54: CEBFC | H54: 546096359 | I54: =IF(E54="H",IF(F54<15.5,"H1",IF(F54<24.5,"H2","H3")),IF(E54="F",IF(F54<24.5,"F1","F2"),"")) -> H3
A55: CHAMOUTON | B55: Patrick | C55: =A55&" "&B55 -> CHAMOUTON Patrick | D55: S | E55: H | F55: 37 | G55: CEBFC | H55: 533662190 | I55: =IF(E55="H",IF(F55<15.5,"H1",IF(F55<24.5,"H2","H3")),IF(E55="F",IF(F55<24.5,"F1","F2"),"")) -> H3
A56: TARDY | B56: Yanne | C56: =A56&" "&B56 -> TARDY Yanne | D56: S | E56: H | F56: 30,3 2026 | G56: CEBFC | H56: 525919240 | I56: =IF(E56="H",IF(F56<15.5,"H1",IF(F56<24.5,"H2","H3")),IF(E56="F",IF(F56<24.5,"F1","F2"),"")) -> H3
A57: PETIOT | B57: Jérôme | C57: =A57&" "&B57 -> PETIOT Jérôme | D57: S | E57: H | F57: 25.4 | G57: CEBFC | H57: 535805193 | I57: =IF(E57="H",IF(F57<15.5,"H1",IF(F57<24.5,"H2","H3")),IF(E57="F",IF(F57<24.5,"F1","F2"),"")) -> H3
A58: BATAILLE | B58: Philippe | C58: =A58&" "&B58 -> BATAILLE Philippe | D58: S | E58: H | F58: 19.3 | G58: CEBPL | H58: 48652194 | I58: =IF(E58="H",IF(F58<15.5,"H1",IF(F58<24.5,"H2","H3")),IF(E58="F",IF(F58<24.5,"F1","F2"),"")) -> H2
A59: MOUNIER | B59: Frédéric | C59: =A59&" "&B59 -> MOUNIER Frédéric | D59: S | E59: H | F59: 15.3 | G59: CEBPL | H59: 510679233 | I59: =IF(E59="H",IF(F59<15.5,"H1",IF(F59<24.5,"H2","H3")),IF(E59="F",IF(F59<24.5,"F1","F2"),"")) -> H1
A60: PAUGAM | B60: Sophie | C60: =A60&" "&B60 -> PAUGAM Sophie | D60: S | E60: F | F60: 41.7 | G60: CEBPL | H60: 42327206 | I60: =IF(E60="H",IF(F60<15.5,"H1",IF(F60<24.5,"H2","H3")),IF(E60="F",IF(F60<24.5,"F1","F2"),"")) -> F2
A61: PAUGAM | B61: Loic | C61: =A61&" "&B61 -> PAUGAM Loic | D61: S | E61: H | F61: 27.2 | G61: CEBPL | H61: 513245099 | I61: =IF(E61="H",IF(F61<15.5,"H1",IF(F61<24.5,"H2","H3")),IF(E61="F",IF(F61<24.5,"F1","F2"),"")) -> H3
A62: PRAUD | B62: Michel | C62: =A62&" "&B62 -> PRAUD Michel | D62: S | E62: H | F62: 39.6 | G62: CEBPL | H62: 43057034 | I62: =IF(E62="H",IF(F62<15.5,"H1",IF(F62<24.5,"H2","H3")),IF(E62="F",IF(F62<24.5,"F1","F2"),"")) -> H3
A63: MONOT | B63: Pierre | C63: =A63&" "&B63 -> MONOT Pierre | D63: S | E63: H | F63: 17.9 | G63: CEBPL | H63: 529325357 | I63: =IF(E63="H",IF(F63<15.5,"H1",IF(F63<24.5,"H2","H3")),IF(E63="F",IF(F63<24.5,"F1","F2"),"")) -> H2
A64: BARTHELEMI | B64: Philippe | C64: =A64&" "&B64 -> BARTHELEMI Philippe | D64: S | E64: H | F64: 43.1 | G64: CEGC | H64: 517273355 | I64: =IF(E64="H",IF(F64<15.5,"H1",IF(F64<24.5,"H2","H3")),IF(E64="F",IF(F64<24.5,"F1","F2"),"")) -> H3
A65: DENE | B65: Gilles | C65: =A65&" "&B65 -> DENE Gilles | D65: S | E65: H | F65: 32.1 | G65: CEGC | H65: 547828182 | I65: =IF(E65="H",IF(F65<15.5,"H1",IF(F65<24.5,"H2","H3")),IF(E65="F",IF(F65<24.5,"F1","F2"),"")) -> H3
A66: DAGUIER | B66: Robin | C66: =A66&" "&B66 -> DAGUIER Robin | D66: S | E66: H | F66: 33 | G66: CEGC | H66: 547412200 | I66: =IF(E66="H",IF(F66<15.5,"H1",IF(F66<24.5,"H2","H3")),IF(E66="F",IF(F66<24.5,"F1","F2"),"")) -> H3
A67: MARINIER | B67: FREDERIC | C67: =A67&" "&B67 -> MARINIER FREDERIC | D67: S | E67: H | F67: 11 | G67: CELC | H67: 041196082 | I67: =IF(E67="H",IF(F67<15.5,"H1",IF(F67<24.5,"H2","H3")),IF(E67="F",IF(F67<24.5,"F1","F2"),"")) -> H3
A68: DEPARDIEU | B68: FRANCK | C68: =A68&" "&B68 -> DEPARDIEU FRANCK | D68: S | E68: H | F68: 10,2 | G68: CELC | H68: 041120081 | I68: =IF(E68="H",IF(F68<15.5,"H1",IF(F68<24.5,"H2","H3")),IF(E68="F",IF(F68<24.5,"F1","F2"),"")) -> H3
A69: DEPARDIEU | B69: LINDA | C69: =A69&" "&B69 -> DEPARDIEU LINDA | D69: S | E69: F | F69: 23,7 | G69: CELC | H69: 528226297 | I69: =IF(E69="H",IF(F69<15.5,"H1",IF(F69<24.5,"H2","H3")),IF(E69="F",IF(F69<24.5,"F1","F2"),"")) -> F2
A70: BRIGNON | B70: MICHEL | C70: =A70&" "&B70 -> BRIGNON MICHEL | D70: S | E70: H | F70: 20,4 | G70: CELC | H70: 515715265 | I70: =IF(E70="H",IF(F70<15.5,"H1",IF(F70<24.5,"H2","H3")),IF(E70="F",IF(F70<24.5,"F1","F2"),"")) -> H3
A71: MOREL | B71: PHILIPPE | C71: =A71&" "&B71 -> MOREL PHILIPPE | D71: S | E71: H | F71: 24 | G71: CELC | H71: 047321336 | I71: =IF(E71="H",IF(F71<15.5,"H1",IF(F71<24.5,"H2","H3")),IF(E71="F",IF(F71<24.5,"F1","F2"),"")) -> H2
A72: AUBRY | B72: MARC | C72: =A72&" "&B72 -> AUBRY MARC | D72: S | E72: H | F72: 20.2 | G72: CELC | H72: 510880336 | I72: =IF(E72="H",IF(F72<15.5,"H1",IF(F72<24.5,"H2","H3")),IF(E72="F",IF(F72<24.5,"F1","F2"),"")) -> H2
A73: BOURSIER | B73: ANTHONY | C73: =A73&" "&B73 -> BOURSIER ANTHONY | D73: S | E73: H | F73: 21,2 | G73: CELC | H73: 547840202 | I73: =IF(E73="H",IF(F73<15.5,"H1",IF(F73<24.5,"H2","H3")),IF(E73="F",IF(F73<24.5,"F1","F2"),"")) -> H3
A74: IGUAL | B74: CHRISTIAN | C74: =A74&" "&B74 -> IGUAL CHRISTIAN | D74: S | E74: H | F74: 30,7 | G74: CELC | H74: 45075258 | I74: =IF(E74="H",IF(F74<15.5,"H1",IF(F74<24.5,"H2","H3")),IF(E74="F",IF(F74<24.5,"F1","F2"),"")) -> H3
A75: ROUGER | B75: ISABELLE | C75: =A75&" "&B75 -> ROUGER ISABELLE | D75: S | E75: F | F75: 25,3 | G75: CELC | H75: 530563061 | I75: =IF(E75="H",IF(F75<15.5,"H1",IF(F75<24.5,"H2","H3")),IF(E75="F",IF(F75<24.5,"F1","F2"),"")) -> F2
A76: DESMARAIS | B76: CATHERINE | C76: =A76&" "&B76 -> DESMARAIS CATHERINE | D76: S | E76: F | F76: 16 | G76: CEN | H76: 46233087 | I76: =IF(E76="H",IF(F76<15.5,"H1",IF(F76<24.5,"H2","H3")),IF(E76="F",IF(F76<24.5,"F1","F2"),"")) -> F2
A77: CHIFFARD | B77: YVES | C77: =A77&" "&B77 -> CHIFFARD YVES | D77: E | E77: H | F77: 20,9 | G77: CEN | H77: 530666192 | I77: =IF(E77="H",IF(F77<15.5,"H1",IF(F77<24.5,"H2","H3")),IF(E77="F",IF(F77<24.5,"F1","F2"),"")) -> H3
A78: LIGOUGNE | B78: JEAN CHRISTOPHE | C78: =A78&" "&B78 -> LIGOUGNE JEAN CHRISTOPHE | D78: S | E78: H | F78: 16,2 | G78: CEN | H78: 520895203 | I78: =IF(E78="H",IF(F78<15.5,"H1",IF(F78<24.5,"H2","H3")),IF(E78="F",IF(F78<24.5,"F1","F2"),"")) -> H3
A79: CRIERE | B79: FREDERIC | C79: =A79&" "&B79 -> CRIERE FREDERIC | D79: S | E79: H | F79: 18,7 | G79: CEN | H79: 512431291 | I79: =IF(E79="H",IF(F79<15.5,"H1",IF(F79<24.5,"H2","H3")),IF(E79="F",IF(F79<24.5,"F1","F2"),"")) -> H3
A80: VARCHON | B80: CHRISTINE | C80: =A80&" "&B80 -> VARCHON CHRISTINE | D80: S | E80: F | F80: 26,2 | G80: CEN | H80: 512067293 | I80: =IF(E80="H",IF(F80<15.5,"H1",IF(F80<24.5,"H2","H3")),IF(E80="F",IF(F80<24.5,"F1","F2"),"")) -> F2
A81: MEULEMAN | B81: DAVID | C81: =A81&" "&B81 -> MEULEMAN DAVID | D81: S | E81: H | F81: 12,8 | G81: CEN | H81: 516537241 | I81: =IF(E81="H",IF(F81<15.5,"H1",IF(F81<24.5,"H2","H3")),IF(E81="F",IF(F81<24.5,"F1","F2"),"")) -> H3
A82: ADOLPHE | B82: DENIS | C82: =A82&" "&B82 -> ADOLPHE DENIS | D82: S | E82: H | F82: 18,3 | G82: CEN | H82: 515798195 | I82: =IF(E82="H",IF(F82<15.5,"H1",IF(F82<24.5,"H2","H3")),IF(E82="F",IF(F82<24.5,"F1","F2"),"")) -> H3
A83: RENAULT | B83: PATRICE | C83: =A83&" "&B83 -> RENAULT PATRICE | D83: S | E83: H | F83: 24,1 2026 | G83: CEN | H83: 538495219 | I83: =IF(E83="H",IF(F83<15.5,"H1",IF(F83<24.5,"H2","H3")),IF(E83="F",IF(F83<24.5,"F1","F2"),"")) -> H3
A84: DI GIANNI | B84: MURIEL | C84: =A84&" "&B84 -> DI GIANNI MURIEL | D84: S | E84: F | F84: 13.1 | G84: BPCE SI | H84: 042600256 | I84: =IF(E84="H",IF(F84<15.5,"H1",IF(F84<24.5,"H2","H3")),IF(E84="F",IF(F84<24.5,"F1","F2"),"")) -> F1
A85: COUDEVILLE | B85: THIBAULT | C85: =A85&" "&B85 -> COUDEVILLE THIBAULT | D85: E | E85: H | F85: 16.7 | G85: BPCE SI | H85: 520873138 | I85: =IF(E85="H",IF(F85<15.5,"H1",IF(F85<24.5,"H2","H3")),IF(E85="F",IF(F85<24.5,"F1","F2"),"")) -> H2
A86: MATTEI | B86: VERONIQUE | C86: =A86&" "&B86 -> MATTEI VERONIQUE | D86: S | E86: F | F86: 36.4 | G86: BPCE SI | H86: 045448132 | I86: =IF(E86="H",IF(F86<15.5,"H1",IF(F86<24.5,"H2","H3")),IF(E86="F",IF(F86<24.5,"F1","F2"),"")) -> F2
A87: HERLIN | B87: KEVIN | C87: =A87&" "&B87 -> HERLIN KEVIN | D87: S | E87: H | F87: 26 | G87: BPCE SI | H87: 520163379 | I87: =IF(E87="H",IF(F87<15.5,"H1",IF(F87<24.5,"H2","H3")),IF(E87="F",IF(F87<24.5,"F1","F2"),"")) -> H3
A88: LAURENT | B88: JEAN-MARC | C88: =A88&" "&B88 -> LAURENT JEAN-MARC | D88: S | E88: H | F88: 12.2 | G88: BPCE SI | H88: 542201090 | I88: =IF(E88="H",IF(F88<15.5,"H1",IF(F88<24.5,"H2","H3")),IF(E88="F",IF(F88<24.5,"F1","F2"),"")) -> H1
A89: PENIN | B89: Nicolas | C89: =A89&" "&B89 -> PENIN Nicolas | D89: S | E89: H | F89: 27.8 | G89: BPCE SI | H89: 531464238 | I89: =IF(E89="H",IF(F89<15.5,"H1",IF(F89<24.5,"H2","H3")),IF(E89="F",IF(F89<24.5,"F1","F2"),"")) -> H3
A90: ROLLAND | B90: Gautier | C90: =A90&" "&B90 -> ROLLAND Gautier | D90: S | E90: H | F90: 22.5 | G90: CEGEE | H90: 528886226 | I90: =IF(E90="H",IF(F90<15.5,"H1",IF(F90<24.5,"H2","H3")),IF(E90="F",IF(F90<24.5,"F1","F2"),"")) -> H2
A91: BENOIT | B91: Christine | C91: =A91&" "&B91 -> BENOIT Christine | D91: S | E91: F | F91: 40 | G91: CEGEE | H91: 522770334 | I91: =IF(E91="H",IF(F91<15.5,"H1",IF(F91<24.5,"H2","H3")),IF(E91="F",IF(F91<24.5,"F1","F2"),"")) -> F2
A92: LESIEUR | B92: Anne Valérie | C92: =A92&" "&B92 -> LESIEUR Anne Valérie | D92: S | E92: F | F92: 33.7 | G92: CEGEE | H92: 47148251 | I92: =IF(E92="H",IF(F92<15.5,"H1",IF(F92<24.5,"H2","H3")),IF(E92="F",IF(F92<24.5,"F1","F2"),"")) -> F2
A93: LOYER | B93: Vincent | C93: =A93&" "&B93 -> LOYER Vincent | D93: S | E93: H | F93: 12.2 | G93: CEGEE | H93: 513082292 | I93: =IF(E93="H",IF(F93<15.5,"H1",IF(F93<24.5,"H2","H3")),IF(E93="F",IF(F93<24.5,"F1","F2"),"")) -> H1
A94: ZAHM | B94: François | C94: =A94&" "&B94 -> ZAHM François | D94: S | E94: H | F94: 20.1 | G94: CEGEE | H94: 521625314 | I94: =IF(E94="H",IF(F94<15.5,"H1",IF(F94<24.5,"H2","H3")),IF(E94="F",IF(F94<24.5,"F1","F2"),"")) -> H2
A95: NICOLAS | B95: Alain | C95: =A95&" "&B95 -> NICOLAS Alain | D95: S | E95: H | F95: 25,4 c | G95: CEGEE | H95: 522005321 | I95: =IF(E95="H",IF(F95<15.5,"H1",IF(F95<24.5,"H2","H3")),IF(E95="F",IF(F95<24.5,"F1","F2"),"")) -> H3
A96: JOBERT | B96: Dominique | C96: =A96&" "&B96 -> JOBERT Dominique | D96: S | E96: H | F96: 31.1 | G96: CEGEE | H96: 517532342 | I96: =IF(E96="H",IF(F96<15.5,"H1",IF(F96<24.5,"H2","H3")),IF(E96="F",IF(F96<24.5,"F1","F2"),"")) -> H3
A97: LUTTMANN | B97: Emmanuel | C97: =A97&" "&B97 -> LUTTMANN Emmanuel | D97: S | E97: H | F97: 25.1 | G97: CEGEE | H97: 542250199 | I97: =IF(E97="H",IF(F97<15.5,"H1",IF(F97<24.5,"H2","H3")),IF(E97="F",IF(F97<24.5,"F1","F2"),"")) -> H3
A98: LESIEUR | B98: Philippe | C98: =A98&" "&B98 -> LESIEUR Philippe | D98: S | E98: H | F98: 35.6 | G98: CEGEE | H98: 520578047 | I98: =IF(E98="H",IF(F98<15.5,"H1",IF(F98<24.5,"H2","H3")),IF(E98="F",IF(F98<24.5,"F1","F2"),"")) -> H3
A99: MAGI | B99: MICHEL | C99: =A99&" "&B99 -> MAGI MICHEL | D99: S | E99: H | F99: 23.3 | G99: CEGEE | H99: 517331354 | I99: =IF(E99="H",IF(F99<15.5,"H1",IF(F99<24.5,"H2","H3")),IF(E99="F",IF(F99<24.5,"F1","F2"),"")) -> H2
A100: LAMOUR | B100: Eric | C100: =A100&" "&B100 -> LAMOUR Eric | D100: S | E100: H | F100: 15 | G100: PALATINE | H100: 44214097 | I100: =IF(E100="H",IF(F100<15.5,"H1",IF(F100<24.5,"H2","H3")),IF(E100="F",IF(F100<24.5,"F1","F2"),"")) -> H1
A101: GAMBILLO | B101: Franco | C101: =A101&" "&B101 -> GAMBILLO Franco | D101: S | E101: H | F101: 19.2 | G101: PALATINE | H101: 521918187 | I101: =IF(E101="H",IF(F101<15.5,"H1",IF(F101<24.5,"H2","H3")),IF(E101="F",IF(F101<24.5,"F1","F2"),"")) -> H2
A102: CAILLAT | B102: Pierre Yves | C102: =A102&" "&B102 -> CAILLAT Pierre Yves | D102: S | E102: H | F102: 35.2 | G102: PALATINE | H102: 217085 | I102: =IF(E102="H",IF(F102<15.5,"H1",IF(F102<24.5,"H2","H3")),IF(E102="F",IF(F102<24.5,"F1","F2"),"")) -> H3
A103: CORDIER | B103: Matthieu | C103: =A103&" "&B103 -> CORDIER Matthieu | D103: S | E103: H | F103: 4.2 | G103: PALATINE | H103: 43346122 | I103: =IF(E103="H",IF(F103<15.5,"H1",IF(F103<24.5,"H2","H3")),IF(E103="F",IF(F103<24.5,"F1","F2"),"")) -> H1
A104: POULALION | B104: Fabrice | C104: =A104&" "&B104 -> POULALION Fabrice | D104: S | E104: H | F104: 16 | G104: PALATINE | H104: 522013330 | I104: =IF(E104="H",IF(F104<15.5,"H1",IF(F104<24.5,"H2","H3")),IF(E104="F",IF(F104<24.5,"F1","F2"),"")) -> H2
A105: TARGA | B105: Stéphane | C105: =A105&" "&B105 -> TARGA Stéphane | D105: S | E105: H | F105: 18,5 2026 | G105: PALATINE | H105: 536142175 | I105: =IF(E105="H",IF(F105<15.5,"H1",IF(F105<24.5,"H2","H3")),IF(E105="F",IF(F105<24.5,"F1","F2"),"")) -> H3
A106: MARTY | B106: CHRISTIAN | C106: =A106&" "&B106 -> MARTY CHRISTIAN | D106: S | E106: H | F106: 13 | G106: BPAURA | H106: 513007140 | I106: =IF(E106="H",IF(F106<15.5,"H1",IF(F106<24.5,"H2","H3")),IF(E106="F",IF(F106<24.5,"F1","F2"),"")) -> H1
A107: ASTIER | B107: DOMINIQUE | C107: =A107&" "&B107 -> ASTIER DOMINIQUE | D107: S | E107: H | F107: 24.1 | G107: BPAURA | H107: 47116117 | I107: =IF(E107="H",IF(F107<15.5,"H1",IF(F107<24.5,"H2","H3")),IF(E107="F",IF(F107<24.5,"F1","F2"),"")) -> H2
A108: GEA | B108: BERNARD | C108: =A108&" "&B108 -> GEA BERNARD | D108: S | E108: H | F108: 27.7 | G108: BPAURA | H108: 522458066 | I108: =IF(E108="H",IF(F108<15.5,"H1",IF(F108<24.5,"H2","H3")),IF(E108="F",IF(F108<24.5,"F1","F2"),"")) -> H3
A109: CARRETERO | B109: CYRIL | C109: =A109&" "&B109 -> CARRETERO CYRIL | D109: S | E109: H | F109: 49.4 | G109: BPAURA | H109: 49097216 | I109: =IF(E109="H",IF(F109<15.5,"H1",IF(F109<24.5,"H2","H3")),IF(E109="F",IF(F109<24.5,"F1","F2"),"")) -> H3
...

Sheet joueurs  
A1: Nom | B1: Prénom | C1: Joueurs | D1: Statut | E1: Sexe | F1: index | G1: Entité | H1: Licence FFG | I1: série
A2: ADAM | B2: HUBERT | C2: =A2&" "&B2 -> ADAM HUBERT | D2: S | E2: H | F2: 29.4 | G2: CEHDF | H2: 540498177 | I2: =IF(E2="H",IF(F2<15.5,"H1",IF(F2<24.5,"H2","H3")),IF(E2="F",IF(F2<24.5,"F1","F2"),"")) -> H3
A3: ALAMICHEL | B3: Valérie | C3: =A3&" "&B3 -> ALAMICHEL Valérie | D3: E | E3: F | F3: 34.1 | G3: BPCE SA | H3: 522832259 | I3: =IF(E3="H",IF(F3<15.5,"H1",IF(F3<24.5,"H2","H3")),IF(E3="F",IF(F3<24.5,"F1","F2"),"")) -> F2
A4: ALLAIN | B4: LOIC | C4: =A4&" "&B4 -> ALLAIN LOIC | D4: S | E4: H | F4: 32.6 | G4: BPBFC | H4: 527813190 | I4: =IF(E4="H",IF(F4<15.5,"H1",IF(F4<24.5,"H2","H3")),IF(E4="F",IF(F4<24.5,"F1","F2"),"")) -> H3
A5: ANDURAND | B5: Jérôme | C5: =A5&" "&B5 -> ANDURAND Jérôme | D5: S | E5: H | F5: 15.4 | G5: CEAPC | H5: 514507116 | I5: =IF(E5="H",IF(F5<15.5,"H1",IF(F5<24.5,"H2","H3")),IF(E5="F",IF(F5<24.5,"F1","F2"),"")) -> H1
A6: ASTIER | B6: DOMINIQUE | C6: =A6&" "&B6 -> ASTIER DOMINIQUE | D6: S | E6: H | F6: 24.6 | G6: BPAURA | H6: 47116117 | I6: =IF(E6="H",IF(F6<15.5,"H1",IF(F6<24.5,"H2","H3")),IF(E6="F",IF(F6<24.5,"F1","F2"),"")) -> H3
A7: AUBRY | B7: MARC | C7: =A7&" "&B7 -> AUBRY MARC | D7: S | E7: H | F7: 20.2 | G7: CELC | H7: 510880336 | I7: =IF(E7="H",IF(F7<15.5,"H1",IF(F7<24.5,"H2","H3")),IF(E7="F",IF(F7<24.5,"F1","F2"),"")) -> H2
A8: AYMARD | B8: FREDERIC | C8: =A8&" "&B8 -> AYMARD FREDERIC | D8: S | E8: H | F8: 16.5 | G8: BPOC | H8: 526237207 | I8: =IF(E8="H",IF(F8<15.5,"H1",IF(F8<24.5,"H2","H3")),IF(E8="F",IF(F8<24.5,"F1","F2"),"")) -> H2 | K8: saisir les index à jour du mardi précédent l'événement,
A9: BACHELARD | B9: Sébastien | C9: =A9&" "&B9 -> BACHELARD Sébastien | D9: S | E9: H | F9: 9.4 | G9: BPCE IT | H9: 543699178 | I9: =IF(E9="H",IF(F9<15.5,"H1",IF(F9<24.5,"H2","H3")),IF(E9="F",IF(F9<24.5,"F1","F2"),"")) -> H1 | K9: dans la colonne F, soit le mardi 8 septembre.
A10: BARROT | B10: MICHEL | C10: =A10&" "&B10 -> BARROT MICHEL | D10: S | E10: H | F10: 18.5 | G10: NATIXIS | H10: 520164109 | I10: =IF(E10="H",IF(F10<15.5,"H1",IF(F10<24.5,"H2","H3")),IF(E10="F",IF(F10<24.5,"F1","F2"),"")) -> H2
A11: BARTHELEMI | B11: Philippe | C11: =A11&" "&B11 -> BARTHELEMI Philippe | D11: S | E11: H | F11: 43.1 | G11: CEGC | H11: 517273355 | I11: =IF(E11="H",IF(F11<15.5,"H1",IF(F11<24.5,"H2","H3")),IF(E11="F",IF(F11<24.5,"F1","F2"),"")) -> H3 | K11: maj 30/08 sur index " frontiére"
A12: BATAILLE | B12: Philippe | C12: =A12&" "&B12 -> BATAILLE Philippe | D12: S | E12: H | F12: 19.3 | G12: CEBPL | H12: 48652194 | I12: =IF(E12="H",IF(F12<15.5,"H1",IF(F12<24.5,"H2","H3")),IF(E12="F",IF(F12<24.5,"F1","F2"),"")) -> H2
A13: BAUDIN | B13: Anne | C13: =A13&" "&B13 -> BAUDIN Anne | D13: S | E13: F | F13: 11.2 | G13: CEIDF | H13: O45 762 186 | I13: =IF(E13="H",IF(F13<15.5,"H1",IF(F13<24.5,"H2","H3")),IF(E13="F",IF(F13<24.5,"F1","F2"),"")) -> F1 | K13: Attention forfait
A14: BAUDIN | B14: Gilles | C14: =A14&" "&B14 -> BAUDIN Gilles | D14: E | E14: H | F14: 15.6 | G14: CEIDF | H14: 543819163 | I14: =IF(E14="H",IF(F14<15.5,"H1",IF(F14<24.5,"H2","H3")),IF(E14="F",IF(F14<24.5,"F1","F2"),"")) -> H2 | K14: VARCHON Christine
A15: BEAUDOUIN | B15: ROMAIN | C15: =A15&" "&B15 -> BEAUDOUIN ROMAIN | D15: S | E15: H | F15: 17.5 | G15: NATIXIS | H15: 542293250 | I15: =IF(E15="H",IF(F15<15.5,"H1",IF(F15<24.5,"H2","H3")),IF(E15="F",IF(F15<24.5,"F1","F2"),"")) -> H2 | K15: CARRETERO Cyril | M15: 46252
A16: BENASSI | B16: Thibaud | C16: =A16&" "&B16 -> BENASSI Thibaud | D16: E | E16: H | F16: 46 | G16: sponsor | H16: 510707363 | I16: =IF(E16="H",IF(F16<15.5,"H1",IF(F16<24.5,"H2","H3")),IF(E16="F",IF(F16<24.5,"F1","F2"),"")) -> H3 | K16: TARGA Stephane | M16: 46264
A17: BENOIT | B17: Christine | C17: =A17&" "&B17 -> BENOIT Christine | D17: S | E17: F | F17: 40 | G17: CEGEE | H17: 522770334 | I17: =IF(E17="H",IF(F17<15.5,"H1",IF(F17<24.5,"H2","H3")),IF(E17="F",IF(F17<24.5,"F1","F2"),"")) -> F2 | K17: NEAU Valentin | M17: 46265
A18: BERTON | B18: Nicolas | C18: =A18&" "&B18 -> BERTON Nicolas | D18: S | E18: H | F18: 11.4 | G18: BPALC | H18: 539465204 | I18: =IF(E18="H",IF(F18<15.5,"H1",IF(F18<24.5,"H2","H3")),IF(E18="F",IF(F18<24.5,"F1","F2"),"")) -> H1 | K18: MONTOUT fabrice | M18: 46265
A19: BEUVELOT | B19: Gaël | C19: =A19&" "&B19 -> BEUVELOT Gaël | D19: S | E19: H | F19: 11.9 | G19: CEAPC | H19: 533283215 | I19: =IF(E19="H",IF(F19<15.5,"H1",IF(F19<24.5,"H2","H3")),IF(E19="F",IF(F19<24.5,"F1","F2"),"")) -> H1 | K19: FERRANDON Agnés | M19: 46268 | N19: présent | O19: F1
A20: BOUDON | B20: PIERRE | C20: =A20&" "&B20 -> BOUDON PIERRE | D20: S | E20: H | F20: 13 | G20: NATIXIS | H20: 43937161 | I20: =IF(E20="H",IF(F20<15.5,"H1",IF(F20<24.5,"H2","H3")),IF(E20="F",IF(F20<24.5,"F1","F2"),"")) -> H1 | K20: SIMONIN Marie-Claire | M20: 46272
A21: BOULDOIRES | B21: Bertrand | C21: =A21&" "&B21 -> BOULDOIRES Bertrand | D21: S | E21: H | F21: 7 | G21: CEAPC | H21: 52 541 21 26 | I21: =IF(E21="H",IF(F21<15.5,"H1",IF(F21<24.5,"H2","H3")),IF(E21="F",IF(F21<24.5,"F1","F2"),"")) -> H1 | K21: SIMONIN Patrick | M21: 46272
A22: BOURSIER | B22: ANTHONY | C22: =A22&" "&B22 -> BOURSIER ANTHONY | D22: S | E22: H | F22: 21.2 | G22: CELC | H22: 547840202 | I22: =IF(E22="H",IF(F22<15.5,"H1",IF(F22<24.5,"H2","H3")),IF(E22="F",IF(F22<24.5,"F1","F2"),"")) -> H2 | K22: CHIFFARD Yves | M22: 46272 | N22: présent | O22: H2
A23: BOUSSELET | B23: Bertrand | C23: =A23&" "&B23 -> BOUSSELET Bertrand | D23: S | E23: H | F23: 15.5 | G23: CEIDF | H23: 3837290 | I23: =IF(E23="H",IF(F23<15.5,"H1",IF(F23<24.5,"H2","H3")),IF(E23="F",IF(F23<24.5,"F1","F2"),"")) -> H2 | K23: SOUBIRON Béatrice | M23: 46273
A24: BRIGNON | B24: MICHEL | C24: =A24&" "&B24 -> BRIGNON MICHEL | D24: S | E24: H | F24: 20.4 | G24: CELC | H24: 515715265 | I24: =IF(E24="H",IF(F24<15.5,"H1",IF(F24<24.5,"H2","H3")),IF(E24="F",IF(F24<24.5,"F1","F2"),"")) -> H2 | K24: LESIEUR Anne-Valérie | M24: 46273
A25: BRKIC | B25: Alexandre | C25: =A25&" "&B25 -> BRKIC Alexandre | D25: S | E25: H | F25: 19 | G25: CEIDF | H25: 48647147 | I25: =IF(E25="H",IF(F25<15.5,"H1",IF(F25<24.5,"H2","H3")),IF(E25="F",IF(F25<24.5,"F1","F2"),"")) -> H2 | K25: LESIEUR Philippe | M25: 46273
A26: BURSON | B26: Didier | C26: =A26&" "&B26 -> BURSON Didier | D26: S | E26: H | F26: 41.6 | G26: CEBFC | H26: 546096359 | I26: =IF(E26="H",IF(F26<15.5,"H1",IF(F26<24.5,"H2","H3")),IF(E26="F",IF(F26<24.5,"F1","F2"),"")) -> H3
A27: CAILLAT | B27: Pierre Yves | C27: =A27&" "&B27 -> CAILLAT Pierre Yves | D27: S | E27: H | F27: 24.3 | G27: PALATINE | H27: 217085 | I27: =IF(E27="H",IF(F27<15.5,"H1",IF(F27<24.5,"H2","H3")),IF(E27="F",IF(F27<24.5,"F1","F2"),"")) -> H2
A28: CHAMOUTON | B28: Patrick | C28: =A28&" "&B28 -> CHAMOUTON Patrick | D28: S | E28: H | F28: 37 | G28: CEBFC | H28: 533662190 | I28: =IF(E28="H",IF(F28<15.5,"H1",IF(F28<24.5,"H2","H3")),IF(E28="F",IF(F28<24.5,"F1","F2"),"")) -> H3
A29: CHENOUNA | B29: Rachel | C29: =A29&" "&B29 -> CHENOUNA Rachel | D29: S | E29: F | F29: 40.4 | G29: CEIDF | H29: 42104315 | I29: =IF(E29="H",IF(F29<15.5,"H1",IF(F29<24.5,"H2","H3")),IF(E29="F",IF(F29<24.5,"F1","F2"),"")) -> F2 | K29: PIERRON Clément | N29: présent | O29: avec H1
A30: CHENOUNA | B30: Djilali | C30: =A30&" "&B30 -> CHENOUNA Djilali | D30: E | E30: H | F30: 21.4 | G30: CEIDF | H30: 42075243 | I30: =IF(E30="H",IF(F30<15.5,"H1",IF(F30<24.5,"H2","H3")),IF(E30="F",IF(F30<24.5,"F1","F2"),"")) -> H2 | K30: LEROYER Patrick | M30: 46220
A31: CHUSSEAU | B31: Cedric | C31: =A31&" "&B31 -> CHUSSEAU Cedric | D31: S | E31: H | F31: 21.6 | G31: CEIDF | H31: 42078247 | I31: =IF(E31="H",IF(F31<15.5,"H1",IF(F31<24.5,"H2","H3")),IF(E31="F",IF(F31<24.5,"F1","F2"),"")) -> H2
A32: CIRENI | B32: Maria-Grazia | C32: =A32&" "&B32 -> CIRENI Maria-Grazia | D32: E | E32: F | F32: 38 | G32: CEIDF | H32: 41775191 | I32: =IF(E32="H",IF(F32<15.5,"H1",IF(F32<24.5,"H2","H3")),IF(E32="F",IF(F32<24.5,"F1","F2"),"")) -> F2
A33: COLL | B33: Marlène | C33: =A33&" "&B33 -> COLL Marlène | D33: S | E33: F | F33: 35.7 | G33: CEAPC | H33: 41992290 | I33: =IF(E33="H",IF(F33<15.5,"H1",IF(F33<24.5,"H2","H3")),IF(E33="F",IF(F33<24.5,"F1","F2"),"")) -> F2
A34: CORDIER | B34: Matthieu | C34: =A34&" "&B34 -> CORDIER Matthieu | D34: S | E34: H | F34: 3.2 | G34: PALATINE | H34: 43346122 | I34: =IF(E34="H",IF(F34<15.5,"H1",IF(F34<24.5,"H2","H3")),IF(E34="F",IF(F34<24.5,"F1","F2"),"")) -> H1
A35: CORMIER | B35: Brice | C35: =A35&" "&B35 -> CORMIER Brice | D35: S | E35: H | F35: 20.3 | G35: BPCE SA | H35: 522833258 | I35: =IF(E35="H",IF(F35<15.5,"H1",IF(F35<24.5,"H2","H3")),IF(E35="F",IF(F35<24.5,"F1","F2"),"")) -> H2
A36: COSTA | B36: Eduardo | C36: =A36&" "&B36 -> COSTA Eduardo | D36: E | E36: H | F36: 24.8 | G36: CEIDF | H36: 534369194 | I36: =IF(E36="H",IF(F36<15.5,"H1",IF(F36<24.5,"H2","H3")),IF(E36="F",IF(F36<24.5,"F1","F2"),"")) -> H3
A37: COUDEVILLE | B37: THIBAUT | C37: =A37&" "&B37 -> COUDEVILLE THIBAUT | D37: E | E37: H | F37: 16.5 | G37: BPCE SI | H37: 520873138 | I37: =IF(E37="H",IF(F37<15.5,"H1",IF(F37<24.5,"H2","H3")),IF(E37="F",IF(F37<24.5,"F1","F2"),"")) -> H2
A38: COUTURIER | B38: Bénédicte | C38: =A38&" "&B38 -> COUTURIER Bénédicte | D38: S | E38: F | F38: 38.5 | G38: CEAPC | H38: 544388225 | I38: =IF(E38="H",IF(F38<15.5,"H1",IF(F38<24.5,"H2","H3")),IF(E38="F",IF(F38<24.5,"F1","F2"),"")) -> F2
A39: CRIERE | B39: FREDERIC | C39: =A39&" "&B39 -> CRIERE FREDERIC | D39: S | E39: H | F39: 16.9 | G39: CEN | H39: 512431291 | I39: =IF(E39="H",IF(F39<15.5,"H1",IF(F39<24.5,"H2","H3")),IF(E39="F",IF(F39<24.5,"F1","F2"),"")) -> H2
A40: DA COSTA | B40: Daniel | C40: =A40&" "&B40 -> DA COSTA Daniel | D40: S | E40: H | F40: 22.6 | G40: CEIDF | H40: 3545300 | I40: =IF(E40="H",IF(F40<15.5,"H1",IF(F40<24.5,"H2","H3")),IF(E40="F",IF(F40<24.5,"F1","F2"),"")) -> H2
A41: DAGUIER | B41: Robin | C41: =A41&" "&B41 -> DAGUIER Robin | D41: S | E41: H | F41: 33 | G41: CEGC | H41: 547412200 | I41: =IF(E41="H",IF(F41<15.5,"H1",IF(F41<24.5,"H2","H3")),IF(E41="F",IF(F41<24.5,"F1","F2"),"")) -> H3
A42: DARREAU | B42: SEBASTIEN | C42: =A42&" "&B42 -> DARREAU SEBASTIEN | D42: S | E42: H | F42: 15.9 | G42: CEHDF | H42: 530108197 | I42: =IF(E42="H",IF(F42<15.5,"H1",IF(F42<24.5,"H2","H3")),IF(E42="F",IF(F42<24.5,"F1","F2"),"")) -> H2
A43: decenciere | B43: olivier | C43: =A43&" "&B43 -> decenciere olivier | D43: S | E43: H | F43: 30.7 | G43: BPCE SA | H43: 541946225 | I43: =IF(E43="H",IF(F43<15.5,"H1",IF(F43<24.5,"H2","H3")),IF(E43="F",IF(F43<24.5,"F1","F2"),"")) -> H3
A44: DECRESSAIN | B44: Amaury | C44: =A44&" "&B44 -> DECRESSAIN Amaury | D44: S | E44: H | F44: 14.4 | G44: CEAPC | H44: 541 770 209 | I44: =IF(E44="H",IF(F44<15.5,"H1",IF(F44<24.5,"H2","H3")),IF(E44="F",IF(F44<24.5,"F1","F2"),"")) -> H1
A45: DELAHAYE | B45: OLIVIER | C45: =A45&" "&B45 -> DELAHAYE OLIVIER | D45: S | E45: H | F45: 19.3 | G45: CEHDF | H45: 521567244 | I45: =IF(E45="H",IF(F45<15.5,"H1",IF(F45<24.5,"H2","H3")),IF(E45="F",IF(F45<24.5,"F1","F2"),"")) -> H2
A46: DELIA | B46: Eric | C46: =A46&" "&B46 -> DELIA Eric | D46: S | E46: H | F46: 28 | G46: BPCE IT | H46: 49251375 | I46: =IF(E46="H",IF(F46<15.5,"H1",IF(F46<24.5,"H2","H3")),IF(E46="F",IF(F46<24.5,"F1","F2"),"")) -> H3
A47: dELLA VEDOVA | B47: jean yves | C47: =A47&" "&B47 -> dELLA VEDOVA jean yves | D47: S | E47: H | F47: 35.5 | G47: BPCE SA | H47: 520181064 | I47: =IF(E47="H",IF(F47<15.5,"H1",IF(F47<24.5,"H2","H3")),IF(E47="F",IF(F47<24.5,"F1","F2"),"")) -> H3
A48: DELWASSE | B48: NICOLAS | C48: =A48&" "&B48 -> DELWASSE NICOLAS | D48: S | E48: H | F48: 18.4 | G48: NATIXIS | H48: 541157186 | I48: =IF(E48="H",IF(F48<15.5,"H1",IF(F48<24.5,"H2","H3")),IF(E48="F",IF(F48<24.5,"F1","F2"),"")) -> H2
A49: DENE | B49: Gilles | C49: =A49&" "&B49 -> DENE Gilles | D49: S | E49: H | F49: 32.1 | G49: CEGC | H49: 547828182 | I49: =IF(E49="H",IF(F49<15.5,"H1",IF(F49<24.5,"H2","H3")),IF(E49="F",IF(F49<24.5,"F1","F2"),"")) -> H3
A50: DEPARDIEU | B50: FRANCK | C50: =A50&" "&B50 -> DEPARDIEU FRANCK | D50: S | E50: H | F50: 9.3 | G50: CELC | H50: 041120081 | I50: =IF(E50="H",IF(F50<15.5,"H1",IF(F50<24.5,"H2","H3")),IF(E50="F",IF(F50<24.5,"F1","F2"),"")) -> H1
A51: DEPARDIEU | B51: LINDA | C51: =A51&" "&B51 -> DEPARDIEU LINDA | D51: S | E51: F | F51: 21.3 | G51: CELC | H51: 528226297 | I51: =IF(E51="H",IF(F51<15.5,"H1",IF(F51<24.5,"H2","H3")),IF(E51="F",IF(F51<24.5,"F1","F2"),"")) -> F1
A52: DESHAYES | B52: SYLVAIN | C52: =A52&" "&B52 -> DESHAYES SYLVAIN | D52: S | E52: H | F52: 26.1 | G52: NATIXIS | H52: 528596227 | I52: =IF(E52="H",IF(F52<15.5,"H1",IF(F52<24.5,"H2","H3")),IF(E52="F",IF(F52<24.5,"F1","F2"),"")) -> H3
A53: DESMARAIS | B53: CATHERINE | C53: =A53&" "&B53 -> DESMARAIS CATHERINE | D53: S | E53: F | F53: 16 | G53: CEN | H53: 46233087 | I53: =IF(E53="H",IF(F53<15.5,"H1",IF(F53<24.5,"H2","H3")),IF(E53="F",IF(F53<24.5,"F1","F2"),"")) -> F1
A54: DI GIANNI | B54: MURIEL | C54: =A54&" "&B54 -> DI GIANNI MURIEL | D54: S | E54: F | F54: 10.3 | G54: BPCE SI | H54: 042600256 | I54: =IF(E54="H",IF(F54<15.5,"H1",IF(F54<24.5,"H2","H3")),IF(E54="F",IF(F54<24.5,"F1","F2"),"")) -> F1
A55: DIZET | B55: Loïc | C55: =A55&" "&B55 -> DIZET Loïc | D55: S | E55: H | F55: 15.7 | G55: CEAPC | H55: 43774199 | I55: =IF(E55="H",IF(F55<15.5,"H1",IF(F55<24.5,"H2","H3")),IF(E55="F",IF(F55<24.5,"F1","F2"),"")) -> H2
A56: DUEZ | B56: Pascal | C56: =A56&" "&B56 -> DUEZ Pascal | D56: S | E56: H | F56: 23.3 | G56: CELR | H56: 539064209 | I56: =IF(E56="H",IF(F56<15.5,"H1",IF(F56<24.5,"H2","H3")),IF(E56="F",IF(F56<24.5,"F1","F2"),"")) -> H2
A57: DULAU | B57: Emmanuel | C57: =A57&" "&B57 -> DULAU Emmanuel | D57: S | E57: H | F57: 15.2 | G57: CEAPC | H57: 525284328 | I57: =IF(E57="H",IF(F57<15.5,"H1",IF(F57<24.5,"H2","H3")),IF(E57="F",IF(F57<24.5,"F1","F2"),"")) -> H1
A58: DURANDE | B58: Stephane | C58: =A58&" "&B58 -> DURANDE Stephane | D58: S | E58: H | F58: 14.7 | G58: BPCE IT | H58: 521673236 | I58: =IF(E58="H",IF(F58<15.5,"H1",IF(F58<24.5,"H2","H3")),IF(E58="F",IF(F58<24.5,"F1","F2"),"")) -> H1
A59: ESCOT | B59: Marc | C59: =A59&" "&B59 -> ESCOT Marc | D59: R | E59: H | F59: 26.6 | G59: CEAPC | H59: 45194339 | I59: =IF(E59="H",IF(F59<15.5,"H1",IF(F59<24.5,"H2","H3")),IF(E59="F",IF(F59<24.5,"F1","F2"),"")) -> H3
A60: FERRANDON | B60: STEPHANE | C60: =A60&" "&B60 -> FERRANDON STEPHANE | D60: S | E60: H | F60: 8.9 | G60: BPBFC | H60: 540085201 | I60: =IF(E60="H",IF(F60<15.5,"H1",IF(F60<24.5,"H2","H3")),IF(E60="F",IF(F60<24.5,"F1","F2"),"")) -> H1
A61: FERRIERES | B61: Regine | C61: =A61&" "&B61 -> FERRIERES Regine | D61: S | E61: F | F61: 32.4 | G61: CELR | H61: 43526302 | I61: =IF(E61="H",IF(F61<15.5,"H1",IF(F61<24.5,"H2","H3")),IF(E61="F",IF(F61<24.5,"F1","F2"),"")) -> F2
A62: FOUASSEAU-QUERBES | B62: Pascale | C62: =A62&" "&B62 -> FOUASSEAU-QUERBES Pascale | D62: S | E62: F | F62: 54 | G62: CEIDF | H62: 44444355 | I62: =IF(E62="H",IF(F62<15.5,"H1",IF(F62<24.5,"H2","H3")),IF(E62="F",IF(F62<24.5,"F1","F2"),"")) -> F2
A63: FOURNIER | B63: Corinne | C63: =A63&" "&B63 -> FOURNIER Corinne | D63: S | E63: F | F63: 18.7 | G63: BPGO | H63: 3147213 | I63: =IF(E63="H",IF(F63<15.5,"H1",IF(F63<24.5,"H2","H3")),IF(E63="F",IF(F63<24.5,"F1","F2"),"")) -> F1
A64: FRANCHI | B64: ANTOINE | C64: =A64&" "&B64 -> FRANCHI ANTOINE | D64: S | E64: H | F64: 21.5 | G64: NATIXIS | H64: 519009066 | I64: =IF(E64="H",IF(F64<15.5,"H1",IF(F64<24.5,"H2","H3")),IF(E64="F",IF(F64<24.5,"F1","F2"),"")) -> H2
A65: GAMBILLO | B65: Franco | C65: =A65&" "&B65 -> GAMBILLO Franco | D65: S | E65: H | F65: 19.2 | G65: PALATINE | H65: 521918187 | I65: =IF(E65="H",IF(F65<15.5,"H1",IF(F65<24.5,"H2","H3")),IF(E65="F",IF(F65<24.5,"F1","F2"),"")) -> H2
A66: Garnier | B66: thierry | C66: =A66&" "&B66 -> Garnier thierry | D66: S | E66: H | F66: 35 | G66: BPCE SA | H66: 514333250 | I66: =IF(E66="H",IF(F66<15.5,"H1",IF(F66<24.5,"H2","H3")),IF(E66="F",IF(F66<24.5,"F1","F2"),"")) -> H3
... A79: HOUET | B79: Elodie | C79: =A79&" "&B79 -> HOUET Elodie | D79: S | E79: F | F79: 49 | G79: BPGO | H79: 524317384 | I79: =IF(E79="H",IF(F79<15.5,"H1",IF(F79<24.5,"H2","H3")),IF(E79="F",IF(F79<24.5,"F1","F2"),"")) -> F2
A80: HOUPIN | B80: Gilles | C80: =A80&" "&B80 -> HOUPIN Gilles | D80: S | E80: H | F80: 16.1 | G80: BPALC | H80: 516388171 | I80: =IF(E80="H",IF(F80<15.5,"H1",IF(F80<24.5,"H2","H3")),IF(E80="F",IF(F80<24.5,"F1","F2"),"")) -> H2
A81: HOUSSIN | B81: MARIE CHRISTINE | C81: =A81&" "&B81 -> HOUSSIN MARIE CHRISTINE | D81: S | E81: F | F81: 21.1 | G81: CEHDF | H81: 43662297 | I81: =IF(E81="H",IF(F81<15.5,"H1",IF(F81<24.5,"H2","H3")),IF(E81="F",IF(F81<24.5,"F1","F2"),"")) -> F1
A82: IGUAL | B82: CHRISTIAN | C82: =A82&" "&B82 -> IGUAL CHRISTIAN | D82: S | E82: H | F82: 30.7 | G82: CELC | H82: 45075258 | I82: =IF(E82="H",IF(F82<15.5,"H1",IF(F82<24.5,"H2","H3")),IF(E82="F",IF(F82<24.5,"F1","F2"),"")) -> H3
A83: ILLIVI | B83: Sylvain | C83: =A83&" "&B83 -> ILLIVI Sylvain | D83: S | E83: H | F83: 33.2 | G83: CEIDF | H83: 042 898 182 | I83: =IF(E83="H",IF(F83<15.5,"H1",IF(F83<24.5,"H2","H3")),IF(E83="F",IF(F83<24.5,"F1","F2"),"")) -> H3
A84: JACOB | B84: sebastien | C84: =A84&" "&B84 -> JACOB sebastien | D84: E | E84: H | F84: 18.1 | G84: sponsor | H84: 45373347 | I84: =IF(E84="H",IF(F84<15.5,"H1",IF(F84<24.5,"H2","H3")),IF(E84="F",IF(F84<24.5,"F1","F2"),"")) -> H2
A85: JOBERT | B85: Dominique | C85: =A85&" "&B85 -> JOBERT Dominique | D85: S | E85: H | F85: 31.1 | G85: CEGEE | H85: 517532342 | I85: =IF(E85="H",IF(F85<15.5,"H1",IF(F85<24.5,"H2","H3")),IF(E85="F",IF(F85<24.5,"F1","F2"),"")) -> H3
A86: LACAZE | B86: NICOLAS | C86: =A86&" "&B86 -> LACAZE NICOLAS | D86: S | E86: H | F86: 19 | G86: BPOC | H86: 046229200 | I86: =IF(E86="H",IF(F86<15.5,"H1",IF(F86<24.5,"H2","H3")),IF(E86="F",IF(F86<24.5,"F1","F2"),"")) -> H2
A87: LALANNE | B87: Franck | C87: =A87&" "&B87 -> LALANNE Franck | D87: S | E87: H | F87: 24.8 | G87: BPGO | H87: 543213165 | I87: =IF(E87="H",IF(F87<15.5,"H1",IF(F87<24.5,"H2","H3")),IF(E87="F",IF(F87<24.5,"F1","F2"),"")) -> H3
A88: LAMARQUE | B88: Pierre | C88: =A88&" "&B88 -> LAMARQUE Pierre | D88: S | E88: H | F88: 20.5 | G88: CEAPC | H88: 54 211 62 36 | I88: =IF(E88="H",IF(F88<15.5,"H1",IF(F88<24.5,"H2","H3")),IF(E88="F",IF(F88<24.5,"F1","F2"),"")) -> H2
A89: LAMBILLON | B89: Sebastien | C89: =A89&" "&B89 -> LAMBILLON Sebastien | D89: S | E89: H | F89: 17.6 | G89: CEIDF | H89: 512042032 | I89: =IF(E89="H",IF(F89<15.5,"H1",IF(F89<24.5,"H2","H3")),IF(E89="F",IF(F89<24.5,"F1","F2"),"")) -> H2
A90: LAMOUR | B90: Eric | C90: =A90&" "&B90 -> LAMOUR Eric | D90: S | E90: H | F90: 13.6 | G90: PALATINE | H90: 44214097 | I90: =IF(E90="H",IF(F90<15.5,"H1",IF(F90<24.5,"H2","H3")),IF(E90="F",IF(F90<24.5,"F1","F2"),"")) -> H1
A91: LAURENT | B91: JEAN-MARC | C91: =A91&" "&B91 -> LAURENT JEAN-MARC | D91: S | E91: H | F91: 12.4 | G91: BPCE SI | H91: 542201090 | I91: =IF(E91="H",IF(F91<15.5,"H1",IF(F91<24.5,"H2","H3")),IF(E91="F",IF(F91<24.5,"F1","F2"),"")) -> H1
A92: LE DRU | B92: Jean-Jacques | C92: =A92&" "&B92 -> LE DRU Jean-Jacques | D92: S | E92: H | F92: 23.3 | G92: CEIDF | H92: 520138218 | I92: =IF(E92="H",IF(F92<15.5,"H1",IF(F92<24.5,"H2","H3")),IF(E92="F",IF(F92<24.5,"F1","F2"),"")) -> H2
A93: LECLERCQ | B93: Alexandre | C93: =A93&" "&B93 -> LECLERCQ Alexandre | D93: S | E93: H | F93: 29.9 | G93: CEIDF | H93: 512643053 | I93: =IF(E93="H",IF(F93<15.5,"H1",IF(F93<24.5,"H2","H3")),IF(E93="F",IF(F93<24.5,"F1","F2"),"")) -> H3
A94: LEFEVRE | B94: catherine | C94: =A94&" "&B94 -> LEFEVRE catherine | D94: S | E94: F | F94: 37.4 | G94: BPCE SA | H94: 518607180 | I94: =IF(E94="H",IF(F94<15.5,"H1",IF(F94<24.5,"H2","H3")),IF(E94="F",IF(F94<24.5,"F1","F2"),"")) -> F2
A95: LEFEVRE | B95: THIERRY | C95: =A95&" "&B95 -> LEFEVRE THIERRY | D95: E | E95: H | F95: 25.3 | G95: NATIXIS | H95: 41214347 | I95: =IF(E95="H",IF(F95<15.5,"H1",IF(F95<24.5,"H2","H3")),IF(E95="F",IF(F95<24.5,"F1","F2"),"")) -> H3
A96: LEGROS | B96: DANIEL | C96: =A96&" "&B96 -> LEGROS DANIEL | D96: S | E96: H | F96: 20.5 | G96: TURBO BPCE | H96: 520245343 | I96: =IF(E96="H",IF(F96<15.5,"H1",IF(F96<24.5,"H2","H3")),IF(E96="F",IF(F96<24.5,"F1","F2"),"")) -> H2
A97: LEIBMANN | B97: LAURENT | C97: =A97&" "&B97 -> LEIBMANN LAURENT | D97: S | E97: H | F97: 19.3 | G97: NATIXIS | H97: 47203021 | I97: =IF(E97="H",IF(F97<15.5,"H1",IF(F97<24.5,"H2","H3")),IF(E97="F",IF(F97<24.5,"F1","F2"),"")) -> H2
A98: LETHONGSAVARN | B98: Vivien | C98: =A98&" "&B98 -> LETHONGSAVARN Vivien | D98: E | E98: H | F98: 24.3 | G98: CEIDF | H98: 545649245 | I98: =IF(E98="H",IF(F98<15.5,"H1",IF(F98<24.5,"H2","H3")),IF(E98="F",IF(F98<24.5,"F1","F2"),"")) -> H2
A99: LEURS | B99: JEFF | C99: =A99&" "&B99 -> LEURS JEFF | D99: S | E99: H | F99: 11.5 | G99: CEMP | H99: 525212217 | I99: =IF(E99="H",IF(F99<15.5,"H1",IF(F99<24.5,"H2","H3")),IF(E99="F",IF(F99<24.5,"F1","F2"),"")) -> H1
A100: LIGOUGNE | B100: JEAN CHRISTOPHE | C100: =A100&" "&B100 -> LIGOUGNE JEAN CHRISTOPHE | D100: S | E100: H | F100: 16.2 | G100: CEN | H100: 520895203 | I100: =IF(E100="H",IF(F100<15.5,"H1",IF(F100<24.5,"H2","H3")),IF(E100="F",IF(F100<24.5,"F1","F2"),"")) -> H2
... A102: LUCQ | B102: Laurent | C102: =A102&" "&B102 -> LUCQ Laurent | D102: E | E102: H | F102: 22.2 | G102: CEBFC | H102: 48143143 | I102: =IF(E102="H",IF(F102<15.5,"H1",IF(F102<24.5,"H2","H3")),IF(E102="F",IF(F102<24.5,"F1","F2"),"")) -> H2
A103: LUGIER | B103: Christian | C103: =A103&" "&B103 -> LUGIER Christian | D103: R | E103: H | F103: 39.7 | G103: CEAPC | H103: 43 937327 | I103: =IF(E103="H",IF(F103<15.5,"H1",IF(F103<24.5,"H2","H3")),IF(E103="F",IF(F103<24.5,"F1","F2"),"")) -> H3
A104: LUTTMANN | B104: Emmanuel | C104: =A104&" "&B104 -> LUTTMANN Emmanuel | D104: S | E104: H | F104: 24.8 | G104: CEGEE | H104: 542250199 | I104: =IF(E104="H",IF(F104<15.5,"H1",IF(F104<24.5,"H2","H3")),IF(E104="F",IF(F104<24.5,"F1","F2"),"")) -> H3
A105: MAGI | B105: MICHEL | C105: =A105&" "&B105 -> MAGI MICHEL | D105: S | E105: H | F105: 17.7 | G105: CEGEE | H105: 517331354 | I105: =IF(E105="H",IF(F105<15.5,"H1",IF(F105<24.5,"H2","H3")),IF(E105="F",IF(F105<24.5,"F1","F2"),"")) -> H2
A106: MAJOIS | B106: Eric | C106: =A106&" "&B106 -> MAJOIS Eric | D106: S | E106: H | F106: 21.3 | G106: BPGO | H106: 529362067 | I106: =IF(E106="H",IF(F106<15.5,"H1",IF(F106<24.5,"H2","H3")),IF(E106="F",IF(F106<24.5,"F1","F2"),"")) -> H2
A107: MANSIOUS | B107: CHRISTOPHE | C107: =A107&" "&B107 -> MANSIOUS CHRISTOPHE | D107: S | E107: H | F107: 9.1 | G107: BPOC | H107: 530469155 | I107: =IF(E107="H",IF(F107<15.5,"H1",IF(F107<24.5,"H2","H3")),IF(E107="F",IF(F107<24.5,"F1","F2"),"")) -> H1
A108: MARINIER | B108: FREDERIC | C108: =A108&" "&B108 -> MARINIER FREDERIC | D108: S | E108: H | F108: 10.6 | G108: CELC | H108: 041196082 | I108: =IF(E108="H",IF(F108<15.5,"H1",IF(F108<24.5,"H2","H3")),IF(E108="F",IF(F108<24.5,"F1","F2"),"")) -> H1
A109: MARTY | B109: CHRISTIAN | C109: =A109&" "&B109 -> MARTY CHRISTIAN | D109: S | E109: H | F109: 13.1 | G109: BPAURA | H109: 513007140 | I109: =IF(E109="H",IF(F109<15.5,"H1",IF(F109<24.5,"H2","H3")),IF(E109="F",IF(F109<24.5,"F1","F2"),"")) -> H1
A110: MATTEI | B110: VERONIQUE | C110: =A110&" "&B110 -> MATTEI VERONIQUE | D110: S | E110: F | F110: 36.4 | G110: BPCE SI | H110: 045448132 | I110: =IF(E110="H",IF(F110<15.5,"H1",IF(F110<24.5,"H2","H3")),IF(E110="F",IF(F110<24.5,"F1","F2"),"")) -> F2
A111: MEDENOUVO | B111: Rolic | C111: =A111&" "&B111 -> MEDENOUVO Rolic | D111: S | E111: H | F111: 26.1 | G111: CEIDF | H111: 514651344 | I111: =IF(E111="H",IF(F111<15.5,"H1",IF(F111<24.5,"H2","H3")),IF(E111="F",IF(F111<24.5,"F1","F2"),"")) -> H3
A112: MEROUR | B112: Stéphane | C112: =A112&" "&B112 -> MEROUR Stéphane | D112: S | E112: H | F112: 19.5 | G112: CEAPC | H112: 511 843 142 | I112: =IF(E112="H",IF(F112<15.5,"H1",IF(F112<24.5,"H2","H3")),IF(E112="F",IF(F112<24.5,"F1","F2"),"")) -> H2
A113: MEULEMAN | B113: DAVID | C113: =A113&" "&B113 -> MEULEMAN DAVID | D113: S | E113: H | F113: 12.4 | G113: CEN | H113: 516537241 | I113: =IF(E113="H",IF(F113<15.5,"H1",IF(F113<24.5,"H2","H3")),IF(E113="F",IF(F113<24.5,"F1","F2"),"")) -> H1
...

Sheet Résultats à éditer
A1: Prix indiv
B2: Serie | C2: B | D2: N
A3: Dames | B3: 1 | C3: 2 | D3: 1
A4: Dames | B4: 2 | C4: 1 | D4: 2
A5: Hommes | B5: 1 | C5: 3 | D5: 1
A6: Hommes | B6: 2 | C6: 2 | D6: 2
A7: Hommes | B7: 3 | C7: 1 | D7: 3
A9: Prix équipe
A10: Sexe | B10: Série | C10: BRUT (nb prix) | D10: NET (nb prix) | E10: Nb de Trophée
A11: Dames | B11: tous | C11: 1 | D11: 1 | E11: 2 | F11: 1er brut et 1er net
A12: Hommes | B12: tous | C12: 1 | D12: 1 | E12: 2 | F12: 1er brut et 1er net
A13: Mixte | B13: toutes | C13: 1 | D13: 1 | E13: 2 | F13: 1er brut et 1er net
A14: Général | B14: toutes | E14: 1 | F14: un pour l'équipe
A16: Général équipe
A17: Par série | B17: nombre | C17: % nb total | D17: place 1 | E17: place 2 -50% | F17: place 3 | G17: place 4 | H17: place 5
A18: H1 | B18: 31 | C18: =B18/$B$23 -> 0.19375 | D18: 19 | E18: 10 | F18: 5 | G18: 2 | H18: 1
A19: H2 | B19: 54 | C19: =B19/$B$23 -> 0.3375 | D19: 34 | E19: 17 | F19: 8 | G19: 4 | H19: 2
A20: H3 | B20: 46 | C20: =B20/$B$23 -> 0.2875 | D20: 29 | E20: 14 | F20: 7 | G20: 4 | H20: 2
A21: F1 | B21: 8 | C21: =B21/$B$23 -> 0.05 | D21: 5 | E21: 3 | F21: 1 | G21: 1 | H21: 0
A22: F2 | B22: 21 | C22: =B22/$B$23 -> 0.13125 | D22: 13 | E22: 7 | F22: 3 | G22: 2 | H22: 1
A23: nb total | B23: 160

Sheet Feuille saisie score 
A1: Nom | B1: Prénom | C1: Joueurs | D1: Statut | E1: Sexe | F1: Index | G1: Entité | H1: Licence FFG | I1: série | J1: Brut J1 H1-F1 Courson v/n H2 Marivaux H3 Courson l/o F2 Forges | K1: NET J1 H1-F1 Courson v/n H2 Marivaux H3 Courson l/o F2 Forges | L1: Brut J2 H1-F1 Marivaux H2 Courson v/n H3 Forges F2 Courson l/o | M1: Net J2 H1-F1 Marivaux H2 Courson v/n H3 Forges F2 Courson l/o
A2: ADAM | B2: HUBERT | C2: =A2&" "&B2 -> ADAM HUBERT | D2: S | E2: H | F2: ='joueurs '!F2 -> 29.4 | G2: CEHDF | H2: 540498177 | I2: =IF(E2="H",IF(F2<15.5,"H1",IF(F2<24.5,"H2","H3")),IF(E2="F",IF(F2<24.5,"F1","F2"),"")) -> H3 | J2: 9 | K2: 32 | L2: 15 | M2: 39 | O2: seules les colonnes J, K, L et M sont à saisir
A3: ALAMICHEL | B3: Valérie | C3: =A3&" "&B3 -> ALAMICHEL Valérie | D3: E | E3: F | F3: ='joueurs '!F3 -> 34.1 | G3: BPCE SA | H3: 522832259 | I3: =IF(E3="H",IF(F3<15.5,"H1",IF(F3<24.5,"H2","H3")),IF(E3="F",IF(F3<24.5,"F1","F2"),"")) -> F2 | J3: 4 | K3: 29 | L3: 6 | M3: 24 | O3: saisir le brut et le net du J1 le lundi 14 septembre
A4: ALLAIN | B4: LOIC | C4: =A4&" "&B4 -> ALLAIN LOIC | D4: S | E4: H | F4: ='joueurs '!F4 -> 32.6 | G4: BPBFC | H4: 527813190 | I4: =IF(E4="H",IF(F4<15.5,"H1",IF(F4<24.5,"H2","H3")),IF(E4="F",IF(F4<24.5,"F1","F2"),"")) -> H3 | J4: 5 | K4: 28 | L4: 7 | M4: 35
A5: ANDURAND | B5: Jérôme | C5: =A5&" "&B5 -> ANDURAND Jérôme | D5: S | E5: H | F5: ='joueurs '!F5 -> 15.4 | G5: CEAPC | H5: 514507116 | I5: =IF(E5="H",IF(F5<15.5,"H1",IF(F5<24.5,"H2","H3")),IF(E5="F",IF(F5<24.5,"F1","F2"),"")) -> H1 | J5: 15 | K5: 30 | L5: 23 | M5: 37 | O5: saisir le brut et le net du J2 le mardi 15 septembre
A6: ASTIER | B6: DOMINIQUE | C6: =A6&" "&B6 -> ASTIER DOMINIQUE | D6: S | E6: H | F6: ='joueurs '!F6 -> 24.6 | G6: BPAURA | H6: 47116117 | I6: =IF(E6="H",IF(F6<15.5,"H1",IF(F6<24.5,"H2","H3")),IF(E6="F",IF(F6<24.5,"F1","F2"),"")) -> H3 | J6: 5 | K6: 19 | L6: 15 | M6: 40
A7: AUBRY | B7: MARC | C7: =A7&" "&B7 -> AUBRY MARC | D7: S | E7: H | F7: ='joueurs '!F7 -> 20.2 | G7: CELC | H7: 510880336 | I7: =IF(E7="H",IF(F7<15.5,"H1",IF(F7<24.5,"H2","H3")),IF(E7="F",IF(F7<24.5,"F1","F2"),"")) -> H2 | J7: 13 | K7: 34 | L7: 8 | M7: 28 | O7: Attention forfait
A8: AYMARD | B8: FREDERIC | C8: =A8&" "&B8 -> AYMARD FREDERIC | D8: S | E8: H | F8: ='joueurs '!F8 -> 16.5 | G8: BPOC | H8: 526237207 | I8: =IF(E8="H",IF(F8<15.5,"H1",IF(F8<24.5,"H2","H3")),IF(E8="F",IF(F8<24.5,"F1","F2"),"")) -> H2 | J8: 12 | K8: 28 | L8: 12 | M8: 26 | O8: VARCHON Christine
A9: BACHELARD | B9: Sébastien | C9: =A9&" "&B9 -> BACHELARD Sébastien | D9: S | E9: H | F9: ='joueurs '!F9 -> 9.4 | G9: BPCE IT | H9: 543699178 | I9: =IF(E9="H",IF(F9<15.5,"H1",IF(F9<24.5,"H2","H3")),IF(E9="F",IF(F9<24.5,"F1","F2"),"")) -> H1 | J9: 26 | K9: 39 | L9: 18 | M9: 28 | O9: CARRETERO Cyril | Q9: 46252
A10: BARROT | B10: MICHEL | C10: =A10&" "&B10 -> BARROT MICHEL | D10: S | E10: H | F10: ='joueurs '!F10 -> 18.5 | G10: NATIXIS | H10: 520164109 | I10: =IF(E10="H",IF(F10<15.5,"H1",IF(F10<24.5,"H2","H3")),IF(E10="F",IF(F10<24.5,"F1","F2"),"")) -> H2 | J10: 15 | K10: 30 | L10: 15 | M10: 32 | O10: TARGA Stephane | Q10: 46264
A11: BARTHELEMI | B11: Philippe | C11: =A11&" "&B11 -> BARTHELEMI Philippe | D11: S | E11: H | F11: ='joueurs '!F11 -> 43.1 | G11: CEGC | H11: 517273355 | I11: =IF(E11="H",IF(F11<15.5,"H1",IF(F11<24.5,"H2","H3")),IF(E11="F",IF(F11<24.5,"F1","F2"),"")) -> H3 | J11: 3 | K11: 15 | L11: 2 | M11: 20 | O11: NEAU Valentin | Q11: 46265
A12: BATAILLE | B12: Philippe | C12: =A12&" "&B12 -> BATAILLE Philippe | D12: S | E12: H | F12: ='joueurs '!F12 -> 19.3 | G12: CEBPL | H12: 48652194 | I12: =IF(E12="H",IF(F12<15.5,"H1",IF(F12<24.5,"H2","H3")),IF(E12="F",IF(F12<24.5,"F1","F2"),"")) -> H2 | J12: 10 | K12: 23 | L12: 19 | M12: 33 | O12: MONTOUT fabrice | Q12: 46265
A13: BAUDIN | B13: Anne | C13: =A13&" "&B13 -> BAUDIN Anne | D13: S | E13: F | F13: ='joueurs '!F13 -> 11.2 | G13: CEIDF | H13: O45 762 186 | I13: =IF(E13="H",IF(F13<15.5,"H1",IF(F13<24.5,"H2","H3")),IF(E13="F",IF(F13<24.5,"F1","F2"),"")) -> F1 | J13: 24 | K13: 39 | L13: 25 | M13: 39 | O13: FERRANDON Agnés | Q13: 46268 | R13: présent
A14: BAUDIN | B14: Gilles | C14: =A14&" "&B14 -> BAUDIN Gilles | D14: E | E14: H | F14: ='joueurs '!F14 -> 15.6 | G14: CEIDF | H14: 543819163 | I14: =IF(E14="H",IF(F14<15.5,"H1",IF(F14<24.5,"H2","H3")),IF(E14="F",IF(F14<24.5,"F1","F2"),"")) -> H2 | J14: 17 | K14: 30 | L14: 13 | M14: 28 | O14: SIMONIN Marie-Claire | Q14: 46272
A15: BEAUDOUIN | B15: ROMAIN | C15: =A15&" "&B15 -> BEAUDOUIN ROMAIN | D15: S | E15: H | F15: ='joueurs '!F15 -> 17.5 | G15: NATIXIS | H15: 542293250 | I15: =IF(E15="H",IF(F15<15.5,"H1",IF(F15<24.5,"H2","H3")),IF(E15="F",IF(F15<24.5,"F1","F2"),"")) -> H2 | J15: 14 | K15: 30 | L15: 12 | M15: 29 | O15: SIMONIN Patrick | Q15: 46272
A16: BENASSI | B16: Thibaud | C16: =A16&" "&B16 -> BENASSI Thibaud | D16: E | E16: H | F16: ='joueurs '!F16 -> 46 | G16: sponsor | H16: 510707363 | I16: =IF(E16="H",IF(F16<15.5,"H1",IF(F16<24.5,"H2","H3")),IF(E16="F",IF(F16<24.5,"F1","F2"),"")) -> H3 | J16: 1 | K16: 12 | L16: 5 | M16: 35 | O16: CHIFFARD Yves | Q16: 46272
A17: BENOIT | B17: Christine | C17: =A17&" "&B17 -> BENOIT Christine | D17: S | E17: F | F17: ='joueurs '!F17 -> 40 | G17: CEGEE | H17: 522770334 | I17: =IF(E17="H",IF(F17<15.5,"H1",IF(F17<24.5,"H2","H3")),IF(E17="F",IF(F17<24.5,"F1","F2"),"")) -> F2 | J17: 8 | K17: 38 | L17: 7 | M17: 30 | O17: SOUBIRON Béatrice | Q17: 46273
A18: BERTON | B18: Nicolas | C18: =A18&" "&B18 -> BERTON Nicolas | D18: S | E18: H | F18: ='joueurs '!F18 -> 11.4 | G18: BPALC | H18: 539465204 | I18: =IF(E18="H",IF(F18<15.5,"H1",IF(F18<24.5,"H2","H3")),IF(E18="F",IF(F18<24.5,"F1","F2"),"")) -> H1 | J18: 21 | K18: 31 | L18: 9 | M18: 19 | O18: LESIEUR Anne-Valérie | Q18: 46273
A19: BEUVELOT | B19: Gaël | C19: =A19&" "&B19 -> BEUVELOT Gaël | D19: S | E19: H | F19: ='joueurs '!F19 -> 11.9 | G19: CEAPC | H19: 533283215 | I19: =IF(E19="H",IF(F19<15.5,"H1",IF(F19<24.5,"H2","H3")),IF(E19="F",IF(F19<24.5,"F1","F2"),"")) -> H1 | J19: 10 | K19: 19 | L19: 7 | M19: 16 | O19: LESIEUR Philippe | Q19: 46273
A20: BOUDON | B20: PIERRE | C20: =A20&" "&B20 -> BOUDON PIERRE | D20: S | E20: H | F20: ='joueurs '!F20 -> 13 | G20: NATIXIS | H20: 43937161 | I20: =IF(E20="H",IF(F20<15.5,"H1",IF(F20<24.5,"H2","H3")),IF(E20="F",IF(F20<24.5,"F1","F2"),"")) -> H1 | J20: 17 | K20: 29 | L20: 18 | M20: 29 | O20: ADOLPHE Denis | Q20: 46275
A21: BOULDOIRES | B21: Bertrand | C21: =A21&" "&B21 -> BOULDOIRES Bertrand | D21: S | E21: H | F21: ='joueurs '!F21 -> 7 | G21: CEAPC | H21: 52 541 21 26 | I21: =IF(E21="H",IF(F21<15.5,"H1",IF(F21<24.5,"H2","H3")),IF(E21="F",IF(F21<24.5,"F1","F2"),"")) -> H1 | J21: 13 | K21: 21 | L21: 6 | M21: 11 | O21: LACROUTS Pierre | Q21: 46275
A22: BOURSIER | B22: ANTHONY | C22: =A22&" "&B22 -> BOURSIER ANTHONY | D22: S | E22: H | F22: ='joueurs '!F22 -> 21.2 | G22: CELC | H22: 547840202 | I22: =IF(E22="H",IF(F22<15.5,"H1",IF(F22<24.5,"H2","H3")),IF(E22="F",IF(F22<24.5,"F1","F2"),"")) -> H2 | J22: 14 | K22: 30 | L22: 7 | M22: 22 | O22: LECOINTRE Richard | Q22: 46275
A23: BOUSSELET | B23: Bertrand | C23: =A23&" "&B23 -> BOUSSELET Bertrand | D23: S | E23: H | F23: ='joueurs '!F23 -> 15.5 | G23: CEIDF | H23: 3837290 | I23: =IF(E23="H",IF(F23<15.5,"H1",IF(F23<24.5,"H2","H3")),IF(E23="F",IF(F23<24.5,"F1","F2"),"")) -> H2 | J23: 8 | K23: 20 | L23: 15 | M23: 31
A24: BRIGNON | B24: MICHEL | C24: =A24&" "&B24 -> BRIGNON MICHEL | D24: S | E24: H | F24: ='joueurs '!F24 -> 20.4 | G24: CELC | H24: 515715265 | I24: =IF(E24="H",IF(F24<15.5,"H1",IF(F24<24.5,"H2","H3")),IF(E24="F",IF(F24<24.5,"F1","F2"),"")) -> H2 | J24: 11 | K24: 24 | L24: 12 | M24: 30
A25: BRKIC | B25: Alexandre | C25: =A25&" "&B25 -> BRKIC Alexandre | D25: S | E25: H | F25: ='joueurs '!F25 -> 19 | G25: CEIDF | H25: 48647147 | I25: =IF(E25="H",IF(F25<15.5,"H1",IF(F25<24.5,"H2","H3")),IF(E25="F",IF(F25<24.5,"F1","F2"),"")) -> H2 | J25: 18 | K25: 34 | L25: 12 | M25: 26
A26: BURSON | B26: Didier | C26: =A26&" "&B26 -> BURSON Didier | D26: S | E26: H | F26: ='joueurs '!F26 -> 41.6 | G26: CEBFC | H26: 546096359 | I26: =IF(E26="H",IF(F26<15.5,"H1",IF(F26<24.5,"H2","H3")),IF(E26="F",IF(F26<24.5,"F1","F2"),"")) -> H3 | J26: 2 | K26: 18 | L26: 6 | M26: 34
A27: CAILLAT | B27: Pierre Yves | C27: =A27&" "&B27 -> CAILLAT Pierre Yves | D27: S | E27: H | F27: ='joueurs '!F27 -> 24.3 | G27: PALATINE | H27: 217085 | I27: =IF(E27="H",IF(F27<15.5,"H1",IF(F27<24.5,"H2","H3")),IF(E27="F",IF(F27<24.5,"F1","F2"),"")) -> H2 | J27: 12 | K27: 30 | L27: 12 | M27: 30
A28: CHAMOUTON | B28: Patrick | C28: =A28&" "&B28 -> CHAMOUTON Patrick | D28: S | E28: H | F28: ='joueurs '!F28 -> 37 | G28: CEBFC | H28: 533662190 | I28: =IF(E28="H",IF(F28<15.5,"H1",IF(F28<24.5,"H2","H3")),IF(E28="F",IF(F28<24.5,"F1","F2"),"")) -> H3 | J28: 11 | K28: 41 | L28: 7 | M28: 40
A29: CHENOUNA | B29: Rachel | C29: =A29&" "&B29 -> CHENOUNA Rachel | D29: S | E29: F | F29: ='joueurs '!F29 -> 40.4 | G29: CEIDF | H29: 42104315 | I29: =IF(E29="H",IF(F29<15.5,"H1",IF(F29<24.5,"H2","H3")),IF(E29="F",IF(F29<24.5,"F1","F2"),"")) -> F2 | J29: 4 | K29: 27 | L29: 5 | M29: 22
A30: CHENOUNA | B30: Djilali | C30: =A30&" "&B30 -> CHENOUNA Djilali | D30: E | E30: H | F30: ='joueurs '!F30 -> 21.4 | G30: CEIDF | H30: 42075243 | I30: =IF(E30="H",IF(F30<15.5,"H1",IF(F30<24.5,"H2","H3")),IF(E30="F",IF(F30<24.5,"F1","F2"),"")) -> H2 | J30: 10 | K30: 24 | L30: 14 | M30: 33
A31: CHUSSEAU | B31: Cedric | C31: =A31&" "&B31 -> CHUSSEAU Cedric | D31: S | E31: H | F31: ='joueurs '!F31 -> 21.6 | G31: CEIDF | H31: 42078247 | I31: =IF(E31="H",IF(F31<15.5,"H1",IF(F31<24.5,"H2","H3")),IF(E31="F",IF(F31<24.5,"F1","F2"),"")) -> H2 | J31: 13 | K31: 31 | L31: 13 | M31: 31
A32: CIRENI | B32: Maria-Grazia | C32: =A32&" "&B32 -> CIRENI Maria-Grazia | D32: E | E32: F | F32: ='joueurs '!F32 -> 38 | G32: CEIDF | H32: 41775191 | I32: =IF(E32="H",IF(F32<15.5,"H1",IF(F32<24.5,"H2","H3")),IF(E32="F",IF(F32<24.5,"F1","F2"),"")) -> F2 | J32: 10 | K32: 37 | L32: 5 | M32: 35
A33: COLL | B33: Marlène | C33: =A33&" "&B33 -> COLL Marlène | D33: S | E33: F | F33: ='joueurs '!F33 -> 35.7 | G33: CEAPC | H33: 41992290 | I33: =IF(E33="H",IF(F33<15.5,"H1",IF(F33<24.5,"H2","H3")),IF(E33="F",IF(F33<24.5,"F1","F2"),"")) -> F2 | J33: 4 | K33: 27 | L33: 5 | M33: 21
A34: CORDIER | B34: Matthieu | C34: =A34&" "&B34 -> CORDIER Matthieu | D34: S | E34: H | F34: ='joueurs '!F34 -> 3.2 | G34: PALATINE | H34: 43346122 | I34: =IF(E34="H",IF(F34<15.5,"H1",IF(F34<24.5,"H2","H3")),IF(E34="F",IF(F34<24.5,"F1","F2"),"")) -> H1 | J34: 26 | K34: 30 | L34: 22 | M34: 25
A35: CORMIER | B35: Brice | C35: =A35&" "&B35 -> CORMIER Brice | D35: S | E35: H | F35: ='joueurs '!F35 -> 20.3 | G35: BPCE SA | H35: 522833258 | I35: =IF(E35="H",IF(F35<15.5,"H1",IF(F35<24.5,"H2","H3")),IF(E35="F",IF(F35<24.5,"F1","F2"),"")) -> H2 | J35: 13 | K35: 27 | L35: 8 | M35: 23
A36: COSTA | B36: Eduardo | C36: =A36&" "&B36 -> COSTA Eduardo | D36: E | E36: H | F36: ='joueurs '!F36 -> 24.8 | G36: CEIDF | H36: 534369194 | I36: =IF(E36="H",IF(F36<15.5,"H1",IF(F36<24.5,"H2","H3")),IF(E36="F",IF(F36<24.5,"F1","F2"),"")) -> H3 | J36: 7 | K36: 22 | L36: 9 | M36: 29
... A43: decenciere | B43: olivier | C43: =A43&" "&B43 -> decenciere olivier | D43: S | E43: H | F43: ='joueurs '!F43 -> 30.7 | G43: BPCE SA | H43: 541946225 | I43: =IF(E43="H",IF(F43<15.5,"H1",IF(F43<24.5,"H2","H3")),IF(E43="F",IF(F43<24.5,"F1","F2"),"")) -> H3 | J43: 8 | K43: 32 | L43: 13 | M43: 42
A44: DECRESSAIN | B44: Amaury | C44: =A44&" "&B44 -> DECRESSAIN Amaury | D44: S | E44: H | F44: ='joueurs '!F44 -> 14.4 | G44: CEAPC | H44: 541 770 209 | I44: =IF(E44="H",IF(F44<15.5,"H1",IF(F44<24.5,"H2","H3")),IF(E44="F",IF(F44<24.5,"F1","F2"),"")) -> H1 | J44: 2 | K44: 9 | L44: 13 | M44: 25
A45: DELAHAYE | B45: OLIVIER | C45: =A45&" "&B45 -> DELAHAYE OLIVIER | D45: S | E45: H | F45: ='joueurs '!F45 -> 19.3 | G45: CEHDF | H45: 521567244 | I45: =IF(E45="H",IF(F45<15.5,"H1",IF(F45<24.5,"H2","H3")),IF(E45="F",IF(F45<24.5,"F1","F2"),"")) -> H2 | J45: 13 | K45: 32 | L45: 12 | M45: 27
A46: DELIA | B46: Eric | C46: =A46&" "&B46 -> DELIA Eric | D46: S | E46: H | F46: ='joueurs '!F46 -> 28 | G46: BPCE IT | H46: 49251375 | I46: =IF(E46="H",IF(F46<15.5,"H1",IF(F46<24.5,"H2","H3")),IF(E46="F",IF(F46<24.5,"F1","F2"),"")) -> H3 | J46: 9 | K46: 33 | L46: 13 | M46: 39
A47: dELLA VEDOVA | B47: jean yves | C47: =A47&" "&B47 -> dELLA VEDOVA jean yves | D47: S | E47: H | F47: ='joueurs '!F47 -> 35.5 | G47: BPCE SA | H47: 520181064 | I47: =IF(E47="H",IF(F47<15.5,"H1",IF(F47<24.5,"H2","H3")),IF(E47="F",IF(F47<24.5,"F1","F2"),"")) -> H3 | J47: 3 | K47: 26 | L47: 8 | M47: 39
A48: DELWASSE | B48: NICOLAS | C48: =A48&" "&B48 -> DELWASSE NICOLAS | D48: S | E48: H | F48: ='joueurs '!F48 -> 18.4 | G48: NATIXIS | H48: 541157186 | I48: =IF(E48="H",IF(F48<15.5,"H1",IF(F48<24.5,"H2","H3")),IF(E48="F",IF(F48<24.5,"F1","F2"),"")) -> H2 | J48: 21 | K48: 39 | L48: 15 | M48: 32
A49: DENE | B49: Gilles | C49: =A49&" "&B49 -> DENE Gilles | D49: S | E49: H | F49: ='joueurs '!F49 -> 32.1 | G49: CEGC | H49: 547828182 | I49: =IF(E49="H",IF(F49<15.5,"H1",IF(F49<24.5,"H2","H3")),IF(E49="F",IF(F49<24.5,"F1","F2"),"")) -> H3 | J49: 1 | K49: 15 | L49: 3 | M49: 32
A50: DEPARDIEU | B50: FRANCK | C50: =A50&" "&B50 -> DEPARDIEU FRANCK | D50: S | E50: H | F50: ='joueurs '!F50 -> 9.3 | G50: CELC | H50: 041120081 | I50: =IF(E50="H",IF(F50<15.5,"H1",IF(F50<24.5,"H2","H3")),IF(E50="F",IF(F50<24.5,"F1","F2"),"")) -> H1 | J50: 17 | K50: 28 | L50: 23 | M50: 34
A51: DEPARDIEU | B51: LINDA | C51: =A51&" "&B51 -> DEPARDIEU LINDA | D51: S | E51: F | F51: ='joueurs '!F51 -> 21.3 | G51: CELC | H51: 528226297 | I51: =IF(E51="H",IF(F51<15.5,"H1",IF(F51<24.5,"H2","H3")),IF(E51="F",IF(F51<24.5,"F1","F2"),"")) -> F1 | J51: 12 | K51: 32 | L51: 17 | M51: 36
A52: DESHAYES | B52: SYLVAIN | C52: =A52&" "&B52 -> DESHAYES SYLVAIN | D52: S | E52: H | F52: ='joueurs '!F52 -> 26.1 | G52: NATIXIS | H52: 528596227 | I52: =IF(E52="H",IF(F52<15.5,"H1",IF(F52<24.5,"H2","H3")),IF(E52="F",IF(F52<24.5,"F1","F2"),"")) -> H3 | J52: 15 | K52: 38 | L52: 8 | M52: 29
A53: DESMARAIS | B53: CATHERINE | C53: =A53&" "&B53 -> DESMARAIS CATHERINE | D53: S | E53: F | F53: ='joueurs '!F53 -> 16 | G53: CEN | H53: 46233087 | I53: =IF(E53="H",IF(F53<15.5,"H1",IF(F53<24.5,"H2","H3")),IF(E53="F",IF(F53<24.5,"F1","F2"),"")) -> F1 | J53: 8 | K53: 18 | L53: 18 | M53: 33
A54: DI GIANNI | B54: MURIEL | C54: =A54&" "&B54 -> DI GIANNI MURIEL | D54: S | E54: F | F54: ='joueurs '!F54 -> 10.3 | G54: BPCE SI | H54: 042600256 | I54: =IF(E54="H",IF(F54<15.5,"H1",IF(F54<24.5,"H2","H3")),IF(E54="F",IF(F54<24.5,"F1","F2"),"")) -> F1 | J54: 25 | K54: 37 | L54: 23 | M54: 35
A55: DIZET | B55: Loïc | C55: =A55&" "&B55 -> DIZET Loïc | D55: S | E55: H | F55: ='joueurs '!F55 -> 15.7 | G55: CEAPC | H55: 43774199 | I55: =IF(E55="H",IF(F55<15.5,"H1",IF(F55<24.5,"H2","H3")),IF(E55="F",IF(F55<24.5,"F1","F2"),"")) -> H2 | J55: 23 | K55: 40 | L55: 22 | M55: 39
A56: DUEZ | B56: Pascal | C56: =A56&" "&B56 -> DUEZ Pascal | D56: S | E56: H | F56: ='joueurs '!F56 -> 23.3 | G56: CELR | H56: 539064209 | I56: =IF(E56="H",IF(F56<15.5,"H1",IF(F56<24.5,"H2","H3")),IF(E56="F",IF(F56<24.5,"F1","F2"),"")) -> H2 | J56: 16 | K56: 38 | L56: 11 | M56: 35
A57: DULAU | B57: Emmanuel | C57: =A57&" "&B57 -> DULAU Emmanuel | D57: S | E57: H | F57: ='joueurs '!F57 -> 15.2 | G57: CEAPC | H57: 525284328 | I57: =IF(E57="H",IF(F57<15.5,"H1",IF(F57<24.5,"H2","H3")),IF(E57="F",IF(F57<24.5,"F1","F2"),"")) -> H1 | J57: 10 | K57: 24 | L57: 19 | M57: 33
A58: DURANDE | B58: Stephane | C58: =A58&" "&B58 -> DURANDE Stephane | D58: S | E58: H | F58: ='joueurs '!F58 -> 14.7 | G58: BPCE IT | H58: 521673236 | I58: =IF(E58="H",IF(F58<15.5,"H1",IF(F58<24.5,"H2","H3")),IF(E58="F",IF(F58<24.5,"F1","F2"),"")) -> H1 | J58: 16 | K58: 27 | L58: 12 | M58: 27
A59: ESCOT | B59: Marc | C59: =A59&" "&B59 -> ESCOT Marc | D59: R | E59: H | F59: ='joueurs '!F59 -> 26.6 | G59: CEAPC | H59: 45194339 | I59: =IF(E59="H",IF(F59<15.5,"H1",IF(F59<24.5,"H2","H3")),IF(E59="F",IF(F59<24.5,"F1","F2"),"")) -> H3 | J59: 9 | K59: 25 | L59: 16 | M59: 40
A60: FERRANDON | B60: STEPHANE | C60: =A60&" "&B60 -> FERRANDON STEPHANE | D60: S | E60: H | F60: ='joueurs '!F60 -> 8.9 | G60: BPBFC | H60: 540085201 | I60: =IF(E60="H",IF(F60<15.5,"H1",IF(F60<24.5,"H2","H3")),IF(E60="F",IF(F60<24.5,"F1","F2"),"")) -> H1 | J60: 19 | K60: 29 | L60: 22 | M60: 31
A61: FERRIERES | B61: Regine | C61: =A61&" "&B61 -> FERRIERES Regine | D61: S | E61: F | F61: ='joueurs '!F61 -> 32.4 | G61: CELR | H61: 43526302 | I61: =IF(E61="H",IF(F61<15.5,"H1",IF(F61<24.5,"H2","H3")),IF(E61="F",IF(F61<24.5,"F1","F2"),"")) -> F2 | J61: 5 | K61: 30 | L61: 1 | M61: 20
A62: FOUASSEAU-QUERBES | B62: Pascale | C62: =A62&" "&B62 -> FOUASSEAU-QUERBES Pascale | D62: S | E62: F | F62: ='joueurs '!F62 -> 54 | G62: CEIDF | H62: 44444355 | I62: =IF(E62="H",IF(F62<15.5,"H1",IF(F62<24.5,"H2","H3")),IF(E62="F",IF(F62<24.5,"F1","F2"),"")) -> F2 | J62: 0 | K62: 15 | L62: 0 | M62: 5
A63: FOURNIER | B63: Corinne | C63: =A63&" "&B63 -> FOURNIER Corinne | D63: S | E63: F | F63: ='joueurs '!F63 -> 18.7 | G63: BPGO | H63: 3147213 | I63: =IF(E63="H",IF(F63<15.5,"H1",IF(F63<24.5,"H2","H3")),IF(E63="F",IF(F63<24.5,"F1","F2"),"")) -> F1 | J63: 19 | K63: 38 | L63: 10 | M63: 24
A64: FRANCHI | B64: ANTOINE | C64: =A64&" "&B64 -> FRANCHI ANTOINE | D64: S | E64: H | F64: ='joueurs '!F64 -> 21.5 | G64: NATIXIS | H64: 519009066 | I64: =IF(E64="H",IF(F64<15.5,"H1",IF(F64<24.5,"H2","H3")),IF(E64="F",IF(F64<24.5,"F1","F2"),"")) -> H2 | J64: 15 | K64: 36 | L64: 18 | M64: 40
A65: GAMBILLO | B65: Franco | C65: =A65&" "&B65 -> GAMBILLO Franco | D65: S | E65: H | F65: ='joueurs '!F65 -> 19.2 | G65: PALATINE | H65: 521918187 | I65: =IF(E65="H",IF(F65<15.5,"H1",IF(F65<24.5,"H2","H3")),IF(E65="F",IF(F65<24.5,"F1","F2"),"")) -> H2 | J65: 20 | K65: 39 | L65: 17 | M65: 35
A66: Garnier | B66: thierry | C66: =A66&" "&B66 -> Garnier thierry | D66: S | E66: H | F66: ='joueurs '!F66 -> 35 | G66: BPCE SA | H66: 514333250 | I66: =IF(E66="H",IF(F66<15.5,"H1",IF(F66<24.5,"H2","H3")),IF(E66="F",IF(F66<24.5,"F1","F2"),"")) -> H3 | J66: 4 | K66: 29 | L66: 6 | M66: 36
... A79: HOUET | B79: Elodie | C79: =A79&" "&B79 -> HOUET Elodie | D79: S | E79: F | F79: ='joueurs '!F79 -> 49 | G79: BPGO | H79: 524317384 | I79: =IF(E79="H",IF(F79<15.5,"H1",IF(F79<24.5,"H2","H3")),IF(E79="F",IF(F79<24.5,"F1","F2"),"")) -> F2 | J79: 11 | K79: 43 | L79: 4 | M79: 33
A80: HOUPIN | B80: Gilles | C80: =A80&" "&B80 -> HOUPIN Gilles | D80: S | E80: H | F80: ='joueurs '!F80 -> 16.1 | G80: BPALC | H80: 516388171 | I80: =IF(E80="H",IF(F80<15.5,"H1",IF(F80<24.5,"H2","H3")),IF(E80="F",IF(F80<24.5,"F1","F2"),"")) -> H2 | J80: 11 | K80: 24 | L80: 7 | M80: 20
A81: HOUSSIN | B81: MARIE CHRISTINE | C81: =A81&" "&B81 -> HOUSSIN MARIE CHRISTINE | D81: S | E81: F | F81: ='joueurs '!F81 -> 21.1 | G81: CEHDF | H81: 43662297 | I81: =IF(E81="H",IF(F81<15.5,"H1",IF(F81<24.5,"H2","H3")),IF(E81="F",IF(F81<24.5,"F1","F2"),"")) -> F1 | J81: 16 | K81: 34 | L81: 9 | M81: 25
A82: IGUAL | B82: CHRISTIAN | C82: =A82&" "&B82 -> IGUAL CHRISTIAN | D82: S | E82: H | F82: ='joueurs '!F82 -> 30.7 | G82: CELC | H82: 45075258 | I82: =IF(E82="H",IF(F82<15.5,"H1",IF(F82<24.5,"H2","H3")),IF(E82="F",IF(F82<24.5,"F1","F2"),"")) -> H3 | J82: 8 | K82: 35 | L82: 18 | M82: 51
A83: ILLIVI | B83: Sylvain | C83: =A83&" "&B83 -> ILLIVI Sylvain | D83: S | E83: H | F83: ='joueurs '!F83 -> 33.2 | G83: CEIDF | H83: 042 898 182 | I83: =IF(E83="H",IF(F83<15.5,"H1",IF(F83<24.5,"H2","H3")),IF(E83="F",IF(F83<24.5,"F1","F2"),"")) -> H3 | J83: 7 | K83: 27 | L83: 5 | M83: 31
A84: JACOB | B84: sebastien | C84: =A84&" "&B84 -> JACOB sebastien | D84: E | E84: H | F84: ='joueurs '!F84 -> 18.1 | G84: sponsor | H84: 45373347 | I84: =IF(E84="H",IF(F84<15.5,"H1",IF(F84<24.5,"H2","H3")),IF(E84="F",IF(F84<24.5,"F1","F2"),"")) -> H2 | J84: 0 | K84: 0 | L84: 7 | M84: 17
A85: JOBERT | B85: Dominique | C85: =A85&" "&B85 -> JOBERT Dominique | D85: S | E85: H | F85: ='joueurs '!F85 -> 31.1 | G85: CEGEE | H85: 517532342 | I85: =IF(E85="H",IF(F85<15.5,"H1",IF(F85<24.5,"H2","H3")),IF(E85="F",IF(F85<24.5,"F1","F2"),"")) -> H3 | J85: 6 | K85: 27 | L85: 4 | M85: 36
A86: LACAZE | B86: NICOLAS | C86: =A86&" "&B86 -> LACAZE NICOLAS | D86: S | E86: H | F86: ='joueurs '!F86 -> 19 | G86: BPOC | H86: 046229200 | I86: =IF(E86="H",IF(F86<15.5,"H1",IF(F86<24.5,"H2","H3")),IF(E86="F",IF(F86<24.5,"F1","F2"),"")) -> H2 | J86: 14 | K86: 32 | L86: 8 | M86: 22
A87: LALANNE | B87: Franck | C87: =A87&" "&B87 -> LALANNE Franck | D87: S | E87: H | F87: ='joueurs '!F87 -> 24.8 | G87: BPGO | H87: 543213165 | I87: =IF(E87="H",IF(F87<15.5,"H1",IF(F87<24.5,"H2","H3")),IF(E87="F",IF(F87<24.5,"F1","F2"),"")) -> H3 | J87: 4 | K87: 13 | L87: 5 | M87: 19
A88: LAMARQUE | B88: Pierre | C88: =A88&" "&B88 -> LAMARQUE Pierre | D88: S | E88: H | F88: ='joueurs '!F88 -> 20.5 | G88: CEAPC | H88: 54 211 62 36 | I88: =IF(E88="H",IF(F88<15.5,"H1",IF(F88<24.5,"H2","H3")),IF(E88="F",IF(F88<24.5,"F1","F2"),"")) -> H2 | J88: 4 | K88: 14 | L88: 4 | M88: 18
A89: LAMBILLON | B89: Sebastien | C89: =A89&" "&B89 -> LAMBILLON Sebastien | D89: S | E89: H | F89: ='joueurs '!F89 -> 17.6 | G89: CEIDF | H89: 512042032 | I89: =IF(E89="H",IF(F89<15.5,"H1",IF(F89<24.5,"H2","H3")),IF(E89="F",IF(F89<24.5,"F1","F2"),"")) -> H2 | J89: 8 | K89: 24 | L89: 14 | M89: 28
A90: LAMOUR | B90: Eric | C90: =A90&" "&B90 -> LAMOUR Eric | D90: S | E90: H | F90: ='joueurs '!F90 -> 13.6 | G90: PALATINE | H90: 44214097 | I90: =IF(E90="H",IF(F90<15.5,"H1",IF(F90<24.5,"H2","H3")),IF(E90="F",IF(F90<24.5,"F1","F2"),"")) -> H1 | J90: 14 | K90: 27 | L90: 18 | M90: 31
A91: LAURENT | B91: JEAN-MARC | C91: =A91&" "&B91 -> LAURENT JEAN-MARC | D91: S | E91: H | F91: ='joueurs '!F91 -> 12.4 | G91: BPCE SI | H91: 542201090 | I91: =IF(E91="H",IF(F91<15.5,"H1",IF(F91<24.5,"H2","H3")),IF(E91="F",IF(F91<24.5,"F1","F2"),"")) -> H1 | J91: 14 | K91: 23 | L91: 19 | M91: 33
A92: LE DRU | B92: Jean-Jacques | C92: =A92&" "&B92 -> LE DRU Jean-Jacques | D92: S | E92: H | F92: ='joueurs '!F92 -> 23.3 | G92: CEIDF | H92: 520138218 | I92: =IF(E92="H",IF(F92<15.5,"H1",IF(F92<24.5,"H2","H3")),IF(E92="F",IF(F92<24.5,"F1","F2"),"")) -> H2 | J92: 12 | K92: 29 | L92: 9 | M92: 31
A93: LECLERCQ | B93: Alexandre | C93: =A93&" "&B93 -> LECLERCQ Alexandre | D93: S | E93: H | F93: ='joueurs '!F93 -> 29.9 | G93: CEIDF | H93: 512643053 | I93: =IF(E93="H",IF(F93<15.5,"H1",IF(F93<24.5,"H2","H3")),IF(E93="F",IF(F93<24.5,"F1","F2"),"")) -> H3 | J93: 14 | K93: 41 | L93: 22 | M93: 51
A94: LEFEVRE | B94: catherine | C94: =A94&" "&B94 -> LEFEVRE catherine | D94: S | E94: F | F94: ='joueurs '!F94 -> 37.4 | G94: BPCE SA | H94: 518607180 | I94: =IF(E94="H",IF(F94<15.5,"H1",IF(F94<24.5,"H2","H3")),IF(E94="F",IF(F94<24.5,"F1","F2"),"")) -> F2 | J94: 8 | K94: 32 | L94: 5 | M94: 28
A95: LEFEVRE | B95: THIERRY | C95: =A95&" "&B95 -> LEFEVRE THIERRY | D95: E | E95: H | F95: ='joueurs '!F95 -> 25.3 | G95: NATIXIS | H95: 41214347 | I95: =IF(E95="H",IF(F95<15.5,"H1",IF(F95<24.5,"H2","H3")),IF(E95="F",IF(F95<24.5,"F1","F2"),"")) -> H3 | J95: 11 | K95: 28 | L95: 13 | M95: 37
A96: LEGROS | B96: DANIEL | C96: =A96&" "&B96 -> LEGROS DANIEL | D96: S | E96: H | F96: ='joueurs '!F96 -> 20.5 | G96: TURBO BPCE | H96: 520245343 | I96: =IF(E96="H",IF(F96<15.5,"H1",IF(F96<24.5,"H2","H3")),IF(E96="F",IF(F96<24.5,"F1","F2"),"")) -> H2 | J96: 10 | K96: 27 | L96: 14 | M96: 33
A97: LEIBMANN | B97: LAURENT | C97: =A97&" "&B97 -> LEIBMANN LAURENT | D97: S | E97: H | F97: ='joueurs '!F97 -> 19.3 | G97: NATIXIS | H97: 47203021 | I97: =IF(E97="H",IF(F97<15.5,"H1",IF(F97<24.5,"H2","H3")),IF(E97="F",IF(F97<24.5,"F1","F2"),"")) -> H2 | J97: 16 | K97: 35 | L97: 10 | M97: 28
A98: LETHONGSAVARN | B98: Vivien | C98: =A98&" "&B98 -> LETHONGSAVARN Vivien | D98: E | E98: H | F98: ='joueurs '!F98 -> 24.3 | G98: CEIDF | H98: 545649245 | I98: =IF(E98="H",IF(F98<15.5,"H1",IF(F98<24.5,"H2","H3")),IF(E98="F",IF(F98<24.5,"F1","F2"),"")) -> H2 | J98: 16 | K98: 41 | L98: 11 | M98: 31
A99: LEURS | B99: JEFF | C99: =A99&" "&B99 -> LEURS JEFF | D99: S | E99: H | F99: ='joueurs '!F99 -> 11.5 | G99: CEMP | H99: 525212217 | I99: =IF(E99="H",IF(F99<15.5,"H1",IF(F99<24.5,"H2","H3")),IF(E99="F",IF(F99<24.5,"F1","F2"),"")) -> H1 | J99: 21 | K99: 34 | L99: 18 | M99: 30
A100: LIGOUGNE | B100: JEAN CHRISTOPHE | C100: =A100&" "&B100 -> LIGOUGNE JEAN CHRISTOPHE | D100: S | E100: H | F100: ='joueurs '!F100 -> 16.2 | G100: CEN | H100: 520895203 | I100: =IF(E100="H",IF(F100<15.5,"H1",IF(F100<24.5,"H2","H3")),IF(E100="F",IF(F100<24.5,"F1","F2"),"")) -> H2 | J100: 15 | K100: 30 | L100: 15 | M100: 28
... A102: LUCQ | B102: Laurent | C102: =A102&" "&B102 -> LUCQ Laurent | D102: E | E102: H | F102: ='joueurs '!F102 -> 22.2 | G102: CEBFC | H102: 48143143 | I102: =IF(E102="H",IF(F102<15.5,"H1",IF(F102<24.5,"H2","H3")),IF(E102="F",IF(F102<24.5,"F1","F2"),"")) -> H2 | J102: 11 | K102: 28 | L102: 7 | M102: 26
A103: LUGIER | B103: Christian | C103: =A103&" "&B103 -> LUGIER Christian | D103: R | E103: H | F103: ='joueurs '!F103 -> 39.7 | G103: CEAPC | H103: 43 937327 | I103: =IF(E103="H",IF(F103<15.5,"H1",IF(F103<24.5,"H2","H3")),IF(E103="F",IF(F103<24.5,"F1","F2"),"")) -> H3 | J103: 2 | K103: 24 | L103: 4 | M103: 27
A104: LUTTMANN | B104: Emmanuel | C104: =A104&" "&B104 -> LUTTMANN Emmanuel | D104: S | E104: H | F104: ='joueurs '!F104 -> 24.8 | G104: CEGEE | H104: 542250199 | I104: =IF(E104="H",IF(F104<15.5,"H1",IF(F104<24.5,"H2","H3")),IF(E104="F",IF(F104<24.5,"F1","F2"),"")) -> H3 | J104: 8 | K104: 29 | L104: 11 | M104: 30
A105: MAGI | B105: MICHEL | C105: =A105&" "&B105 -> MAGI MICHEL | D105: S | E105: H | F105: ='joueurs '!F105 -> 17.7 | G105: CEGEE | H105: 517331354 | I105: =IF(E105="H",IF(F105<15.5,"H1",IF(F105<24.5,"H2","H3")),IF(E105="F",IF(F105<24.5,"F1","F2"),"")) -> H2 | J105: 15 | K105: 29 | L105: 8 | M105: 21
A106: MAJOIS | B106: Eric | C106: =A106&" "&B106 -> MAJOIS Eric | D106: S | E106: H | F106: ='joueurs '!F106 -> 21.3 | G106: BPGO | H106: 529362067 | I106: =IF(E106="H",IF(F106<15.5,"H1",IF(F106<24.5,"H2","H3")),IF(E106="F",IF(F106<24.5,"F1","F2"),"")) -> H2 | J106: 7 | K106: 19 | L106: 7 | M106: 17
A107: MANSIOUS | B107: CHRISTOPHE | C107: =A107&" "&B107 -> MANSIOUS CHRISTOPHE | D107: S | E107: H | F107: ='joueurs '!F107 -> 9.1 | G107: BPOC | H107: 530469155 | I107: =IF(E107="H",IF(F107<15.5,"H1",IF(F107<24.5,"H2","H3")),IF(E107="F",IF(F107<24.5,"F1","F2"),"")) -> H1 | J107: 16 | K107: 26 | L107: 20 | M107: 30
A108: MARINIER | B108: FREDERIC | C108: =A108&" "&B108 -> MARINIER FREDERIC | D108: S | E108: H | F108: ='joueurs '!F108 -> 10.6 | G108: CELC | H108: 041196082 | I108: =IF(E108="H",IF(F108<15.5,"H1",IF(F108<24.5,"H2","H3")),IF(E108="F",IF(F108<24.5,"F1","F2"),"")) -> H1 | J108: 25 | K108: 35 | L108: 21 | M108: 34
A109: MARTY | B109: CHRISTIAN | C109: =A109&" "&B109 -> MARTY CHRISTIAN | D109: S | E109: H | F109: ='joueurs '!F109 -> 13.1 | G109: BPAURA | H109: 513007140 | I109: =IF(E109="H",IF(F109<15.5,"H1",IF(F109<24.5,"H2","H3")),IF(E109="F",IF(F109<24.5,"F1","F2"),"")) -> H1 | J109: 14 | K109: 26 | L109: 13 | M109: 23
A110: MATTEI | B110: VERONIQUE | C110: =A110&" "&B110 -> MATTEI VERONIQUE | D110: S | E110: F | F110: ='joueurs '!F110 -> 36.4 | G110: BPCE SI | H110: 045448132 | I110: =IF(E110="H",IF(F110<15.5,"H1",IF(F110<24.5,"H2","H3")),IF(E110="F",IF(F110<24.5,"F1","F2"),"")) -> F2 | J110: 10 | K110: 42 | L110: 6 | M110: 30
A111: MEDENOUVO | B111: Rolic | C111: =A111&" "&B111 -> MEDENOUVO Rolic | D111: S | E111: H | F111: ='joueurs '!F111 -> 26.1 | G111: CEIDF | H111: 514651344 | I111: =IF(E111="H",IF(F111<15.5,"H1",IF(F111<24.5,"H2","H3")),IF(E111="F",IF(F111<24.5,"F1","F2"),"")) -> H3 | J111: 10 | K111: 32 | L111: 15 | M111: 42
A112: MEROUR | B112: Stéphane | C112: =A112&" "&B112 -> MEROUR Stéphane | D112: S | E112: H | F112: ='joueurs '!F112 -> 19.5 | G112: CEAPC | H112: 511 843 142 | I112: =IF(E112="H",IF(F112<15.5,"H1",IF(F112<24.5,"H2","H3")),IF(E112="F",IF(F112<24.5,"F1","F2"),"")) -> H2 | J112: 18 | K112: 36 | L112: 12 | M112: 30
A113: MEULEMAN | B113: DAVID | C113: =A113&" "&B113 -> MEULEMAN DAVID | D113: S | E113: H | F113: ='joueurs '!F113 -> 12.4 | G113: CEN | H113: 516537241 | I113: =IF(E113="H",IF(F113<15.5,"H1",IF(F113<24.5,"H2","H3")),IF(E113="F",IF(F113<24.5,"F1","F2"),"")) -> H1 | J113: 13 | K113: 21 | L113: 19 | M113: 32
A114: MOCAER | B114: Elodie | C114: =A114&" "&B114 -> MOCAER Elodie | D114: S | E114: F | F114: ='joueurs '!F114 -> 52.8 | G114: CEAPC | H114: 514 113 372 | I114: =IF(E114="H",IF(F114<15.5,"H1",IF(F114<24.5,"H2","H3")),IF(E114="F",IF(F114<24.5,"F1","F2"),"")) -> F2 | J114: 3 | K114: 21 | L114: 3 | M114: 24
A115: MONOT | B115: Pierre | C115: =A115&" "&B115 -> MONOT Pierre | D115: S | E115: H | F115: ='joueurs '!F115 -> 14.7 | G115: CEBPL | H115: 529325357 | I115: =IF(E115="H",IF(F115<15.5,"H1",IF(F115<24.5,"H2","H3")),IF(E115="F",IF(F115<24.5,"F1","F2"),"")) -> H1 | J115: 9 | K115: 23 | L115: 14 | M115: 25
A116: MOREL | B116: PHILIPPE | C116: =A116&" "&B116 -> MOREL PHILIPPE | D116: S | E116: H | F116: ='joueurs '!F116 -> 24 | G116: CELC | H116: 047321336 | I116: =IF(E116="H",IF(F116<15.5,"H1",IF(F116<24.5,"H2","H3")),IF(E116="F",IF(F116<24.5,"F1","F2"),"")) -> H2 | J116: 15 | K116: 37 | L116: 9 | M116: 32
A117: MORFIN | B117: ALAIN | C117: =A117&" "&B117 -> MORFIN ALAIN | D117: E | E117: H | F117: ='joueurs '!F117 -> 18.2 | G117: CEPAC | H117: 042597213 | I117: =IF(E117="H",IF(F117<15.5,"H1",IF(F117<24.5,"H2","H3")),IF(E117="F",IF(F117<24.5,"F1","F2"),"")) -> H2 | J117: 14 | K117: 31 | L117: 20 | M117: 40
A118: MORGANT JAFFEUX | B118: Elisabeth | C118: =A118&" "&B118 -> MORGANT JAFFEUX Elisabeth | D118: S | E118: F | F118: ='joueurs '!F118 -> 45.1 | G118: BPGO | H118: 46795342 | I118: =IF(E118="H",IF(F118<15.5,"H1",IF(F118<24.5,"H2","H3")),IF(E118="F",IF(F118<24.5,"F1","F2"),"")) -> F2 | J118: 1 | K118: 14 | L118: 0 | M118: 0
A119: MOSTEFAI | B119: Jean-claude | C119: =A119&" "&B119 -> MOSTEFAI Jean-claude | D119: S | E119: H | F119: ='joueurs '!F119 -> 27 | G119: CEIDF | H119: 531707074 | I119: =IF(E119="H",IF(F119<15.5,"H1",IF(F119<24.5,"H2","H3")),IF(E119="F",IF(F119<24.5,"F1","F2"),"")) -> H3 | J119: 11 | K119: 33 | L119: 9 | M119: 32
...

Sheet brut net 
C1: Résultat global challenge Golf BPCE Sports 2026 DOURDAN
A2: Nom | B2: Prénom | C2: Joueurs | D2: Statut | E2: Sexe | F2: Index | G2: Entité | H2: Licence FFG | I2: série | J2: Brut J1 H1-F1 Courson v/n H2 Marivaux H3 Courson l/o F2 Forges | K2: NET J1 H1-F1 Courson v/n H2 Marivaux H3 Courson l/o F2 Forges | L2: Brut J2 H1-F1 Marivaux H2 Courson v/n H3 Forges F2 Courson l/o | M2: Net J2 H1-F1 Marivaux H2 Courson v/n H3 Forges F2 Courson l/o
A3: ADAM | B3: HUBERT | C3: =A3&" "&B3 -> ADAM HUBERT | D3: S | E3: H | F3: ='joueurs '!F2 -> 29.4 | G3: CEHDF | H3: 540498177 | I3: =IF(E3="H",IF(F3<15.5,"H1",IF(F3<24.5,"H2","H3")),IF(E3="F",IF(F3<24.5,"F1","F2"),"")) -> H3 | J3: ='Feuille saisie score '!J2 -> 9 | K3: ='Feuille saisie score '!K2 -> 32 | L3: ='Feuille saisie score '!L2 -> 15 | M3: ='Feuille saisie score '!M2 -> 39
A4: ADOLPHE | B4: DENIS | C4: =A4&" "&B4 -> ADOLPHE DENIS | D4: S | E4: H | F4: ='joueurs '!#REF! -> #REF! | G4: CEN | H4: 515798195 | I4: =IF(E4="H",IF(F4<15.5,"H1",IF(F4<24.5,"H2","H3")),IF(E4="F",IF(F4<24.5,"F1","F2"),"")) -> #REF! | J4: ='Feuille saisie score '!#REF! -> #REF! | K4: ='Feuille saisie score '!#REF! -> #REF! | L4: ='Feuille saisie score '!#REF! -> #REF! | M4: ='Feuille saisie score '!#REF! -> #REF!
A5: ALAMICHEL | B5: Valérie | C5: =A5&" "&B5 -> ALAMICHEL Valérie | D5: E | E5: F | F5: ='joueurs '!F3 -> 34.1 | G5: BPCE SA | H5: 522832259 | I5: =IF(E5="H",IF(F5<15.5,"H1",IF(F5<24.5,"H2","H3")),IF(E5="F",IF(F5<24.5,"F1","F2"),"")) -> F2 | J5: ='Feuille saisie score '!J3 -> 4 | K5: ='Feuille saisie score '!K3 -> 29 | L5: ='Feuille saisie score '!L3 -> 6 | M5: ='Feuille saisie score '!M3 -> 24
A6: ALLAIN | B6: LOIC | C6: =A6&" "&B6 -> ALLAIN LOIC | D6: S | E6: H | F6: ='joueurs '!F4 -> 32.6 | G6: BPBFC | H6: 527813190 | I6: =IF(E6="H",IF(F6<15.5,"H1",IF(F6<24.5,"H2","H3")),IF(E6="F",IF(F6<24.5,"F1","F2"),"")) -> H3 | J6: ='Feuille saisie score '!J4 -> 5 | K6: ='Feuille saisie score '!K4 -> 28 | L6: ='Feuille saisie score '!L4 -> 7 | M6: ='Feuille saisie score '!M4 -> 35
A7: ANDURAND | B7: Jérôme | C7: =A7&" "&B7 -> ANDURAND Jérôme | D7: S | E7: H | F7: ='joueurs '!F5 -> 15.4 | G7: CEAPC | H7: 514507116 | I7: =IF(E7="H",IF(F7<15.5,"H1",IF(F7<24.5,"H2","H3")),IF(E7="F",IF(F7<24.5,"F1","F2"),"")) -> H1 | J7: ='Feuille saisie score '!J5 -> 15 | K7: ='Feuille saisie score '!K5 -> 30 | L7: ='Feuille saisie score '!L5 -> 23 | M7: ='Feuille saisie score '!M5 -> 37
A8: ASTIER | B8: DOMINIQUE | C8: =A8&" "&B8 -> ASTIER DOMINIQUE | D8: S | E8: H | F8: ='joueurs '!F6 -> 24.6 | G8: BPAURA | H8: 47116117 | I8: =IF(E8="H",IF(F8<15.5,"H1",IF(F8<24.5,"H2","H3")),IF(E8="F",IF(F8<24.5,"F1","F2"),"")) -> H3 | J8: ='Feuille saisie score '!J6 -> 5 | K8: ='Feuille saisie score '!K6 -> 19 | L8: ='Feuille saisie score '!L6 -> 15 | M8: ='Feuille saisie score '!M6 -> 40
A9: AUBRY | B9: MARC | C9: =A9&" "&B9 -> AUBRY MARC | D9: S | E9: H | F9: ='joueurs '!F7 -> 20.2 | G9: CELC | H9: 510880336 | I9: =IF(E9="H",IF(F9<15.5,"H1",IF(F9<24.5,"H2","H3")),IF(E9="F",IF(F9<24.5,"F1","F2"),"")) -> H2 | J9: ='Feuille saisie score '!J7 -> 13 | K9: ='Feuille saisie score '!K7 -> 34 | L9: ='Feuille saisie score '!L7 -> 8 | M9: ='Feuille saisie score '!M7 -> 28
A10: AYMARD | B10: FREDERIC | C10: =A10&" "&B10 -> AYMARD FREDERIC | D10: S | E10: H | F10: ='joueurs '!F8 -> 16.5 | G10: BPOC | H10: 526237207 | I10: =IF(E10="H",IF(F10<15.5,"H1",IF(F10<24.5,"H2","H3")),IF(E10="F",IF(F10<24.5,"F1","F2"),"")) -> H2 | J10: ='Feuille saisie score '!J8 -> 12 | K10: ='Feuille saisie score '!K8 -> 28 | L10: ='Feuille saisie score '!L8 -> 12 | M10: ='Feuille saisie score '!M8 -> 26
A11: BACHELARD | B11: Sébastien | C11: =A11&" "&B11 -> BACHELARD Sébastien | D11: S | E11: H | F11: ='joueurs '!F9 -> 9.4 | G11: BPCE IT | H11: 543699178 | I11: =IF(E11="H",IF(F11<15.5,"H1",IF(F11<24.5,"H2","H3")),IF(E11="F",IF(F11<24.5,"F1","F2"),"")) -> H1 | J11: ='Feuille saisie score '!J9 -> 26 | K11: ='Feuille saisie score '!K9 -> 39 | L11: ='Feuille saisie score '!L9 -> 18 | M11: ='Feuille saisie score '!M9 -> 28
A12: BARROT | B12: MICHEL | C12: =A12&" "&B12 -> BARROT MICHEL | D12: S | E12: H | F12: ='joueurs '!F10 -> 18.5 | G12: NATIXIS | H12: 520164109 | I12: =IF(E12="H",IF(F12<15.5,"H1",IF(F12<24.5,"H2","H3")),IF(E12="F",IF(F12<24.5,"F1","F2"),"")) -> H2 | J12: ='Feuille saisie score '!J10 -> 15 | K12: ='Feuille saisie score '!K10 -> 30 | L12: ='Feuille saisie score '!L10 -> 15 | M12: ='Feuille saisie score '!M10 -> 32
A13: BARTHELEMI | B13: Philippe | C13: =A13&" "&B13 -> BARTHELEMI Philippe | D13: S | E13: H | F13: ='joueurs '!F11 -> 43.1 | G13: CEGC | H13: 517273355 | I13: =IF(E13="H",IF(F13<15.5,"H1",IF(F13<24.5,"H2","H3")),IF(E13="F",IF(F13<24.5,"F1","F2"),"")) -> H3 | J13: ='Feuille saisie score '!J11 -> 3 | K13: ='Feuille saisie score '!K11 -> 15 | L13: ='Feuille saisie score '!L11 -> 2 | M13: ='Feuille saisie score '!M11 -> 20
A14: BATAILLE | B14: Philippe | C14: =A14&" "&B14 -> BATAILLE Philippe | D14: S | E14: H | F14: ='joueurs '!F12 -> 19.3 | G14: CEBPL | H14: 48652194 | I14: =IF(E14="H",IF(F14<15.5,"H1",IF(F14<24.5,"H2","H3")),IF(E14="F",IF(F14<24.5,"F1","F2"),"")) -> H2 | J14: ='Feuille saisie score '!J12 -> 10 | K14: ='Feuille saisie score '!K12 -> 23 | L14: ='Feuille saisie score '!L12 -> 19 | M14: ='Feuille saisie score '!M12 -> 33
A15: BAUDIN | B15: Anne | C15: =A15&" "&B15 -> BAUDIN Anne | D15: S | E15: F | F15: ='joueurs '!F13 -> 11.2 | G15: CEIDF | H15: O45 762 186 | I15: =IF(E15="H",IF(F15<15.5,"H1",IF(F15<24.5,"H2","H3")),IF(E15="F",IF(F15<24.5,"F1","F2"),"")) -> F1 | J15: ='Feuille saisie score '!J13 -> 24 | K15: ='Feuille saisie score '!K13 -> 39 | L15: ='Feuille saisie score '!L13 -> 25 | M15: ='Feuille saisie score '!M13 -> 39
A16: BAUDIN | B16: Gilles | C16: =A16&" "&B16 -> BAUDIN Gilles | D16: E | E16: H | F16: ='joueurs '!F14 -> 15.6 | G16: CEIDF | H16: 543819163 | I16: =IF(E16="H",IF(F16<15.5,"H1",IF(F16<24.5,"H2","H3")),IF(E16="F",IF(F16<24.5,"F1","F2"),"")) -> H2 | J16: ='Feuille saisie score '!J14 -> 17 | K16: ='Feuille saisie score '!K14 -> 30 | L16: ='Feuille saisie score '!L14 -> 13 | M16: ='Feuille saisie score '!M14 -> 28
A17: BEAUDOUIN | B17: ROMAIN | C17: =A17&" "&B17 -> BEAUDOUIN ROMAIN | D17: S | E17: H | F17: ='joueurs '!F15 -> 17.5 | G17: NATIXIS | H17: 542293250 | I17: =IF(E17="H",IF(F17<15.5,"H1",IF(F17<24.5,"H2","H3")),IF(E17="F",IF(F17<24.5,"F1","F2"),"")) -> H2 | J17: ='Feuille saisie score '!J15 -> 14 | K17: ='Feuille saisie score '!K15 -> 30 | L17: ='Feuille saisie score '!L15 -> 12 | M17: ='Feuille saisie score '!M15 -> 29
A18: BENASSI | B18: Thibaud | C18: =A18&" "&B18 -> BENASSI Thibaud | D18: E | E18: H | F18: ='joueurs '!F16 -> 46 | G18: sponsor | H18: 510707363 | I18: =IF(E18="H",IF(F18<15.5,"H1",IF(F18<24.5,"H2","H3")),IF(E18="F",IF(F18<24.5,"F1","F2"),"")) -> H3 | J18: ='Feuille saisie score '!J16 -> 1 | K18: ='Feuille saisie score '!K16 -> 12 | L18: ='Feuille saisie score '!L16 -> 5 | M18: ='Feuille saisie score '!M16 -> 35
A19: BENOIT | B19: Christine | C19: =A19&" "&B19 -> BENOIT Christine | D19: S | E19: F | F19: ='joueurs '!F17 -> 40 | G19: CEGEE | H19: 522770334 | I19: =IF(E19="H",IF(F19<15.5,"H1",IF(F19<24.5,"H2","H3")),IF(E19="F",IF(F19<24.5,"F1","F2"),"")) -> F2 | J19: ='Feuille saisie score '!J17 -> 8 | K19: ='Feuille saisie score '!K17 -> 38 | L19: ='Feuille saisie score '!L17 -> 7 | M19: ='Feuille saisie score '!M17 -> 30
A20: BERTON | B20: Nicolas | C20: =A20&" "&B20 -> BERTON Nicolas | D20: S | E20: H | F20: ='joueurs '!F18 -> 11.4 | G20: BPALC | H20: 539465204 | I20: =IF(E20="H",IF(F20<15.5,"H1",IF(F20<24.5,"H2","H3")),IF(E20="F",IF(F20<24.5,"F1","F2"),"")) -> H1 | J20: ='Feuille saisie score '!J18 -> 21 | K20: ='Feuille saisie score '!K18 -> 31 | L20: ='Feuille saisie score '!L18 -> 9 | M20: ='Feuille saisie score '!M18 -> 19
A21: BEUVELOT | B21: Gaël | C21: =A21&" "&B21 -> BEUVELOT Gaël | D21: S | E21: H | F21: ='joueurs '!F19 -> 11.9 | G21: CEAPC | H21: 533283215 | I21: =IF(E21="H",IF(F21<15.5,"H1",IF(F21<24.5,"H2","H3")),IF(E21="F",IF(F21<24.5,"F1","F2"),"")) -> H1 | J21: ='Feuille saisie score '!J19 -> 10 | K21: ='Feuille saisie score '!K19 -> 19 | L21: ='Feuille saisie score '!L19 -> 7 | M21: ='Feuille saisie score '!M19 -> 16
A22: BOUDON | B22: PIERRE | C22: =A22&" "&B22 -> BOUDON PIERRE | D22: S | E22: H | F22: ='joueurs '!F20 -> 13 | G22: NATIXIS | H22: 43937161 | I22: =IF(E22="H",IF(F22<15.5,"H1",IF(F22<24.5,"H2","H3")),IF(E22="F",IF(F22<24.5,"F1","F2"),"")) -> H1 | J22: ='Feuille saisie score '!J20 -> 17 | K22: ='Feuille saisie score '!K20 -> 29 | L22: ='Feuille saisie score '!L20 -> 18 | M22: ='Feuille saisie score '!M20 -> 29
A23: BOULDOIRES | B23: Bertrand | C23: =A23&" "&B23 -> BOULDOIRES Bertrand | D23: S | E23: H | F23: ='joueurs '!F21 -> 7 | G23: CEAPC | H23: 52 541 21 26 | I23: =IF(E23="H",IF(F23<15.5,"H1",IF(F23<24.5,"H2","H3")),IF(E23="F",IF(F23<24.5,"F1","F2"),"")) -> H1 | J23: ='Feuille saisie score '!J21 -> 13 | K23: ='Feuille saisie score '!K21 -> 21 | L23: ='Feuille saisie score '!L21 -> 6 | M23: ='Feuille saisie score '!M21 -> 11
A24: BOURSIER | B24: ANTHONY | C24: =A24&" "&B24 -> BOURSIER ANTHONY | D24: S | E24: H | F24: ='joueurs '!F22 -> 21.2 | G24: CELC | H24: 547840202 | I24: =IF(E24="H",IF(F24<15.5,"H1",IF(F24<24.5,"H2","H3")),IF(E24="F",IF(F24<24.5,"F1","F2"),"")) -> H2 | J24: ='Feuille saisie score '!J22 -> 14 | K24: ='Feuille saisie score '!K22 -> 30 | L24: ='Feuille saisie score '!L22 -> 7 | M24: ='Feuille saisie score '!M22 -> 22
A25: BOUSSELET | B25: Bertrand | C25: =A25&" "&B25 -> BOUSSELET Bertrand | D25: S | E25: H | F25: ='joueurs '!F23 -> 15.5 | G25: CEIDF | H25: 3837290 | I25: =IF(E25="H",IF(F25<15.5,"H1",IF(F25<24.5,"H2","H3")),IF(E25="F",IF(F25<24.5,"F1","F2"),"")) -> H2 | J25: ='Feuille saisie score '!J23 -> 8 | K25: ='Feuille saisie score '!K23 -> 20 | L25: ='Feuille saisie score '!L23 -> 15 | M25: ='Feuille saisie score '!M23 -> 31
A26: BRIGNON | B26: MICHEL | C26: =A26&" "&B26 -> BRIGNON MICHEL | D26: S | E26: H | F26: ='joueurs '!F24 -> 20.4 | G26: CELC | H26: 515715265 | I26: =IF(E26="H",IF(F26<15.5,"H1",IF(F26<24.5,"H2","H3")),IF(E26="F",IF(F26<24.5,"F1","F2"),"")) -> H2 | J26: ='Feuille saisie score '!J24 -> 11 | K26: ='Feuille saisie score '!K24 -> 24 | L26: ='Feuille saisie score '!L24 -> 12 | M26: ='Feuille saisie score '!M24 -> 30
A27: BRKIC | B27: Alexandre | C27: =A27&" "&B27 -> BRKIC Alexandre | D27: S | E27: H | F27: ='joueurs '!F25 -> 19 | G27: CEIDF | H27: 48647147 | I27: =IF(E27="H",IF(F27<15.5,"H1",IF(F27<24.5,"H2","H3")),IF(E27="F",IF(F27<24.5,"F1","F2"),"")) -> H2 | J27: ='Feuille saisie score '!J25 -> 18 | K27: ='Feuille saisie score '!K25 -> 34 | L27: ='Feuille saisie score '!L25 -> 12 | M27: ='Feuille saisie score '!M25 -> 26
A28: BURSON | B28: Didier | C28: =A28&" "&B28 -> BURSON Didier | D28: S | E28: H | F28: ='joueurs '!F26 -> 41.6 | G28: CEBFC | H28: 546096359 | I28: =IF(E28="H",IF(F28<15.5,"H1",IF(F28<24.5,"H2","H3")),IF(E28="F",IF(F28<24.5,"F1","F2"),"")) -> H3 | J28: ='Feuille saisie score '!J26 -> 2 | K28: ='Feuille saisie score '!K26 -> 18 | L28: ='Feuille saisie score '!L26 -> 6 | M28: ='Feuille saisie score '!M26 -> 34
A29: CAILLAT | B29: Pierre Yves | C29: =A29&" "&B29 -> CAILLAT Pierre Yves | D29: S | E29: H | F29: ='joueurs '!F27 -> 24.3 | G29: PALATINE | H29: 217085 | I29: =IF(E29="H",IF(F29<15.5,"H1",IF(F29<24.5,"H2","H3")),IF(E29="F",IF(F29<24.5,"F1","F2"),"")) -> H2 | J29: ='Feuille saisie score '!J27 -> 12 | K29: ='Feuille saisie score '!K27 -> 30 | L29: ='Feuille saisie score '!L27 -> 12 | M29: ='Feuille saisie score '!M27 -> 30
A30: CARRETERO | B30: CYRIL | C30: =A30&" "&B30 -> CARRETERO CYRIL | D30: S | E30: H | F30: ='joueurs '!#REF! -> #REF! | G30: BPAURA | H30: 49097216 | I30: =IF(E30="H",IF(F30<15.5,"H1",IF(F30<24.5,"H2","H3")),IF(E30="F",IF(F30<24.5,"F1","F2"),"")) -> #REF! | J30: ='Feuille saisie score '!#REF! -> #REF! | K30: ='Feuille saisie score '!#REF! -> #REF! | L30: ='Feuille saisie score '!#REF! -> #REF! | M30: ='Feuille saisie score '!#REF! -> #REF!
A31: CHAMOUTON | B31: Patrick | C31: =A31&" "&B31 -> CHAMOUTON Patrick | D31: S | E31: H | F31: ='joueurs '!F28 -> 37 | G31: CEBFC | H31: 533662190 | I31: =IF(E31="H",IF(F31<15.5,"H1",IF(F31<24.5,"H2","H3")),IF(E31="F",IF(F31<24.5,"F1","F2"),"")) -> H3 | J31: ='Feuille saisie score '!J28 -> 11 | K31: ='Feuille saisie score '!K28 -> 41 | L31: ='Feuille saisie score '!L28 -> 7 | M31: ='Feuille saisie score '!M28 -> 40
A32: CHENOUNA | B32: Rachel | C32: =A32&" "&B32 -> CHENOUNA Rachel | D32: S | E32: F | F32: ='joueurs '!F29 -> 40.4 | G32: CEIDF | H32: 42104315 | I32: =IF(E32="H",IF(F32<15.5,"H1",IF(F32<24.5,"H2","H3")),IF(E32="F",IF(F32<24.5,"F1","F2"),"")) -> F2 | J32: ='Feuille saisie score '!J29 -> 4 | K32: ='Feuille saisie score '!K29 -> 27 | L32: ='Feuille saisie score '!L29 -> 5 | M32: ='Feuille saisie score '!M29 -> 22
A33: CHENOUNA | B33: Djilali | C33: =A33&" "&B33 -> CHENOUNA Djilali | D33: E | E33: H | F33: ='joueurs '!F30 -> 21.4 | G33: CEIDF | H33: 42075243 | I33: =IF(E33="H",IF(F33<15.5,"H1",IF(F33<24.5,"H2","H3")),IF(E33="F",IF(F33<24.5,"F1","F2"),"")) -> H2 | J33: ='Feuille saisie score '!J30 -> 10 | K33: ='Feuille saisie score '!K30 -> 24 | L33: ='Feuille saisie score '!L30 -> 14 | M33: ='Feuille saisie score '!M30 -> 33
A34: CHIFFARD | B34: YVES | C34: =A34&" "&B34 -> CHIFFARD YVES | D34: E | E34: H | F34: ='joueurs '!#REF! -> #REF! | G34: CEN | H34: 530666192 | I34: =IF(E34="H",IF(F34<15.5,"H1",IF(F34<24.5,"H2","H3")),IF(E34="F",IF(F34<24.5,"F1","F2"),"")) -> #REF! | J34: ='Feuille saisie score '!#REF! -> #REF! | K34: ='Feuille saisie score '!#REF! -> #REF! | L34: ='Feuille saisie score '!#REF! -> #REF! | M34: ='Feuille saisie score '!#REF! -> #REF!
A35: CHUSSEAU | B35: Cedric | C35: =A35&" "&B35 -> CHUSSEAU Cedric | D35: S | E35: H | F35: ='joueurs '!F31 -> 21.6 | G35: CEIDF | H35: 42078247 | I35: =IF(E35="H",IF(F35<15.5,"H1",IF(F35<24.5,"H2","H3")),IF(E35="F",IF(F35<24.5,"F1","F2"),"")) -> H2 | J35: ='Feuille saisie score '!J31 -> 13 | K35: ='Feuille saisie score '!K31 -> 31 | L35: ='Feuille saisie score '!L31 -> 13 | M35: ='Feuille saisie score '!M31 -> 31
A36: CIRENI | B36: Maria-Grazia | C36: =A36&" "&B36 -> CIRENI Maria-Grazia | D36: E | E36: F | F36: ='joueurs '!F32 -> 38 | G36: CEIDF | H36: 41775191 | I36: =IF(E36="H",IF(F36<15.5,"H1",IF(F36<24.5,"H2","H3")),IF(E36="F",IF(F36<24.5,"F1","F2"),"")) -> F2 | J36: ='Feuille saisie score '!J32 -> 10 | K36: ='Feuille saisie score '!K32 -> 37 | L36: ='Feuille saisie score '!L32 -> 5 | M36: ='Feuille saisie score '!M32 -> 35
A37: COLL | B37: Marlène | C37: =A37&" "&B37 -> COLL Marlène | D37: S | E37: F | F37: ='joueurs '!F33 -> 35.7 | G37: CEAPC | H37: 41992290 | I37: =IF(E37="H",IF(F37<15.5,"H1",IF(F37<24.5,"H2","H3")),IF(E37="F",IF(F37<24.5,"F1","F2"),"")) -> F2 | J37: ='Feuille saisie score '!J33 -> 4 | K37: ='Feuille saisie score '!K33 -> 27 | L37: ='Feuille saisie score '!L33 -> 5 | M37: ='Feuille saisie score '!M33 -> 21
A38: CORDIER | B38: Matthieu | C38: =A38&" "&B38 -> CORDIER Matthieu | D38: S | E38: H | F38: ='joueurs '!F34 -> 3.2 | G38: PALATINE | H38: 43346122 | I38: =IF(E38="H",IF(F38<15.5,"H1",IF(F38<24.5,"H2","H3")),IF(E38="F",IF(F38<24.5,"F1","F2"),"")) -> H1 | J38: ='Feuille saisie score '!J34 -> 26 | K38: ='Feuille saisie score '!K34 -> 30 | L38: ='Feuille saisie score '!L34 -> 22 | M38: ='Feuille saisie score '!M34 -> 25
A39: CORMIER | B39: Brice | C39: =A39&" "&B39 -> CORMIER Brice | D39: S | E39: H | F39: ='joueurs '!F35 -> 20.3 | G39: BPCE SA | H39: 522833258 | I39: =IF(E39="H",IF(F39<15.5,"H1",IF(F39<24.5,"H2","H3")),IF(E39="F",IF(F39<24.5,"F1","F2"),"")) -> H2 | J39: ='Feuille saisie score '!J35 -> 13 | K39: ='Feuille saisie score '!K35 -> 27 | L39: ='Feuille saisie score '!L35 -> 8 | M39: ='Feuille saisie score '!M35 -> 23
A40: COSTA | B40: Eduardo | C40: =A40&" "&B40 -> COSTA Eduardo | D40: E | E40: H | F40: ='joueurs '!F36 -> 24.8 | G40: CEIDF | H40: 534369194 | I40: =IF(E40="H",IF(F40<15.5,"H1",IF(F40<24.5,"H2","H3")),IF(E40="F",IF(F40<24.5,"F1","F2"),"")) -> H3 | J40: ='Feuille saisie score '!J36 -> 7 | K40: ='Feuille saisie score '!K36 -> 22 | L40: ='Feuille saisie score '!L36 -> 9 | M40: ='Feuille saisie score '!M36 -> 29
A41: COUDEVILLE | B41: THIBAULT | C41: =A41&" "&B41 -> COUDEVILLE THIBAULT | D41: E | E41: H | F41: ='joueurs '!F37 -> 16.5 | G41: BPCE SI | H41: 520873138 | I41: =IF(E41="H",IF(F41<15.5,"H1",IF(F41<24.5,"H2","H3")),IF(E41="F",IF(F41<24.5,"F1","F2"),"")) -> H2 | J41: ='Feuille saisie score '!J37 -> 14 | K41: ='Feuille saisie score '!K37 -> 28 | L41: ='Feuille saisie score '!L37 -> 14 | M41: ='Feuille saisie score '!M37 -> 28
A42: COUTURIER | B42: Bénédicte | C42: =A42&" "&B42 -> COUTURIER Bénédicte | D42: S | E42: F | F42: ='joueurs '!F38 -> 38.5 | G42: CEAPC | H42: 544388225 | I42: =IF(E42="H",IF(F42<15.5,"H1",IF(F42<24.5,"H2","H3")),IF(E42="F",IF(F42<24.5,"F1","F2"),"")) -> F2 | J42: ='Feuille saisie score '!J38 -> 7 | K42: ='Feuille saisie score '!K38 -> 34 | L42: ='Feuille saisie score '!L38 -> 5 | M42: ='Feuille saisie score '!M38 -> 30
A43: CRIERE | B43: FREDERIC | C43: =A43&" "&B43 -> CRIERE FREDERIC | D43: S | E43: H | F43: ='joueurs '!F39 -> 16.9 | G43: CEN | H43: 512431291 | I43: =IF(E43="H",IF(F43<15.5,"H1",IF(F43<24.5,"H2","H3")),IF(E43="F",IF(F43<24.5,"F1","F2"),"")) -> H2 | J43: ='Feuille saisie score '!J39 -> 12 | K43: ='Feuille saisie score '!K39 -> 26 | L43: ='Feuille saisie score '!L39 -> 13 | M43: ='Feuille saisie score '!M39 -> 25
A44: DA COSTA | B44: Daniel | C44: =A44&" "&B44 -> DA COSTA Daniel | D44: S | E44: H | F44: ='joueurs '!F40 -> 22.6 | G44: CEIDF | H44: 3545300 | I44: =IF(E44="H",IF(F44<15.5,"H1",IF(F44<24.5,"H2","H3")),IF(E44="F",IF(F44<24.5,"F1","F2"),"")) -> H2 | J44: ='Feuille saisie score '!J40 -> 22 | K44: ='Feuille saisie score '!K40 -> 44 | L44: ='Feuille saisie score '!L40 -> 18 | M44: ='Feuille saisie score '!M40 -> 41
A45: DAGUIER | B45: Robin | C45: =A45&" "&B45 -> DAGUIER Robin | D45: S | E45: H | F45: ='joueurs '!F41 -> 33 | G45: CEGC | H45: 547412200 | I45: =IF(E45="H",IF(F45<15.5,"H1",IF(F45<24.5,"H2","H3")),IF(E45="F",IF(F45<24.5,"F1","F2"),"")) -> H3 | J45: ='Feuille saisie score '!J41 -> 8 | K45: ='Feuille saisie score '!K41 -> 37 | L45: ='Feuille saisie score '!L41 -> 13 | M45: ='Feuille saisie score '!M41 -> 49
A46: DARREAU | B46: SEBASTIEN | C46: =A46&" "&B46 -> DARREAU SEBASTIEN | D46: S | E46: H | F46: ='joueurs '!F42 -> 15.9 | G46: CEHDF | H46: 530108197 | I46: =IF(E46="H",IF(F46<15.5,"H1",IF(F46<24.5,"H2","H3")),IF(E46="F",IF(F46<24.5,"F1","F2"),"")) -> H2 | J46: ='Feuille saisie score '!J42 -> 21 | K46: ='Feuille saisie score '!K42 -> 35 | L46: ='Feuille saisie score '!L42 -> 21 | M46: ='Feuille saisie score '!M42 -> 38
A47: decenciere | B47: olivier | C47: =A47&" "&B47 -> decenciere olivier | D47: S | E47: H | F47: ='joueurs '!F43 -> 30.7 | G47: BPCE SA | H47: 541946225 | I47: =IF(E47="H",IF(F47<15.5,"H1",IF(F47<24.5,"H2","H3")),IF(E47="F",IF(F47<24.5,"F1","F2"),"")) -> H3 | J47: ='Feuille saisie score '!J43 -> 8 | K47: ='Feuille saisie score '!K43 -> 32 | L47: ='Feuille saisie score '!L43 -> 13 | M47: ='Feuille saisie score '!M43 -> 42
A48: DECRESSAIN | B48: Amaury | C48: =A48&" "&B48 -> DECRESSAIN Amaury | D48: S | E48: H | F48: ='joueurs '!F44 -> 14.4 | G48: CEAPC | H48: 541 770 209 | I48: =IF(E48="H",IF(F48<15.5,"H1",IF(F48<24.5,"H2","H3")),IF(E48="F",IF(F48<24.5,"F1","F2"),"")) -> H1 | J48: ='Feuille saisie score '!J44 -> 2 | K48: ='Feuille saisie score '!K44 -> 9 | L48: ='Feuille saisie score '!L44 -> 13 | M48: ='Feuille saisie score '!M44 -> 25
A49: DELAHAYE | B49: OLIVIER | C49: =A49&" "&B49 -> DELAHAYE OLIVIER | D49: S | E49: H | F49: ='joueurs '!F45 -> 19.3 | G49: CEHDF | H49: 521567244 | I49: =IF(E49="H",IF(F49<15.5,"H1",IF(F49<24.5,"H2","H3")),IF(E49="F",IF(F49<24.5,"F1","F2"),"")) -> H2 | J49: ='Feuille saisie score '!J45 -> 13 | K49: ='Feuille saisie score '!K45 -> 32 | L49: ='Feuille saisie score '!L45 -> 12 | M49: ='Feuille saisie score '!M45 -> 27
A50: DELIA | B50: Eric | C50: =A50&" "&B50 -> DELIA Eric | D50: S | E50: H | F50: ='joueurs '!F46 -> 28 | G50: BPCE IT | H50: 49251375 | I50: =IF(E50="H",IF(F50<15.5,"H1",IF(F50<24.5,"H2","H3")),IF(E50="F",IF(F50<24.5,"F1","F2"),"")) -> H3 | J50: ='Feuille saisie score '!J46 -> 9 | K50: ='Feuille saisie score '!K46 -> 33 | L50: ='Feuille saisie score '!L46 -> 13 | M50: ='Feuille saisie score '!M46 -> 39
A51: dELLA VEDOVA | B51: jean yves | C51: =A51&" "&B51 -> dELLA VEDOVA jean yves | D51: S | E51: H | F51: ='joueurs '!F47 -> 35.5 | G51: BPCE SA | H51: 520181064 | I51: =IF(E51="H",IF(F51<15.5,"H1",IF(F51<24.5,"H2","H3")),IF(E51="F",IF(F51<24.5,"F1","F2"),"")) -> H3 | J51: ='Feuille saisie score '!J47 -> 3 | K51: ='Feuille saisie score '!K47 -> 26 | L51: ='Feuille saisie score '!L47 -> 8 | M51: ='Feuille saisie score '!M47 -> 39
A52: DELWASSE | B52: NICOLAS | C52: =A52&" "&B52 -> DELWASSE NICOLAS | D52: S | E52: H | F52: ='joueurs '!F48 -> 18.4 | G52: NATIXIS | H52: 541157186 | I52: =IF(E52="H",IF(F52<15.5,"H1",IF(F52<24.5,"H2","H3")),IF(E52="F",IF(F52<24.5,"F1","F2"),"")) -> H2 | J52: ='Feuille saisie score '!J48 -> 21 | K52: ='Feuille saisie score '!K48 -> 39 | L52: ='Feuille saisie score '!L48 -> 15 | M52: ='Feuille saisie score '!M48 -> 32
A53: DENE | B53: Gilles | C53: =A53&" "&B53 -> DENE Gilles | D53: S | E53: H | F53: ='joueurs '!F49 -> 32.1 | G53: CEGC | H53: 547828182 | I53: =IF(E53="H",IF(F53<15.5,"H1",IF(F53<24.5,"H2","H3")),IF(E53="F",IF(F53<24.5,"F1","F2"),"")) -> H3 | J53: ='Feuille saisie score '!J49 -> 1 | K53: ='Feuille saisie score '!K49 -> 15 | L53: ='Feuille saisie score '!L49 -> 3 | M53: ='Feuille saisie score '!M49 -> 32
A54: DEPARDIEU | B54: FRANCK | C54: =A54&" "&B54 -> DEPARDIEU FRANCK | D54: S | E54: H | F54: ='joueurs '!F50 -> 9.3 | G54: CELC | H54: 041120081 | I54: =IF(E54="H",IF(F54<15.5,"H1",IF(F54<24.5,"H2","H3")),IF(E54="F",IF(F54<24.5,"F1","F2"),"")) -> H1 | J54: ='Feuille saisie score '!J50 -> 17 | K54: ='Feuille saisie score '!K50 -> 28 | L54: ='Feuille saisie score '!L50 -> 23 | M54: ='Feuille saisie score '!M50 -> 34
A55: DEPARDIEU | B55: LINDA | C55: =A55&" "&B55 -> DEPARDIEU LINDA | D55: S | E55: F | F55: ='joueurs '!F51 -> 21.3 | G55: CELC | H55: 528226297 | I55: =IF(E55="H",IF(F55<15.5,"H1",IF(F55<24.5,"H2","H3")),IF(E55="F",IF(F55<24.5,"F1","F2"),"")) -> F1 | J55: ='Feuille saisie score '!J51 -> 12 | K55: ='Feuille saisie score '!K51 -> 32 | L55: ='Feuille saisie score '!L51 -> 17 | M55: ='Feuille saisie score '!M51 -> 36
A56: DESHAYES | B56: SYLVAIN | C56: =A56&" "&B56 -> DESHAYES SYLVAIN | D56: S | E56: H | F56: ='joueurs '!F52 -> 26.1 | G56: NATIXIS | H56: 528596227 | I56: =IF(E56="H",IF(F56<15.5,"H1",IF(F56<24.5,"H2","H3")),IF(E56="F",IF(F56<24.5,"F1","F2"),"")) -> H3 | J56: ='Feuille saisie score '!J52 -> 15 | K56: ='Feuille saisie score '!K52 -> 38 | L56: ='Feuille saisie score '!L52 -> 8 | M56: ='Feuille saisie score '!M52 -> 29
A57: DESMARAIS | B57: CATHERINE | C57: =A57&" "&B57 -> DESMARAIS CATHERINE | D57: S | E57: F | F57: ='joueurs '!F53 -> 16 | G57: CEN | H57: 46233087 | I57: =IF(E57="H",IF(F57<15.5,"H1",IF(F57<24.5,"H2","H3")),IF(E57="F",IF(F57<24.5,"F1","F2"),"")) -> F1 | J57: ='Feuille saisie score '!J53 -> 8 | K57: ='Feuille saisie score '!K53 -> 18 | L57: ='Feuille saisie score '!L53 -> 18 | M57: ='Feuille saisie score '!M53 -> 33
A58: DI GIANNI | B58: MURIEL | C58: =A58&" "&B58 -> DI GIANNI MURIEL | D58: S | E58: F | F58: ='joueurs '!F54 -> 10.3 | G58: BPCE SI | H58: 042600256 | I58: =IF(E58="H",IF(F58<15.5,"H1",IF(F58<24.5,"H2","H3")),IF(E58="F",IF(F58<24.5,"F1","F2"),"")) -> F1 | J58: ='Feuille saisie score '!J54 -> 25 | K58: ='Feuille saisie score '!K54 -> 37 | L58: ='Feuille saisie score '!L54 -> 23 | M58: ='Feuille saisie score '!M54 -> 35
A59: DIZET | B59: Loïc | C59: =A59&" "&B59 -> DIZET Loïc | D59: S | E59: H | F59: ='joueurs '!F55 -> 15.7 | G59: CEAPC | H59: 43774199 | I59: =IF(E59="H",IF(F59<15.5,"H1",IF(F59<24.5,"H2","H3")),IF(E59="F",IF(F59<24.5,"F1","F2"),"")) -> H2 | J59: ='Feuille saisie score '!J55 -> 23 | K59: ='Feuille saisie score '!K55 -> 40 | L59: ='Feuille saisie score '!L55 -> 22 | M59: ='Feuille saisie score '!M55 -> 39
A60: DUEZ | B60: Pascal | C60: =A60&" "&B60 -> DUEZ Pascal | D60: S | E60: H | F60: ='joueurs '!F56 -> 23.3 | G60: CELR | H60: 539064209 | I60: =IF(E60="H",IF(F60<15.5,"H1",IF(F60<24.5,"H2","H3")),IF(E60="F",IF(F60<24.5,"F1","F2"),"")) -> H2 | J60: ='Feuille saisie score '!J56 -> 16 | K60: ='Feuille saisie score '!K56 -> 38 | L60: ='Feuille saisie score '!L56 -> 11 | M60: ='Feuille saisie score '!M56 -> 35
A61: DULAU | B61: Emmanuel | C61: =A61&" "&B61 -> DULAU Emmanuel | D61: S | E61: H | F61: ='joueurs '!F57 -> 15.2 | G61: CEAPC | H61: 525284328 | I61: =IF(E61="H",IF(F61<15.5,"H1",IF(F61<24.5,"H2","H3")),IF(E61="F",IF(F61<24.5,"F1","F2"),"")) -> H1 | J61: ='Feuille saisie score '!J57 -> 10 | K61: ='Feuille saisie score '!K57 -> 24 | L61: ='Feuille saisie score '!L57 -> 19 | M61: ='Feuille saisie score '!M57 -> 33
A62: DURANDE | B62: Stephane | C62: =A62&" "&B62 -> DURANDE Stephane | D62: S | E62: H | F62: ='joueurs '!F58 -> 14.7 | G62: BPCE IT | H62: 521673236 | I62: =IF(E62="H",IF(F62<15.5,"H1",IF(F62<24.5,"H2","H3")),IF(E62="F",IF(F62<24.5,"F1","F2"),"")) -> H1 | J62: ='Feuille saisie score '!J58 -> 16 | K62: ='Feuille saisie score '!K58 -> 27 | L62: ='Feuille saisie score '!L58 -> 12 | M62: ='Feuille saisie score '!M58 -> 27
A63: ESCOT | B63: Marc | C63: =A63&" "&B63 -> ESCOT Marc | D63: R | E63: H | F63: ='joueurs '!F59 -> 26.6 | G63: CEAPC | H63: 45194339 | I63: =IF(E63="H",IF(F63<15.5,"H1",IF(F63<24.5,"H2","H3")),IF(E63="F",IF(F63<24.5,"F1","F2"),"")) -> H3 | J63: ='Feuille saisie score '!J59 -> 9 | K63: ='Feuille saisie score '!K59 -> 25 | L63: ='Feuille saisie score '!L59 -> 16 | M63: ='Feuille saisie score '!M59 -> 40
A64: FERRANDON | B64: STEPHANE | C64: =A64&" "&B64 -> FERRANDON STEPHANE | D64: S | E64: H | F64: ='joueurs '!F60 -> 8.9 | G64: BPBFC | H64: 540085201 | I64: =IF(E64="H",IF(F64<15.5,"H1",IF(F64<24.5,"H2","H3")),IF(E64="F",IF(F64<24.5,"F1","F2"),"")) -> H1 | J64: ='Feuille saisie score '!J60 -> 19 | K64: ='Feuille saisie score '!K60 -> 29 | L64: ='Feuille saisie score '!L60 -> 22 | M64: ='Feuille saisie score '!M60 -> 31
A65: FERRANDON | B65: AGNES | C65: =A65&" "&B65 -> FERRANDON AGNES | D65: S | E65: F | F65: ='joueurs '!#REF! -> #REF! | G65: BPBFC | H65: 540084202 | I65: =IF(E65="H",IF(F65<15.5,"H1",IF(F65<24.5,"H2","H3")),IF(E65="F",IF(F65<24.5,"F1","F2"),"")) -> #REF! | J65: ='Feuille saisie score '!#REF! -> #REF! | K65: ='Feuille saisie score '!#REF! -> #REF! | L65: ='Feuille saisie score '!#REF! -> #REF! | M65: ='Feuille saisie score '!#REF! -> #REF!
A66: FERRIERES | B66: Regine | C66: =A66&" "&B66 -> FERRIERES Regine | D66: S | E66: F | F66: ='joueurs '!F61 -> 32.4 | G66: CELR | H66: 43526302 | I66: =IF(E66="H",IF(F66<15.5,"H1",IF(F66<24.5,"H2","H3")),IF(E66="F",IF(F66<24.5,"F1","F2"),"")) -> F2 | J66: ='Feuille saisie score '!J61 -> 5 | K66: ='Feuille saisie score '!K61 -> 30 | L66: ='Feuille saisie score '!L61 -> 1 | M66: ='Feuille saisie score '!M61 -> 20
A67: FOUASSEAU-QUERBES | B67: Pascale | C67: =A67&" "&B67 -> FOUASSEAU-QUERBES Pascale | D67: S | E67: F | F67: ='joueurs '!F62 -> 54 | G67: CEIDF | H67: 44444355 | I67: =IF(E67="H",IF(F67<15.5,"H1",IF(F67<24.5,"H2","H3")),IF(E67="F",IF(F67<24.5,"F1","F2"),"")) -> F2 | J67: ='Feuille saisie score '!J62 -> 0 | K67: ='Feuille saisie score '!K62 -> 15 | L67: ='Feuille saisie score '!L62 -> 0 | M67: ='Feuille saisie score '!M62 -> 5
A68: FOURNIER | B68: Corinne | C68: =A68&" "&B68 -> FOURNIER Corinne | D68: S | E68: F | F68: ='joueurs '!F63 -> 18.7 | G68: BPGO | H68: 3147213 | I68: =IF(E68="H",IF(F68<15.5,"H1",IF(F68<24.5,"H2","H3")),IF(E68="F",IF(F68<24.5,"F1","F2"),"")) -> F1 | J68: ='Feuille saisie score '!J63 -> 19 | K68: ='Feuille saisie score '!K63 -> 38 | L68: ='Feuille saisie score '!L63 -> 10 | M68: ='Feuille saisie score '!M63 -> 24
A69: FRANCHI | B69: ANTOINE | C69: =A69&" "&B69 -> FRANCHI ANTOINE | D69: S | E69: H | F69: ='joueurs '!F64 -> 21.5 | G69: NATIXIS | H69: 519009066 | I69: =IF(E69="H",IF(F69<15.5,"H1",IF(F69<24.5,"H2","H3")),IF(E69="F",IF(F69<24.5,"F1","F2"),"")) -> H2 | J69: ='Feuille saisie score '!J64 -> 15 | K69: ='Feuille saisie score '!K64 -> 36 | L69: ='Feuille saisie score '!L64 -> 18 | M69: ='Feuille saisie score '!M64 -> 40
A70: GAMBILLO | B70: Franco | C70: =A70&" "&B70 -> GAMBILLO Franco | D70: S | E70: H | F70: ='joueurs '!F65 -> 19.2 | G70: PALATINE | H70: 521918187 | I70: =IF(E70="H",IF(F70<15.5,"H1",IF(F70<24.5,"H2","H3")),IF(E70="F",IF(F70<24.5,"F1","F2"),"")) -> H2 | J70: ='Feuille saisie score '!J65 -> 20 | K70: ='Feuille saisie score '!K65 -> 39 | L70: ='Feuille saisie score '!L65 -> 17 | M70: ='Feuille saisie score '!M65 -> 35
A71: Garnier | B71: thierry | C71: =A71&" "&B71 -> Garnier thierry | D71: S | E71: H | F71: ='joueurs '!F66 -> 35 | G71: BPCE SA | H71: 514333250 | I71: =IF(E71="H",IF(F71<15.5,"H1",IF(F71<24.5,"H2","H3")),IF(E71="F",IF(F71<24.5,"F1","F2"),"")) -> H3 | J71: ='Feuille saisie score '!J66 -> 4 | K71: ='Feuille saisie score '!K66 -> 29 | L71: ='Feuille saisie score '!L66 -> 6 | M71: ='Feuille saisie score '!M66 -> 36
A72: GAUTIER | B72: Stéphane | C72: =A72&" "&B72 -> GAUTIER Stéphane | D72: S | E72: H | F72: ='joueurs '!F67 -> 25.4 | G72: BPGO | H72: 44952233 | I72: =IF(E72="H",IF(F72<15.5,"H1",IF(F72<24.5,"H2","H3")),IF(E72="F",IF(F72<24.5,"F1","F2"),"")) -> H3 | J72: ='Feuille saisie score '!J67 -> 6 | K72: ='Feuille saisie score '!K67 -> 21 | L72: ='Feuille saisie score '!L67 -> 7 | M72: ='Feuille saisie score '!M67 -> 28
A73: GEA | B73: BERNARD | C73: =A73&" "&B73 -> GEA BERNARD | D73: S | E73: H | F73: ='joueurs '!F68 -> 27.7 | G73: BPAURA | H73: 522458066 | I73: =IF(E73="H",IF(F73<15.5,"H1",IF(F73<24.5,"H2","H3")),IF(E73="F",IF(F73<24.5,"F1","F2"),"")) -> H3 | J73: ='Feuille saisie score '!J68 -> 11 | K73: ='Feuille saisie score '!K68 -> 34 | L73: ='Feuille saisie score '!L68 -> 8 | M73: ='Feuille saisie score '!M68 -> 25
A74: GONDOLE | B74: Philippe | C74: =A74&" "&B74 -> GONDOLE Philippe | D74: S | E74: H | F74: ='joueurs '!F69 -> 19 | G74: CEIDF | H74: 541526116 | I74: =IF(E74="H",IF(F74<15.5,"H1",IF(F74<24.5,"H2","H3")),IF(E74="F",IF(F74<24.5,"F1","F2"),"")) -> H2 | J74: ='Feuille saisie score '!J69 -> 12 | K74: ='Feuille saisie score '!K69 -> 31 | L74: ='Feuille saisie score '!L69 -> 0 | M74: ='Feuille saisie score '!M69 -> 0
A75: GRANDADAM | B75: Nancy | C75: =A75&" "&B75 -> GRANDADAM Nancy | D75: S | E75: F | F75: ='joueurs '!F70 -> 38.8 | G75: CELR | H75: 48634275 | I75: =IF(E75="H",IF(F75<15.5,"H1",IF(F75<24.5,"H2","H3")),IF(E75="F",IF(F75<24.5,"F1","F2"),"")) -> F2 | J75: ='Feuille saisie score '!J70 -> 17 | K75: ='Feuille saisie score '!K70 -> 51 | L75: ='Feuille saisie score '!L70 -> 12 | M75: ='Feuille saisie score '!M70 -> 35
A76: GRANDADAM | B76: Philippe | C76: =A76&" "&B76 -> GRANDADAM Philippe | D76: E | E76: H | F76: ='joueurs '!F71 -> 24.6 | G76: CELR | H76: 541310170 | I76: =IF(E76="H",IF(F76<15.5,"H1",IF(F76<24.5,"H2","H3")),IF(E76="F",IF(F76<24.5,"F1","F2"),"")) -> H3 | J76: ='Feuille saisie score '!J71 -> 15 | K76: ='Feuille saisie score '!K71 -> 34 | L76: ='Feuille saisie score '!L71 -> 12 | M76: ='Feuille saisie score '!M71 -> 31
A77: GROLLEAU | B77: ANNE-CECILE | C77: =A77&" "&B77 -> GROLLEAU ANNE-CECILE | D77: S | E77: F | F77: ='joueurs '!F72 -> 27.3 | G77: NATIXIS | H77: 537852012 | I77: =IF(E77="H",IF(F77<15.5,"H1",IF(F77<24.5,"H2","H3")),IF(E77="F",IF(F77<24.5,"F1","F2"),"")) -> F2 | J77: ='Feuille saisie score '!J72 -> 16 | K77: ='Feuille saisie score '!K72 -> 38 | L77: ='Feuille saisie score '!L72 -> 15 | M77: ='Feuille saisie score '!M72 -> 40
... A84: HOUET | B84: Elodie | C84: =A84&" "&B84 -> HOUET Elodie | D84: S | E84: F | F84: ='joueurs '!F79 -> 49 | G84: BPGO | H84: 524317384 | I84: =IF(E84="H",IF(F84<15.5,"H1",IF(F84<24.5,"H2","H3")),IF(E84="F",IF(F84<24.5,"F1","F2"),"")) -> F2 | J84: ='Feuille saisie score '!J79 -> 11 | K84: ='Feuille saisie score '!K79 -> 43 | L84: ='Feuille saisie score '!L79 -> 4 | M84: ='Feuille saisie score '!M79 -> 33
A85: HOUPIN | B85: Gilles | C85: =A85&" "&B85 -> HOUPIN Gilles | D85: S | E85: H | F85: ='joueurs '!F80 -> 16.1 | G85: BPALC | H85: 516388171 | I85: =IF(E85="H",IF(F85<15.5,"H1",IF(F85<24.5,"H2","H3")),IF(E85="F",IF(F85<24.5,"F1","F2"),"")) -> H2 | J85: ='Feuille saisie score '!J80 -> 11 | K85: ='Feuille saisie score '!K80 -> 24 | L85: ='Feuille saisie score '!L80 -> 7 | M85: ='Feuille saisie score '!M80 -> 20
A86: HOUSSIN | B86: MARIE CHRISTINE | C86: =A86&" "&B86 -> HOUSSIN MARIE CHRISTINE | D86: S | E86: F | F86: ='joueurs '!F81 -> 21.1 | G86: CEHDF | H86: 43662297 | I86: =IF(E86="H",IF(F86<15.5,"H1",IF(F86<24.5,"H2","H3")),IF(E86="F",IF(F86<24.5,"F1","F2"),"")) -> F1 | J86: ='Feuille saisie score '!J81 -> 16 | K86: ='Feuille saisie score '!K81 -> 34 | L86: ='Feuille saisie score '!L81 -> 9 | M86: ='Feuille saisie score '!M81 -> 25
A87: IGUAL | B87: CHRISTIAN | C87: =A87&" "&B87 -> IGUAL CHRISTIAN | D87: S | E87: H | F87: ='joueurs '!F82 -> 30.7 | G87: CELC | H87: 45075258 | I87: =IF(E87="H",IF(F87<15.5,"H1",IF(F87<24.5,"H2","H3")),IF(E87="F",IF(F87<24.5,"F1","F2"),"")) -> H3 | J87: ='Feuille saisie score '!J82 -> 8 | K87: ='Feuille saisie score '!K82 -> 35 | L87: ='Feuille saisie score '!L82 -> 18 | M87: ='Feuille saisie score '!M82 -> 51
A88: ILLIVI | B88: Sylvain | C88: =A88&" "&B88 -> ILLIVI Sylvain | D88: S | E88: H | F88: ='joueurs '!F83 -> 33.2 | G88: CEIDF | H88: 042 898 182 | I88: =IF(E88="H",IF(F88<15.5,"H1",IF(F88<24.5,"H2","H3")),IF(E88="F",IF(F88<24.5,"F1","F2"),"")) -> H3 | J88: ='Feuille saisie score '!J83 -> 7 | K88: ='Feuille saisie score '!K83 -> 27 | L88: ='Feuille saisie score '!L83 -> 5 | M88: ='Feuille saisie score '!M83 -> 31
A89: JACOB | B89: sebastien | C89: =A89&" "&B89 -> JACOB sebastien | D89: E | E89: H | F89: ='joueurs '!F84 -> 18.1 | G89: sponsor | H89: 45373347 | I89: =IF(E89="H",IF(F89<15.5,"H1",IF(F89<24.5,"H2","H3")),IF(E89="F",IF(F89<24.5,"F1","F2"),"")) -> H2 | J89: ='Feuille saisie score '!J84 -> 0 | K89: ='Feuille saisie score '!K84 -> 0 | L89: ='Feuille saisie score '!L84 -> 7 | M89: ='Feuille saisie score '!M84 -> 17
A90: JOBERT | B90: Dominique | C90: =A90&" "&B90 -> JOBERT Dominique | D90: S | E90: H | F90: ='joueurs '!F85 -> 31.1 | G90: CEGEE | H90: 517532342 | I90: =IF(E90="H",IF(F90<15.5,"H1",IF(F90<24.5,"H2","H3")),IF(E90="F",IF(F90<24.5,"F1","F2"),"")) -> H3 | J90: ='Feuille saisie score '!J85 -> 6 | K90: ='Feuille saisie score '!K85 -> 27 | L90: ='Feuille saisie score '!L85 -> 4 | M90: ='Feuille saisie score '!M85 -> 36
A91: LACAZE | B91: NICOLAS | C91: =A91&" "&B91 -> LACAZE NICOLAS | D91: S | E91: H | F91: ='joueurs '!F86 -> 19 | G91: BPOC | H91: 046229200 | I91: =IF(E91="H",IF(F91<15.5,"H1",IF(F91<24.5,"H2","H3")),IF(E91="F",IF(F91<24.5,"F1","F2"),"")) -> H2 | J91: ='Feuille saisie score '!J86 -> 14 | K91: ='Feuille saisie score '!K86 -> 32 | L91: ='Feuille saisie score '!L86 -> 8 | M91: ='Feuille saisie score '!M86 -> 22
A92: LACROUTS | B92: Pierre | C92: =A92&" "&B92 -> LACROUTS Pierre | D92: S | E92: H | F92: ='joueurs '!#REF! -> #REF! | G92: CEAPC | H92: 536018103 | I92: =IF(E92="H",IF(F92<15.5,"H1",IF(F92<24.5,"H2","H3")),IF(E92="F",IF(F92<24.5,"F1","F2"),"")) -> #REF! | J92: ='Feuille saisie score '!#REF! -> #REF! | K92: ='Feuille saisie score '!#REF! -> #REF! | L92: ='Feuille saisie score '!#REF! -> #REF! | M92: ='Feuille saisie score '!#REF! -> #REF!
A93: LALANNE | B93: Franck | C93: =A93&" "&B93 -> LALANNE Franck | D93: S | E93: H | F93: ='joueurs '!F87 -> 24.8 | G93: BPGO | H93: 543213165 | I93: =IF(E93="H",IF(F93<15.5,"H1",IF(F93<24.5,"H2","H3")),IF(E93="F",IF(F93<24.5,"F1","F2"),"")) -> H3 | J93: ='Feuille saisie score '!J87 -> 4 | K93: ='Feuille saisie score '!K87 -> 13 | L93: ='Feuille saisie score '!L87 -> 5 | M93: ='Feuille saisie score '!M87 -> 19
A94: LAMARQUE | B94: Pierre | C94: =A94&" "&B94 -> LAMARQUE Pierre | D94: S | E94: H | F94: ='joueurs '!F88 -> 20.5 | G94: CEAPC | H94: 54 211 62 36 | I94: =IF(E94="H",IF(F94<15.5,"H1",IF(F94<24.5,"H2","H3")),IF(E94="F",IF(F94<24.5,"F1","F2"),"")) -> H2 | J94: ='Feuille saisie score '!J88 -> 4 | K94: ='Feuille saisie score '!K88 -> 14 | L94: ='Feuille saisie score '!L88 -> 4 | M94: ='Feuille saisie score '!M88 -> 18
A95: LAMBILLON | B95: Sebastien | C95: =A95&" "&B95 -> LAMBILLON Sebastien | D95: S | E95: H | F95: ='joueurs '!F89 -> 17.6 | G95: CEIDF | H95: 512042032 | I95: =IF(E95="H",IF(F95<15.5,"H1",IF(F95<24.5,"H2","H3")),IF(E95="F",IF(F95<24.5,"F1","F2"),"")) -> H2 | J95: ='Feuille saisie score '!J89 -> 8 | K95: ='Feuille saisie score '!K89 -> 24 | L95: ='Feuille saisie score '!L89 -> 14 | M95: ='Feuille saisie score '!M89 -> 28
A96: LAMOUR | B96: Eric | C96: =A96&" "&B96 -> LAMOUR Eric | D96: S | E96: H | F96: ='joueurs '!F90 -> 13.6 | G96: PALATINE | H96: 44214097 | I96: =IF(E96="H",IF(F96<15.5,"H1",IF(F96<24.5,"H2","H3")),IF(E96="F",IF(F96<24.5,"F1","F2"),"")) -> H1 | J96: ='Feuille saisie score '!J90 -> 14 | K96: ='Feuille saisie score '!K90 -> 27 | L96: ='Feuille saisie score '!L90 -> 18 | M96: ='Feuille saisie score '!M90 -> 31
A97: LAURENT | B97: JEAN-MARC | C97: =A97&" "&B97 -> LAURENT JEAN-MARC | D97: S | E97: H | F97: ='joueurs '!F91 -> 12.4 | G97: BPCE SI | H97: 542201090 | I97: =IF(E97="H",IF(F97<15.5,"H1",IF(F97<24.5,"H2","H3")),IF(E97="F",IF(F97<24.5,"F1","F2"),"")) -> H1 | J97: ='Feuille saisie score '!J91 -> 14 | K97: ='Feuille saisie score '!K91 -> 23 | L97: ='Feuille saisie score '!L91 -> 19 | M97: ='Feuille saisie score '!M91 -> 33
A98: LE DRU | B98: Jean-Jacques | C98: =A98&" "&B98 -> LE DRU Jean-Jacques | D98: S | E98: H | F98: ='joueurs '!F92 -> 23.3 | G98: CEIDF | H98: 520138218 | I98: =IF(E98="H",IF(F98<15.5,"H1",IF(F98<24.5,"H2","H3")),IF(E98="F",IF(F98<24.5,"F1","F2"),"")) -> H2 | J98: ='Feuille saisie score '!J92 -> 12 | K98: ='Feuille saisie score '!K92 -> 29 | L98: ='Feuille saisie score '!L92 -> 9 | M98: ='Feuille saisie score '!M92 -> 31
A99: LECLERCQ | B99: Alexandre | C99: =A99&" "&B99 -> LECLERCQ Alexandre | D99: S | E99: H | F99: ='joueurs '!F93 -> 29.9 | G99: CEIDF | H99: 512643053 | I99: =IF(E99="H",IF(F99<15.5,"H1",IF(F99<24.5,"H2","H3")),IF(E99="F",IF(F99<24.5,"F1","F2"),"")) -> H3 | J99: ='Feuille saisie score '!J93 -> 14 | K99: ='Feuille saisie score '!K93 -> 41 | L99: ='Feuille saisie score '!L93 -> 22 | M99: ='Feuille saisie score '!M93 -> 51
A100: LECOINTRE | B100: Richard | C100: =A100&" "&B100 -> LECOINTRE Richard | D100: S | E100: H | F100: ='joueurs '!#REF! -> #REF! | G100: CEIDF | H100: 512833035 | I100: =IF(E100="H",IF(F100<15.5,"H1",IF(F100<24.5,"H2","H3")),IF(E100="F",IF(F100<24.5,"F1","F2"),"")) -> #REF! | J100: ='Feuille saisie score '!#REF! -> #REF! | K100: ='Feuille saisie score '!#REF! -> #REF! | L100: ='Feuille saisie score '!#REF! -> #REF! | M100: ='Feuille saisie score '!#REF! -> #REF!
A101: LEFEVRE | B101: catherine | C101: =A101&" "&B101 -> LEFEVRE catherine | D101: S | E101: F | F101: ='joueurs '!F94 -> 37.4 | G101: BPCE SA | H101: 518607180 | I101: =IF(E101="H",IF(F101<15.5,"H1",IF(F101<24.5,"H2","H3")),IF(E101="F",IF(F101<24.5,"F1","F2"),"")) -> F2 | J101: ='Feuille saisie score '!J94 -> 8 | K101: ='Feuille saisie score '!K94 -> 32 | L101: ='Feuille saisie score '!L94 -> 5 | M101: ='Feuille saisie score '!M94 -> 28
A102: LEFEVRE | B102: THIERRY | C102: =A102&" "&B102 -> LEFEVRE THIERRY | D102: E | E102: H | F102: ='joueurs '!F95 -> 25.3 | G102: NATIXIS | H102: 41214347 | I102: =IF(E102="H",IF(F102<15.5,"H1",IF(F102<24.5,"H2","H3")),IF(E102="F",IF(F102<24.5,"F1","F2"),"")) -> H3 | J102: ='Feuille saisie score '!J95 -> 11 | K102: ='Feuille saisie score '!K95 -> 28 | L102: ='Feuille saisie score '!L95 -> 13 | M102: ='Feuille saisie score '!M95 -> 37
A103: LEGROS | B103: DANIEL | C103: =A103&" "&B103 -> LEGROS DANIEL | D103: S | E103: H | F103: ='joueurs '!F96 -> 20.5 | G103: TURBO BPCE | H103: 520245343 | I103: =IF(E103="H",IF(F103<15.5,"H1",IF(F103<24.5,"H2","H3")),IF(E103="F",IF(F103<24.5,"F1","F2"),"")) -> H2 | J103: ='Feuille saisie score '!J96 -> 10 | K103: ='Feuille saisie score '!K96 -> 27 | L103: ='Feuille saisie score '!L96 -> 14 | M103: ='Feuille saisie score '!M96 -> 33
A104: LEIBMANN | B104: LAURENT | C104: =A104&" "&B104 -> LEIBMANN LAURENT | D104: S | E104: H | F104: ='joueurs '!F97 -> 19.3 | G104: NATIXIS | H104: 47203021 | I104: =IF(E104="H",IF(F104<15.5,"H1",IF(F104<24.5,"H2","H3")),IF(E104="F",IF(F104<24.5,"F1","F2"),"")) -> H2 | J104: ='Feuille saisie score '!J97 -> 16 | K104: ='Feuille saisie score '!K97 -> 35 | L104: ='Feuille saisie score '!L97 -> 10 | M104: ='Feuille saisie score '!M97 -> 28
A105: LESIEUR | B105: Anne Valérie | C105: =A105&" "&B105 -> LESIEUR Anne Valérie | D105: S | E105: F | F105: ='joueurs '!#REF! -> #REF! | G105: CEGEE | H105: 47148251 | I105: =IF(E105="H",IF(F105<15.5,"H1",IF(F105<24.5,"H2","H3")),IF(E105="F",IF(F105<24.5,"F1","F2"),"")) -> #REF! | J105: ='Feuille saisie score '!#REF! -> #REF! | K105: ='Feuille saisie score '!#REF! -> #REF! | L105: ='Feuille saisie score '!#REF! -> #REF! | M105: ='Feuille saisie score '!#REF! -> #REF!
A106: LESIEUR | B106: Philippe | C106: =A106&" "&B106 -> LESIEUR Philippe | D106: S | E106: H | F106: ='joueurs '!#REF! -> #REF! | G106: CEGEE | H106: 520578047 | I106: =IF(E106="H",IF(F106<15.5,"H1",IF(F106<24.5,"H2","H3")),IF(E106="F",IF(F106<24.5,"F1","F2"),"")) -> #REF! | J106: ='Feuille saisie score '!#REF! -> #REF! | K106: ='Feuille saisie score '!#REF! -> #REF! | L106: ='Feuille saisie score '!#REF! -> #REF! | M106: ='Feuille saisie score '!#REF! -> #REF!
...

Sheet brut F1
C1: challenge golf BPCE Sports 2026 classement Femme série 1 | J1: BRUT | L1: F1
A2: Nom | B2: Prénom | C2: Joueurs | D2: Statut | E2: Sexe | F2: Index | G2: Entité | H2: Licence FFG | I2: série | J2: Brut J1 H1-F1 Courson v/n H2 Marivaux H3 Courson l/o F2 Forges | K2: NET J1 H1-F1 Courson v/n H2 Marivaux H3 Courson l/o F2 Forges | L2: Brut J2 H1-F1 Marivaux H2 Courson v/n H3 Forges F2 Courson l/o | M2: Net J2 H1-F1 Marivaux H2 Courson v/n H3 Forges F2 Courson l/o | N2: TOTAL BRUT
A3: ADAM | B3: HUBERT | C3: =A3&" "&B3 -> ADAM HUBERT | D3: S | E3: H | F3: ='joueurs '!F2 -> 29.4 | G3: CEHDF | H3: 540498177 | I3: =IF(E3="H",IF(F3<15.5,"H1",IF(F3<24.5,"H2","H3")),IF(E3="F",IF(F3<24.5,"F1","F2"),"")) -> H3 | J3: ='Feuille saisie score '!J2 -> 9 | K3: ='Feuille saisie score '!K2 -> 32 | L3: ='Feuille saisie score '!L2 -> 15 | M3: ='Feuille saisie score '!M2 -> 39 | N3: =J3+L3 -> 24
A4: ALAMICHEL | B4: Valérie | C4: =A4&" "&B4 -> ALAMICHEL Valérie | D4: E | E4: F | F4: ='joueurs '!F3 -> 34.1 | G4: BPCE SA | H4: 522832259 | I4: =IF(E4="H",IF(F4<15.5,"H1",IF(F4<24.5,"H2","H3")),IF(E4="F",IF(F4<24.5,"F1","F2"),"")) -> F2 | J4: ='Feuille saisie score '!J3 -> 4 | K4: ='Feuille saisie score '!K3 -> 29 | L4: ='Feuille saisie score '!L3 -> 6 | M4: ='Feuille saisie score '!M3 -> 24 | N4: =J4+L4 -> 10
A5: ALLAIN | B5: LOIC | C5: =A5&" "&B5 -> ALLAIN LOIC | D5: S | E5: H | F5: ='joueurs '!F4 -> 32.6 | G5: BPBFC | H5: 527813190 | I5: =IF(E5="H",IF(F5<15.5,"H1",IF(F5<24.5,"H2","H3")),IF(E5="F",IF(F5<24.5,"F1","F2"),"")) -> H3 | J5: ='Feuille saisie score '!J4 -> 5 | K5: ='Feuille saisie score '!K4 -> 28 | L5: ='Feuille saisie score '!L4 -> 7 | M5: ='Feuille saisie score '!M4 -> 35 | N5: =J5+L5 -> 12
A6: ANDURAND | B6: Jérôme | C6: =A6&" "&B6 -> ANDURAND Jérôme | D6: S | E6: H | F6: ='joueurs '!F5 -> 15.4 | G6: CEAPC | H6: 514507116 | I6: =IF(E6="H",IF(F6<15.5,"H1",IF(F6<24.5,"H2","H3")),IF(E6="F",IF(F6<24.5,"F1","F2"),"")) -> H1 | J6: ='Feuille saisie score '!J5 -> 15 | K6: ='Feuille saisie score '!K5 -> 30 | L6: ='Feuille saisie score '!L5 -> 23 | M6: ='Feuille saisie score '!M5 -> 37 | N6: =J6+L6 -> 38
A7: ASTIER | B7: DOMINIQUE | C7: =A7&" "&B7 -> ASTIER DOMINIQUE | D7: S | E7: H | F7: ='joueurs '!F6 -> 24.6 | G7: BPAURA | H7: 47116117 | I7: =IF(E7="H",IF(F7<15.5,"H1",IF(F7<24.5,"H2","H3")),IF(E7="F",IF(F7<24.5,"F1","F2"),"")) -> H3 | J7: ='Feuille saisie score '!J6 -> 5 | K7: ='Feuille saisie score '!K6 -> 19 | L7: ='Feuille saisie score '!L6 -> 15 | M7: ='Feuille saisie score '!M6 -> 40 | N7: =J7+L7 -> 20
A8: AUBRY | B8: MARC | C8: =A8&" "&B8 -> AUBRY MARC | D8: S | E8: H | F8: ='joueurs '!F7 -> 20.2 | G8: CELC | H8: 510880336 | I8: =IF(E8="H",IF(F8<15.5,"H1",IF(F8<24.5,"H2","H3")),IF(E8="F",IF(F8<24.5,"F1","F2"),"")) -> H2 | J8: ='Feuille saisie score '!J7 -> 13 | K8: ='Feuille saisie score '!K7 -> 34 | L8: ='Feuille saisie score '!L7 -> 8 | M8: ='Feuille saisie score '!M7 -> 28 | N8: =J8+L8 -> 21
A9: AYMARD | B9: FREDERIC | C9: =A9&" "&B9 -> AYMARD FREDERIC | D9: S | E9: H | F9: ='joueurs '!F8 -> 16.5 | G9: BPOC | H9: 526237207 | I9: =IF(E9="H",IF(F9<15.5,"H1",IF(F9<24.5,"H2","H3")),IF(E9="F",IF(F9<24.5,"F1","F2"),"")) -> H2 | J9: ='Feuille saisie score '!J8 -> 12 | K9: ='Feuille saisie score '!K8 -> 28 | L9: ='Feuille saisie score '!L8 -> 12 | M9: ='Feuille saisie score '!M8 -> 26 | N9: =J9+L9 -> 24
A10: BACHELARD | B10: Sébastien | C10: =A10&" "&B10 -> BACHELARD Sébastien | D10: S | E10: H | F10: ='joueurs '!F9 -> 9.4 | G10: BPCE IT | H10: 543699178 | I10: =IF(E10="H",IF(F10<15.5,"H1",IF(F10<24.5,"H2","H3")),IF(E10="F",IF(F10<24.5,"F1","F2"),"")) -> H1 | J10: ='Feuille saisie score '!J9 -> 26 | K10: ='Feuille saisie score '!K9 -> 39 | L10: ='Feuille saisie score '!L9 -> 18 | M10: ='Feuille saisie score '!M9 -> 28 | N10: =J10+L10 -> 44
A11: BARROT | B11: MICHEL | C11: =A11&" "&B11 -> BARROT MICHEL | D11: S | E11: H | F11: ='joueurs '!F10 -> 18.5 | G11: NATIXIS | H11: 520164109 | I11: =IF(E11="H",IF(F11<15.5,"H1",IF(F11<24.5,"H2","H3")),IF(E11="F",IF(F11<24.5,"F1","F2"),"")) -> H2 | J11: ='Feuille saisie score '!J10 -> 15 | K11: ='Feuille saisie score '!K10 -> 30 | L11: ='Feuille saisie score '!L10 -> 15 | M11: ='Feuille saisie score '!M10 -> 32 | N11: =J11+L11 -> 30
A12: BARTHELEMI | B12: Philippe | C12: =A12&" "&B12 -> BARTHELEMI Philippe | D12: S | E12: H | F12: ='joueurs '!F11 -> 43.1 | G12: CEGC | H12: 517273355 | I12: =IF(E12="H",IF(F12<15.5,"H1",IF(F12<24.5,"H2","H3")),IF(E12="F",IF(F12<24.5,"F1","F2"),"")) -> H3 | J12: ='Feuille saisie score '!J11 -> 3 | K12: ='Feuille saisie score '!K11 -> 15 | L12: ='Feuille saisie score '!L11 -> 2 | M12: ='Feuille saisie score '!M11 -> 20 | N12: =J12+L12 -> 5
A13: BATAILLE | B13: Philippe | C13: =A13&" "&B13 -> BATAILLE Philippe | D13: S | E13: H | F13: ='joueurs '!F12 -> 19.3 | G13: CEBPL | H13: 48652194 | I13: =IF(E13="H",IF(F13<15.5,"H1",IF(F13<24.5,"H2","H3")),IF(E13="F",IF(F13<24.5,"F1","F2"),"")) -> H2 | J13: ='Feuille saisie score '!J12 -> 10 | K13: ='Feuille saisie score '!K12 -> 23 | L13: ='Feuille saisie score '!L12 -> 19 | M13: ='Feuille saisie score '!M12 -> 33 | N13: =J13+L13 -> 29
A14: BAUDIN | B14: Anne | C14: =A14&" "&B14 -> BAUDIN Anne | D14: S | E14: F | F14: ='joueurs '!F13 -> 11.2 | G14: CEIDF | H14: O45 762 186 | I14: =IF(E14="H",IF(F14<15.5,"H1",IF(F14<24.5,"H2","H3")),IF(E14="F",IF(F14<24.5,"F1","F2"),"")) -> F1 | J14: ='Feuille saisie score '!J13 -> 24 | K14: ='Feuille saisie score '!K13 -> 39 | L14: ='Feuille saisie score '!L13 -> 25 | M14: ='Feuille saisie score '!M13 -> 39 | N14: =J14+L14 -> 49
A15: BAUDIN | B15: Gilles | C15: =A15&" "&B15 -> BAUDIN Gilles | D15: E | E15: H | F15: ='joueurs '!F14 -> 15.6 | G15: CEIDF | H15: 543819163 | I15: =IF(E15="H",IF(F15<15.5,"H1",IF(F15<24.5,"H2","H3")),IF(E15="F",IF(F15<24.5,"F1","F2"),"")) -> H2 | J15: ='Feuille saisie score '!J14 -> 17 | K15: ='Feuille saisie score '!K14 -> 30 | L15: ='Feuille saisie score '!L14 -> 13 | M15: ='Feuille saisie score '!M14 -> 28 | N15: =J15+L15 -> 30
A16: BEAUDOUIN | B16: ROMAIN | C16: =A16&" "&B16 -> BEAUDOUIN ROMAIN | D16: S | E16: H | F16: ='joueurs '!F15 -> 17.5 | G16: NATIXIS | H16: 542293250 | I16: =IF(E16="H",IF(F16<15.5,"H1",IF(F16<24.5,"H2","H3")),IF(E16="F",IF(F16<24.5,"F1","F2"),"")) -> H2 | J16: ='Feuille saisie score '!J15 -> 14 | K16: ='Feuille saisie score '!K15 -> 30 | L16: ='Feuille saisie score '!L15 -> 12 | M16: ='Feuille saisie score '!M15 -> 29 | N16: =J16+L16 -> 26
A17: BENASSI | B17: Thibaud | C17: =A17&" "&B17 -> BENASSI Thibaud | D17: E | E17: H | F17: ='joueurs '!F16 -> 46 | G17: sponsor | H17: 510707363 | I17: =IF(E17="H",IF(F17<15.5,"H1",IF(F17<24.5,"H2","H3")),IF(E17="F",IF(F17<24.5,"F1","F2"),"")) -> H3 | J17: ='Feuille saisie score '!J16 -> 1 | K17: ='Feuille saisie score '!K16 -> 12 | L17: ='Feuille saisie score '!L16 -> 5 | M17: ='Feuille saisie score '!M16 -> 35 | N17: =J17+L17 -> 6
A18: BENOIT | B18: Christine | C18: =A18&" "&B18 -> BENOIT Christine | D18: S | E18: F | F18: ='joueurs '!F17 -> 40 | G18: CEGEE | H18: 522770334 | I18: =IF(E18="H",IF(F18<15.5,"H1",IF(F18<24.5,"H2","H3")),IF(E18="F",IF(F18<24.5,"F1","F2"),"")) -> F2 | J18: ='Feuille saisie score '!J17 -> 8 | K18: ='Feuille saisie score '!K17 -> 38 | L18: ='Feuille saisie score '!L17 -> 7 | M18: ='Feuille saisie score '!M17 -> 30 | N18: =J18+L18 -> 15
A19: BERTON | B19: Nicolas | C19: =A19&" "&B19 -> BERTON Nicolas | D19: S | E19: H | F19: ='joueurs '!F18 -> 11.4 | G19: BPALC | H19: 539465204 | I19: =IF(E19="H",IF(F19<15.5,"H1",IF(F19<24.5,"H2","H3")),IF(E19="F",IF(F19<24.5,"F1","F2"),"")) -> H1 | J19: ='Feuille saisie score '!J18 -> 21 | K19: ='Feuille saisie score '!K18 -> 31 | L19: ='Feuille saisie score '!L18 -> 9 | M19: ='Feuille saisie score '!M18 -> 19 | N19: =J19+L19 -> 30
A20: BEUVELOT | B20: Gaël | C20: =A20&" "&B20 -> BEUVELOT Gaël | D20: S | E20: H | F20: ='joueurs '!F19 -> 11.9 | G20: CEAPC | H20: 533283215 | I20: =IF(E20="H",IF(F20<15.5,"H1",IF(F20<24.5,"H2","H3")),IF(E20="F",IF(F20<24.5,"F1","F2"),"")) -> H1 | J20: ='Feuille saisie score '!J19 -> 10 | K20: ='Feuille saisie score '!K19 -> 19 | L20: ='Feuille saisie score '!L19 -> 7 | M20: ='Feuille saisie score '!M19 -> 16 | N20: =J20+L20 -> 17
A21: BOUDON | B21: PIERRE | C21: =A21&" "&B21 -> BOUDON PIERRE | D21: S | E21: H | F21: ='joueurs '!F20 -> 13 | G21: NATIXIS | H21: 43937161 | I21: =IF(E21="H",IF(F21<15.5,"H1",IF(F21<24.5,"H2","H3")),IF(E21="F",IF(F21<24.5,"F1","F2"),"")) -> H1 | J21: ='Feuille saisie score '!J20 -> 17 | K21: ='Feuille saisie score '!K20 -> 29 | L21: ='Feuille saisie score '!L20 -> 18 | M21: ='Feuille saisie score '!M20 -> 29 | N21: =J21+L21 -> 35
A22: BOULDOIRES | B22: Bertrand | C22: =A22&" "&B22 -> BOULDOIRES Bertrand | D22: S | E22: H | F22: ='joueurs '!F21 -> 7 | G22: CEAPC | H22: 52 541 21 26 | I22: =IF(E22="H",IF(F22<15.5,"H1",IF(F22<24.5,"H2","H3")),IF(E22="F",IF(F22<24.5,"F1","F2"),"")) -> H1 | J22: ='Feuille saisie score '!J21 -> 13 | K22: ='Feuille saisie score '!K21 -> 21 | L22: ='Feuille saisie score '!L21 -> 6 | M22: ='Feuille saisie score '!M21 -> 11 | N22: =J22+L22 -> 19
A23: BOURSIER | B23: ANTHONY | C23: =A23&" "&B23 -> BOURSIER ANTHONY | D23: S | E23: H | F23: ='joueurs '!F22 -> 21.2 | G23: CELC | H23: 547840202 | I23: =IF(E23="H",IF(F23<15.5,"H1",IF(F23<24.5,"H2","H3")),IF(E23="F",IF(F23<24.5,"F1","F2"),"")) -> H2 | J23: ='Feuille saisie score '!J22 -> 14 | K23: ='Feuille saisie score '!K22 -> 30 | L23: ='Feuille saisie score '!L22 -> 7 | M23: ='Feuille saisie score '!M22 -> 22 | N23: =J23+L23 -> 21
A24: BOUSSELET | B24: Bertrand | C24: =A24&" "&B24 -> BOUSSELET Bertrand | D24: S | E24: H | F24: ='joueurs '!F23 -> 15.5 | G24: CEIDF | H24: 3837290 | I24: =IF(E24="H",IF(F24<15.5,"H1",IF(F24<24.5,"H2","H3")),IF(E24="F",IF(F24<24.5,"F1","F2"),"")) -> H2 | J24: ='Feuille saisie score '!J23 -> 8 | K24: ='Feuille saisie score '!K23 -> 20 | L24: ='Feuille saisie score '!L23 -> 15 | M24: ='Feuille saisie score '!M23 -> 31 | N24: =J24+L24 -> 23
A25: BRIGNON | B25: MICHEL | C25: =A25&" "&B25 -> BRIGNON MICHEL | D25: S | E25: H | F25: ='joueurs '!F24 -> 20.4 | G25: CELC | H25: 515715265 | I25: =IF(E25="H",IF(F25<15.5,"H1",IF(F25<24.5,"H2","H3")),IF(E25="F",IF(F25<24.5,"F1","F2"),"")) -> H2 | J25: ='Feuille saisie score '!J24 -> 11 | K25: ='Feuille saisie score '!K24 -> 24 | L25: ='Feuille saisie score '!L24 -> 12 | M25: ='Feuille saisie score '!M24 -> 30 | N25: =J25+L25 -> 23
A26: BRKIC | B26: Alexandre | C26: =A26&" "&B26 -> BRKIC Alexandre | D26: S | E26: H | F26: ='joueurs '!F25 -> 19 | G26: CEIDF | H26: 48647147 | I26: =IF(E26="H",IF(F26<15.5,"H1",IF(F26<24.5,"H2","H3")),IF(E26="F",IF(F26<24.5,"F1","F2"),"")) -> H2 | J26: ='Feuille saisie score '!J25 -> 18 | K26: ='Feuille saisie score '!K25 -> 34 | L26: ='Feuille saisie score '!L25 -> 12 | M26: ='Feuille saisie score '!M25 -> 26 | N26: =J26+L26 -> 30
A27: BURSON | B27: Didier | C27: =A27&" "&B27 -> BURSON Didier | D27: S | E27: H | F27: ='joueurs '!F26 -> 41.6 | G27: CEBFC | H27: 546096359 | I27: =IF(E27="H",IF(F27<15.5,"H1",IF(F27<24.5,"H2","H3")),IF(E27="F",IF(F27<24.5,"F1","F2"),"")) -> H3 | J27: ='Feuille saisie score '!J26 -> 2 | K27: ='Feuille saisie score '!K26 -> 18 | L27: ='Feuille saisie score '!L26 -> 6 | M27: ='Feuille saisie score '!M26 -> 34 | N27: =J27+L27 -> 8
A28: CAILLAT | B28: Pierre Yves | C28: =A28&" "&B28 -> CAILLAT Pierre Yves | D28: S | E28: H | F28: ='joueurs '!F27 -> 24.3 | G28: PALATINE | H28: 217085 | I28: =IF(E28="H",IF(F28<15.5,"H1",IF(F28<24.5,"H2","H3")),IF(E28="F",IF(F28<24.5,"F1","F2"),"")) -> H2 | J28: ='Feuille saisie score '!J27 -> 12 | K28: ='Feuille saisie score '!K27 -> 30 | L28: ='Feuille saisie score '!L27 -> 12 | M28: ='Feuille saisie score '!M27 -> 30 | N28: =J28+L28 -> 24
A29: CHAMOUTON | B29: Patrick | C29: =A29&" "&B29 -> CHAMOUTON Patrick | D29: S | E29: H | F29: ='joueurs '!F28 -> 37 | G29: CEBFC | H29: 533662190 | I29: =IF(E29="H",IF(F29<15.5,"H1",IF(F29<24.5,"H2","H3")),IF(E29="F",IF(F29<24.5,"F1","F2"),"")) -> H3 | J29: ='Feuille saisie score '!J28 -> 11 | K29: ='Feuille saisie score '!K28 -> 41 | L29: ='Feuille saisie score '!L28 -> 7 | M29: ='Feuille saisie score '!M28 -> 40 | N29: =J29+L29 -> 18
A30: CHENOUNA | B30: Rachel | C30: =A30&" "&B30 -> CHENOUNA Rachel | D30: S | E30: F | F30: ='joueurs '!F29 -> 40.4 | G30: CEIDF | H30: 42104315 | I30: =IF(E30="H",IF(F30<15.5,"H1",IF(F30<24.5,"H2","H3")),IF(E30="F",IF(F30<24.5,"F1","F2"),"")) -> F2 | J30: ='Feuille saisie score '!J29 -> 4 | K30: ='Feuille saisie score '!K29 -> 27 | L30: ='Feuille saisie score '!L29 -> 5 | M30: ='Feuille saisie score '!M29 -> 22 | N30: =J30+L30 -> 9
A31: CHENOUNA | B31: Djilali | C31: =A31&" "&B31 -> CHENOUNA Djilali | D31: E | E31: H | F31: ='joueurs '!F30 -> 21.4 | G31: CEIDF | H31: 42075243 | I31: =IF(E31="H",IF(F31<15.5,"H1",IF(F31<24.5,"H2","H3")),IF(E31="F",IF(F31<24.5,"F1","F2"),"")) -> H2 | J31: ='Feuille saisie score '!J30 -> 10 | K31: ='Feuille saisie score '!K30 -> 24 | L31: ='Feuille saisie score '!L30 -> 14 | M31: ='Feuille saisie score '!M30 -> 33 | N31: =J31+L31 -> 24
A32: CHUSSEAU | B32: Cedric | C32: =A32&" "&B32 -> CHUSSEAU Cedric | D32: S | E32: H | F32: ='joueurs '!F31 -> 21.6 | G32: CEIDF | H32: 42078247 | I32: =IF(E32="H",IF(F32<15.5,"H1",IF(F32<24.5,"H2","H3")),IF(E32="F",IF(F32<24.5,"F1","F2"),"")) -> H2 | J32: ='Feuille saisie score '!J31 -> 13 | K32: ='Feuille saisie score '!K31 -> 31 | L32: ='Feuille saisie score '!L31 -> 13 | M32: ='Feuille saisie score '!M31 -> 31 | N32: =J32+L32 -> 26
A33: CIRENI | B33: Maria-Grazia | C33: =A33&" "&B33 -> CIRENI Maria-Grazia | D33: E | E33: F | F33: ='joueurs '!F32 -> 38 | G33: CEIDF | H33: 41775191 | I33: =IF(E33="H",IF(F33<15.5,"H1",IF(F33<24.5,"H2","H3")),IF(E33="F",IF(F33<24.5,"F1","F2"),"")) -> F2 | J33: ='Feuille saisie score '!J32 -> 10 | K33: ='Feuille saisie score '!K32 -> 37 | L33: ='Feuille saisie score '!L32 -> 5 | M33: ='Feuille saisie score '!M32 -> 35 | N33: =J33+L33 -> 15
A34: COLL | B34: Marlène | C34: =A34&" "&B34 -> COLL Marlène | D34: S | E34: F | F34: ='joueurs '!F33 -> 35.7 | G34: CEAPC | H34: 41992290 | I34: =IF(E34="H",IF(F34<15.5,"H1",IF(F34<24.5,"H2","H3")),IF(E34="F",IF(F34<24.5,"F1","F2"),"")) -> F2 | J34: ='Feuille saisie score '!J33 -> 4 | K34: ='Feuille saisie score '!K33 -> 27 | L34: ='Feuille saisie score '!L33 -> 5 | M34: ='Feuille saisie score '!M33 -> 21 | N34: =J34+L34 -> 9
A35: CORDIER | B35: Matthieu | C35: =A35&" "&B35 -> CORDIER Matthieu | D35: S | E35: H | F35: ='joueurs '!F34 -> 3.2 | G35: PALATINE | H35: 43346122 | I35: =IF(E35="H",IF(F35<15.5,"H1",IF(F35<24.5,"H2","H3")),IF(E35="F",IF(F35<24.5,"F1","F2"),"")) -> H1 | J35: ='Feuille saisie score '!J34 -> 26 | K35: ='Feuille saisie score '!K34 -> 30 | L35: ='Feuille saisie score '!L34 -> 22 | M35: ='Feuille saisie score '!M34 -> 25 | N35: =J35+L35 -> 48
A36: CORMIER | B36: Brice | C36: =A36&" "&B36 -> CORMIER Brice | D36: S | E36: H | F36: ='joueurs '!F35 -> 20.3 | G36: BPCE SA | H36: 522833258 | I36: =IF(E36="H",IF(F36<15.5,"H1",IF(F36<24.5,"H2","H3")),IF(E36="F",IF(F36<24.5,"F1","F2"),"")) -> H2 | J36: ='Feuille saisie score '!J35 -> 13 | K36: ='Feuille saisie score '!K35 -> 27 | L36: ='Feuille saisie score '!L35 -> 8 | M36: ='Feuille saisie score '!M35 -> 23 | N36: =J36+L36 -> 21
A37: COSTA | B37: Eduardo | C37: =A37&" "&B37 -> COSTA Eduardo | D37: E | E37: H | F37: ='joueurs '!F36 -> 24.8 | G37: CEIDF | H37: 534369194 | I37: =IF(E37="H",IF(F37<15.5,"H1",IF(F37<24.5,"H2","H3")),IF(E37="F",IF(F37<24.5,"F1","F2"),"")) -> H3 | J37: ='Feuille saisie score '!J36 -> 7 | K37: ='Feuille saisie score '!K36 -> 22 | L37: ='Feuille saisie score '!L36 -> 9 | M37: ='Feuille saisie score '!M36 -> 29 | N37: =J37+L37 -> 16
... A44: decenciere | B44: olivier | C44: =A44&" "&B44 -> decenciere olivier | D44: S | E44: H | F44: ='joueurs '!F43 -> 30.7 | G44: BPCE SA | H44: 541946225 | I44: =IF(E44="H",IF(F44<15.5,"H1",IF(F44<24.5,"H2","H3")),IF(E44="F",IF(F44<24.5,"F1","F2"),"")) -> H3 | J44: ='Feuille saisie score '!J43 -> 8 | K44: ='Feuille saisie score '!K43 -> 32 | L44: ='Feuille saisie score '!L43 -> 13 | M44: ='Feuille saisie score '!M43 -> 42 | N44: =J44+L44 -> 21
A45: DECRESSAIN | B45: Amaury | C45: =A45&" "&B45 -> DECRESSAIN Amaury | D45: S | E45: H | F45: ='joueurs '!F44 -> 14.4 | G45: CEAPC | H45: 541 770 209 | I45: =IF(E45="H",IF(F45<15.5,"H1",IF(F45<24.5,"H2","H3")),IF(E45="F",IF(F45<24.5,"F1","F2"),"")) -> H1 | J45: ='Feuille saisie score '!J44 -> 2 | K45: ='Feuille saisie score '!K44 -> 9 | L45: ='Feuille saisie score '!L44 -> 13 | M45: ='Feuille saisie score '!M44 -> 25 | N45: =J45+L45 -> 15
A46: DELAHAYE | B46: OLIVIER | C46: =A46&" "&B46 -> DELAHAYE OLIVIER | D46: S | E46: H | F46: ='joueurs '!F45 -> 19.3 | G46: CEHDF | H46: 521567244 | I46: =IF(E46="H",IF(F46<15.5,"H1",IF(F46<24.5,"H2","H3")),IF(E46="F",IF(F46<24.5,"F1","F2"),"")) -> H2 | J46: ='Feuille saisie score '!J45 -> 13 | K46: ='Feuille saisie score '!K45 -> 32 | L46: ='Feuille saisie score '!L45 -> 12 | M46: ='Feuille saisie score '!M45 -> 27 | N46: =J46+L46 -> 25
A47: DELIA | B47: Eric | C47: =A47&" "&B47 -> DELIA Eric | D47: S | E47: H | F47: ='joueurs '!F46 -> 28 | G47: BPCE IT | H47: 49251375 | I47: =IF(E47="H",IF(F47<15.5,"H1",IF(F47<24.5,"H2","H3")),IF(E47="F",IF(F47<24.5,"F1","F2"),"")) -> H3 | J47: ='Feuille saisie score '!J46 -> 9 | K47: ='Feuille saisie score '!K46 -> 33 | L47: ='Feuille saisie score '!L46 -> 13 | M47: ='Feuille saisie score '!M46 -> 39 | N47: =J47+L47 -> 22
A48: dELLA VEDOVA | B48: jean yves | C48: =A48&" "&B48 -> dELLA VEDOVA jean yves | D48: S | E48: H | F48: ='joueurs '!F47 -> 35.5 | G48: BPCE SA | H48: 520181064 | I48: =IF(E48="H",IF(F48<15.5,"H1",IF(F48<24.5,"H2","H3")),IF(E48="F",IF(F48<24.5,"F1","F2"),"")) -> H3 | J48: ='Feuille saisie score '!J47 -> 3 | K48: ='Feuille saisie score '!K47 -> 26 | L48: ='Feuille saisie score '!L47 -> 8 | M48: ='Feuille saisie score '!M47 -> 39 | N48: =J48+L48 -> 11
A49: DELWASSE | B49: NICOLAS | C49: =A49&" "&B49 -> DELWASSE NICOLAS | D49: S | E49: H | F49: ='joueurs '!F48 -> 18.4 | G49: NATIXIS | H49: 541157186 | I49: =IF(E49="H",IF(F49<15.5,"H1",IF(F49<24.5,"H2","H3")),IF(E49="F",IF(F49<24.5,"F1","F2"),"")) -> H2 | J49: ='Feuille saisie score '!J48 -> 21 | K49: ='Feuille saisie score '!K48 -> 39 | L49: ='Feuille saisie score '!L48 -> 15 | M49: ='Feuille saisie score '!M48 -> 32 | N49: =J49+L49 -> 36
A50: DENE | B50: Gilles | C50: =A50&" "&B50 -> DENE Gilles | D50: S | E50: H | F50: ='joueurs '!F49 -> 32.1 | G50: CEGC | H50: 547828182 | I50: =IF(E50="H",IF(F50<15.5,"H1",IF(F50<24.5,"H2","H3")),IF(E50="F",IF(F50<24.5,"F1","F2"),"")) -> H3 | J50: ='Feuille saisie score '!J49 -> 1 | K50: ='Feuille saisie score '!K49 -> 15 | L50: ='Feuille saisie score '!L49 -> 3 | M50: ='Feuille saisie score '!M49 -> 32 | N50: =J50+L50 -> 4
A51: DEPARDIEU | B51: FRANCK | C51: =A51&" "&B51 -> DEPARDIEU FRANCK | D51: S | E51: H | F51: ='joueurs '!F50 -> 9.3 | G51: CELC | H51: 041120081 | I51: =IF(E51="H",IF(F51<15.5,"H1",IF(F51<24.5,"H2","H3")),IF(E51="F",IF(F51<24.5,"F1","F2"),"")) -> H1 | J51: ='Feuille saisie score '!J50 -> 17 | K51: ='Feuille saisie score '!K50 -> 28 | L51: ='Feuille saisie score '!L50 -> 23 | M51: ='Feuille saisie score '!M50 -> 34 | N51: =J51+L51 -> 40
A52: DI GIANNI | B52: MURIEL | C52: =A52&" "&B52 -> DI GIANNI MURIEL | D52: S | E52: F | F52: ='joueurs '!F54 -> 10.3 | G52: BPCE SI | H52: 042600256 | I52: =IF(E52="H",IF(F52<15.5,"H1",IF(F52<24.5,"H2","H3")),IF(E52="F",IF(F52<24.5,"F1","F2"),"")) -> F1 | J52: ='Feuille saisie score '!J54 -> 25 | K52: ='Feuille saisie score '!K54 -> 37 | L52: ='Feuille saisie score '!L54 -> 23 | M52: ='Feuille saisie score '!M54 -> 35 | N52: =J52+L52 -> 48
A53: DESHAYES | B53: SYLVAIN | C53: =A53&" "&B53 -> DESHAYES SYLVAIN | D53: S | E53: H | F53: ='joueurs '!F52 -> 26.1 | G53: NATIXIS | H53: 528596227 | I53: =IF(E53="H",IF(F53<15.5,"H1",IF(F53<24.5,"H2","H3")),IF(E53="F",IF(F53<24.5,"F1","F2"),"")) -> H3 | J53: ='Feuille saisie score '!J52 -> 15 | K53: ='Feuille saisie score '!K52 -> 38 | L53: ='Feuille saisie score '!L52 -> 8 | M53: ='Feuille saisie score '!M52 -> 29 | N53: =J53+L53 -> 23
A54: DEPARDIEU | B54: LINDA | C54: =A54&" "&B54 -> DEPARDIEU LINDA | D54: S | E54: F | F54: ='joueurs '!F51 -> 21.3 | G54: CELC | H54: 528226297 | I54: =IF(E54="H",IF(F54<15.5,"H1",IF(F54<24.5,"H2","H3")),IF(E54="F",IF(F54<24.5,"F1","F2"),"")) -> F1 | J54: ='Feuille saisie score '!J51 -> 12 | K54: ='Feuille saisie score '!K51 -> 32 | L54: ='Feuille saisie score '!L51 -> 17 | M54: ='Feuille saisie score '!M51 -> 36 | N54: =J54+L54 -> 29
A55: FOURNIER | B55: Corinne | C55: =A55&" "&B55 -> FOURNIER Corinne | D55: S | E55: F | F55: ='joueurs '!F63 -> 18.7 | G55: BPGO | H55: 3147213 | I55: =IF(E55="H",IF(F55<15.5,"H1",IF(F55<24.5,"H2","H3")),IF(E55="F",IF(F55<24.5,"F1","F2"),"")) -> F1 | J55: ='Feuille saisie score '!J63 -> 19 | K55: ='Feuille saisie score '!K63 -> 38 | L55: ='Feuille saisie score '!L63 -> 10 | M55: ='Feuille saisie score '!M63 -> 24 | N55: =J55+L55 -> 29
A56: DIZET | B56: Loïc | C56: =A56&" "&B56 -> DIZET Loïc | D56: S | E56: H | F56: ='joueurs '!F55 -> 15.7 | G56: CEAPC | H56: 43774199 | I56: =IF(E56="H",IF(F56<15.5,"H1",IF(F56<24.5,"H2","H3")),IF(E56="F",IF(F56<24.5,"F1","F2"),"")) -> H2 | J56: ='Feuille saisie score '!J55 -> 23 | K56: ='Feuille saisie score '!K55 -> 40 | L56: ='Feuille saisie score '!L55 -> 22 | M56: ='Feuille saisie score '!M55 -> 39 | N56: =J56+L56 -> 45
A57: DUEZ | B57: Pascal | C57: =A57&" "&B57 -> DUEZ Pascal | D57: S | E57: H | F57: ='joueurs '!F56 -> 23.3 | G57: CELR | H57: 539064209 | I57: =IF(E57="H",IF(F57<15.5,"H1",IF(F57<24.5,"H2","H3")),IF(E57="F",IF(F57<24.5,"F1","F2"),"")) -> H2 | J57: ='Feuille saisie score '!J56 -> 16 | K57: ='Feuille saisie score '!K56 -> 38 | L57: ='Feuille saisie score '!L56 -> 11 | M57: ='Feuille saisie score '!M56 -> 35 | N57: =J57+L57 -> 27
A58: DULAU | B58: Emmanuel | C58: =A58&" "&B58 -> DULAU Emmanuel | D58: S | E58: H | F58: ='joueurs '!F57 -> 15.2 | G58: CEAPC | H58: 525284328 | I58: =IF(E58="H",IF(F58<15.5,"H1",IF(F58<24.5,"H2","H3")),IF(E58="F",IF(F58<24.5,"F1","F2"),"")) -> H1 | J58: ='Feuille saisie score '!J57 -> 10 | K58: ='Feuille saisie score '!K57 -> 24 | L58: ='Feuille saisie score '!L57 -> 19 | M58: ='Feuille saisie score '!M57 -> 33 | N58: =J58+L58 -> 29
A59: DURANDE | B59: Stephane | C59: =A59&" "&B59 -> DURANDE Stephane | D59: S | E59: H | F59: ='joueurs '!F58 -> 14.7 | G59: BPCE IT | H59: 521673236 | I59: =IF(E59="H",IF(F59<15.5,"H1",IF(F59<24.5,"H2","H3")),IF(E59="F",IF(F59<24.5,"F1","F2"),"")) -> H1 | J59: ='Feuille saisie score '!J58 -> 16 | K59: ='Feuille saisie score '!K58 -> 27 | L59: ='Feuille saisie score '!L58 -> 12 | M59: ='Feuille saisie score '!M58 -> 27 | N59: =J59+L59 -> 28
A60: ESCOT | B60: Marc | C60: =A60&" "&B60 -> ESCOT Marc | D60: R | E60: H | F60: ='joueurs '!F59 -> 26.6 | G60: CEAPC | H60: 45194339 | I60: =IF(E60="H",IF(F60<15.5,"H1",IF(F60<24.5,"H2","H3")),IF(E60="F",IF(F60<24.5,"F1","F2"),"")) -> H3 | J60: ='Feuille saisie score '!J59 -> 9 | K60: ='Feuille saisie score '!K59 -> 25 | L60: ='Feuille saisie score '!L59 -> 16 | M60: ='Feuille saisie score '!M59 -> 40 | N60: =J60+L60 -> 25
A61: FERRANDON | B61: STEPHANE | C61: =A61&" "&B61 -> FERRANDON STEPHANE | D61: S | E61: H | F61: ='joueurs '!F60 -> 8.9 | G61: BPBFC | H61: 540085201 | I61: =IF(E61="H",IF(F61<15.5,"H1",IF(F61<24.5,"H2","H3")),IF(E61="F",IF(F61<24.5,"F1","F2"),"")) -> H1 | J61: ='Feuille saisie score '!J60 -> 19 | K61: ='Feuille saisie score '!K60 -> 29 | L61: ='Feuille saisie score '!L60 -> 22 | M61: ='Feuille saisie score '!M60 -> 31 | N61: =J61+L61 -> 41
A62: FERRIERES | B62: Regine | C62: =A62&" "&B62 -> FERRIERES Regine | D62: S | E62: F | F62: ='joueurs '!F61 -> 32.4 | G62: CELR | H62: 43526302 | I62: =IF(E62="H",IF(F62<15.5,"H1",IF(F62<24.5,"H2","H3")),IF(E62="F",IF(F62<24.5,"F1","F2"),"")) -> F2 | J62: ='Feuille saisie score '!J61 -> 5 | K62: ='Feuille saisie score '!K61 -> 30 | L62: ='Feuille saisie score '!L61 -> 1 | M62: ='Feuille saisie score '!M61 -> 20 | N62: =J62+L62 -> 6
A63: FOUASSEAU-QUERBES | B63: Pascale | C63: =A63&" "&B63 -> FOUASSEAU-QUERBES Pascale | D63: S | E63: F | F63: ='joueurs '!F62 -> 54 | G63: CEIDF | H63: 44444355 | I63: =IF(E63="H",IF(F63<15.5,"H1",IF(F63<24.5,"H2","H3")),IF(E63="F",IF(F63<24.5,"F1","F2"),"")) -> F2 | J63: ='Feuille saisie score '!J62 -> 0 | K63: ='Feuille saisie score '!K62 -> 15 | L63: ='Feuille saisie score '!L62 -> 0 | M63: ='Feuille saisie score '!M62 -> 5 | N63: =J63+L63 -> 0
A64: DESMARAIS | B64: CATHERINE | C64: =A64&" "&B64 -> DESMARAIS CATHERINE | D64: S | E64: F | F64: ='joueurs '!F53 -> 16 | G64: CEN | H64: 46233087 | I64: =IF(E64="H",IF(F64<15.5,"H1",IF(F64<24.5,"H2","H3")),IF(E64="F",IF(F64<24.5,"F1","F2"),"")) -> F1 | J64: ='Feuille saisie score '!J53 -> 8 | K64: ='Feuille saisie score '!K53 -> 18 | L64: ='Feuille saisie score '!L53 -> 18 | M64: ='Feuille saisie score '!M53 -> 33 | N64: =J64+L64 -> 26
A65: FRANCHI | B65: ANTOINE | C65: =A65&" "&B65 -> FRANCHI ANTOINE | D65: S | E65: H | F65: ='joueurs '!F64 -> 21.5 | G65: NATIXIS | H65: 519009066 | I65: =IF(E65="H",IF(F65<15.5,"H1",IF(F65<24.5,"H2","H3")),IF(E65="F",IF(F65<24.5,"F1","F2"),"")) -> H2 | J65: ='Feuille saisie score '!J64 -> 15 | K65: ='Feuille saisie score '!K64 -> 36 | L65: ='Feuille saisie score '!L64 -> 18 | M65: ='Feuille saisie score '!M64 -> 40 | N65: =J65+L65 -> 33
A66: GAMBILLO | B66: Franco | C66: =A66&" "&B66 -> GAMBILLO Franco | D66: S | E66: H | F66: ='joueurs '!F65 -> 19.2 | G66: PALATINE | H66: 521918187 | I66: =IF(E66="H",IF(F66<15.5,"H1",IF(F66<24.5,"H2","H3")),IF(E66="F",IF(F66<24.5,"F1","F2"),"")) -> H2 | J66: ='Feuille saisie score '!J65 -> 20 | K66: ='Feuille saisie score '!K65 -> 39 | L66: ='Feuille saisie score '!L65 -> 17 | M66: ='Feuille saisie score '!M65 -> 35 | N66: =J66+L66 -> 37
A67: Garnier | B67: thierry | C67: =A67&" "&B67 -> Garnier thierry | D67: S | E67: H | F67: ='joueurs '!F66 -> 35 | G67: BPCE SA | H67: 514333250 | I67: =IF(E67="H",IF(F67<15.5,"H1",IF(F67<24.5,"H2","H3")),IF(E67="F",IF(F67<24.5,"F1","F2"),"")) -> H3 | J67: ='Feuille saisie score '!J66 -> 4 | K67: ='Feuille saisie score '!K66 -> 29 | L67: ='Feuille saisie score '!L66 -> 6 | M67: ='Feuille saisie score '!M66 -> 36 | N67: =J67+L67 -> 10
A68: GAUTIER | B68: Stéphane | C68: =A68&" "&B68 -> GAUTIER Stéphane | D68: S | E68: H | F68: ='joueurs '!F67 -> 25.4 | G68: BPGO | H68: 44952233 | I68: =IF(E68="H",IF(F68<15.5,"H1",IF(F68<24.5,"H2","H3")),IF(E68="F",IF(F68<24.5,"F1","F2"),"")) -> H3 | J68: ='Feuille saisie score '!J67 -> 6 | K68: ='Feuille saisie score '!K67 -> 21 | L68: ='Feuille saisie score '!L67 -> 7 | M68: ='Feuille saisie score '!M67 -> 28 | N68: =J68+L68 -> 13
A69: GEA | B69: BERNARD | C69: =A69&" "&B69 -> GEA BERNARD | D69: S | E69: H | F69: ='joueurs '!F68 -> 27.7 | G69: BPAURA | H69: 522458066 | I69: =IF(E69="H",IF(F69<15.5,"H1",IF(F69<24.5,"H2","H3")),IF(E69="F",IF(F69<24.5,"F1","F2"),"")) -> H3 | J69: ='Feuille saisie score '!J68 -> 11 | K69: ='Feuille saisie score '!K68 -> 34 | L69: ='Feuille saisie score '!L68 -> 8 | M69: ='Feuille saisie score '!M68 -> 25 | N69: =J69+L69 -> 19
A70: GONDOLE | B70: Philippe | C70: =A70&" "&B70 -> GONDOLE Philippe | D70: S | E70: H | F70: ='joueurs '!F69 -> 19 | G70: CEIDF | H70: 541526116 | I70: =IF(E70="H",IF(F70<15.5,"H1",IF(F70<24.5,"H2","H3")),IF(E70="F",IF(F70<24.5,"F1","F2"),"")) -> H2 | J70: ='Feuille saisie score '!J69 -> 12 | K70: ='Feuille saisie score '!K69 -> 31 | L70: ='Feuille saisie score '!L69 -> 0 | M70: ='Feuille saisie score '!M69 -> 0 | N70: =J70+L70 -> 12
A71: GRANDADAM | B71: Nancy | C71: =A71&" "&B71 -> GRANDADAM Nancy | D71: S | E71: F | F71: ='joueurs '!F70 -> 38.8 | G71: CELR | H71: 48634275 | I71: =IF(E71="H",IF(F71<15.5,"H1",IF(F71<24.5,"H2","H3")),IF(E71="F",IF(F71<24.5,"F1","F2"),"")) -> F2 | J71: ='Feuille saisie score '!J70 -> 17 | K71: ='Feuille saisie score '!K70 -> 51 | L71: ='Feuille saisie score '!L70 -> 12 | M71: ='Feuille saisie score '!M70 -> 35 | N71: =J71+L71 -> 29
A72: GRANDADAM | B72: Philippe | C72: =A72&" "&B72 -> GRANDADAM Philippe | D72: E | E72: H | F72: ='joueurs '!F71 -> 24.6 | G72: CELR | H72: 541310170 | I72: =IF(E72="H",IF(F72<15.5,"H1",IF(F72<24.5,"H2","H3")),IF(E72="F",IF(F72<24.5,"F1","F2"),"")) -> H3 | J72: ='Feuille saisie score '!J71 -> 15 | K72: ='Feuille saisie score '!K71 -> 34 | L72: ='Feuille saisie score '!L71 -> 12 | M72: ='Feuille saisie score '!M71 -> 31 | N72: =J72+L72 -> 27
A73: GROLLEAU | B73: ANNE-CECILE | C73: =A73&" "&B73 -> GROLLEAU ANNE-CECILE | D73: S | E73: F | F73: ='joueurs '!F72 -> 27.3 | G73: NATIXIS | H73: 537852012 | I73: =IF(E73="H",IF(F73<15.5,"H1",IF(F73<24.5,"H2","H3")),IF(E73="F",IF(F73<24.5,"F1","F2"),"")) -> F2 | J73: ='Feuille saisie score '!J72 -> 16 | K73: ='Feuille saisie score '!K72 -> 38 | L73: ='Feuille saisie score '!L72 -> 15 | M73: ='Feuille saisie score '!M72 -> 40 | N73: =J73+L73 -> 31
A74: GUIMARAES | B74: Carlos | C74: =A74&" "&B74 -> GUIMARAES Carlos | D74: S | E74: H | F74: ='joueurs '!F73 -> 12.1 | G74: CEAPC | H74: 45534171 | I74: =IF(E74="H",IF(F74<15.5,"H1",IF(F74<24.5,"H2","H3")),IF(E74="F",IF(F74<24.5,"F1","F2"),"")) -> H1 | J74: ='Feuille saisie score '!J73 -> 22 | K74: ='Feuille saisie score '!K73 -> 32 | L74: ='Feuille saisie score '!L73 -> 16 | M74: ='Feuille saisie score '!M73 -> 29 | N74: =J74+L74 -> 38
A75: GUITOGER | B75: didier | C75: =A75&" "&B75 -> GUITOGER didier | D75: S | E75: H | F75: ='joueurs '!F74 -> 19.5 | G75: BPCE SA | H75: 535764291 | I75: =IF(E75="H",IF(F75<15.5,"H1",IF(F75<24.5,"H2","H3")),IF(E75="F",IF(F75<24.5,"F1","F2"),"")) -> H2 | J75: ='Feuille saisie score '!J74 -> 13 | K75: ='Feuille saisie score '!K74 -> 31 | L75: ='Feuille saisie score '!L74 -> 5 | M75: ='Feuille saisie score '!M74 -> 20 | N75: =J75+L75 -> 18
A76: HAGEMAN | B76: VALERIE | C76: =A76&" "&B76 -> HAGEMAN VALERIE | D76: E | E76: F | F76: ='joueurs '!F75 -> 43.5 | G76: NATIXIS | H76: 533591301 | I76: =IF(E76="H",IF(F76<15.5,"H1",IF(F76<24.5,"H2","H3")),IF(E76="F",IF(F76<24.5,"F1","F2"),"")) -> F2 | J76: ='Feuille saisie score '!J75 -> 5 | K76: ='Feuille saisie score '!K75 -> 39 | L76: ='Feuille saisie score '!L75 -> 10 | M76: ='Feuille saisie score '!M75 -> 38 | N76: =J76+L76 -> 15
... A80: HOUET | B80: Elodie | C80: =A80&" "&B80 -> HOUET Elodie | D80: S | E80: F | F80: ='joueurs '!F79 -> 49 | G80: BPGO | H80: 524317384 | I80: =IF(E80="H",IF(F80<15.5,"H1",IF(F80<24.5,"H2","H3")),IF(E80="F",IF(F80<24.5,"F1","F2"),"")) -> F2 | J80: ='Feuille saisie score '!J79 -> 11 | K80: ='Feuille saisie score '!K79 -> 43 | L80: ='Feuille saisie score '!L79 -> 4 | M80: ='Feuille saisie score '!M79 -> 33 | N80: =J80+L80 -> 15
A81: HOUPIN | B81: Gilles | C81: =A81&" "&B81 -> HOUPIN Gilles | D81: S | E81: H | F81: ='joueurs '!F80 -> 16.1 | G81: BPALC | H81: 516388171 | I81: =IF(E81="H",IF(F81<15.5,"H1",IF(F81<24.5,"H2","H3")),IF(E81="F",IF(F81<24.5,"F1","F2"),"")) -> H2 | J81: ='Feuille saisie score '!J80 -> 11 | K81: ='Feuille saisie score '!K80 -> 24 | L81: ='Feuille saisie score '!L80 -> 7 | M81: ='Feuille saisie score '!M80 -> 20 | N81: =J81+L81 -> 18
A82: ROUGER | B82: ISABELLE | C82: =A82&" "&B82 -> ROUGER ISABELLE | D82: S | E82: F | F82: ='joueurs '!F149 -> 23.6 | G82: CELC | H82: 530563061 | I82: =IF(E82="H",IF(F82<15.5,"H1",IF(F82<24.5,"H2","H3")),IF(E82="F",IF(F82<24.5,"F1","F2"),"")) -> F1 | J82: ='Feuille saisie score '!J149 -> 9 | K82: ='Feuille saisie score '!K149 -> 28 | L82: ='Feuille saisie score '!L149 -> 17 | M82: ='Feuille saisie score '!M149 -> 36 | N82: =J82+L82 -> 26
A83: IGUAL | B83: CHRISTIAN | C83: =A83&" "&B83 -> IGUAL CHRISTIAN | D83: S | E83: H | F83: ='joueurs '!F82 -> 30.7 | G83: CELC | H83: 45075258 | I83: =IF(E83="H",IF(F83<15.5,"H1",IF(F83<24.5,"H2","H3")),IF(E83="F",IF(F83<24.5,"F1","F2"),"")) -> H3 | J83: ='Feuille saisie score '!J82 -> 8 | K83: ='Feuille saisie score '!K82 -> 35 | L83: ='Feuille saisie score '!L82 -> 18 | M83: ='Feuille saisie score '!M82 -> 51 | N83: =J83+L83 -> 26
A84: ILLIVI | B84: Sylvain | C84: =A84&" "&B84 -> ILLIVI Sylvain | D84: S | E84: H | F84: ='joueurs '!F83 -> 33.2 | G84: CEIDF | H84: 042 898 182 | I84: =IF(E84="H",IF(F84<15.5,"H1",IF(F84<24.5,"H2","H3")),IF(E84="F",IF(F84<24.5,"F1","F2"),"")) -> H3 | J84: ='Feuille saisie score '!J83 -> 7 | K84: ='Feuille saisie score '!K83 -> 27 | L84: ='Feuille saisie score '!L83 -> 5 | M84: ='Feuille saisie score '!M83 -> 31 | N84: =J84+L84 -> 12
A85: JACOB | B85: sebastien | C85: =A85&" "&B85 -> JACOB sebastien | D85: E | E85: H | F85: ='joueurs '!F84 -> 18.1 | G85: sponsor | H85: 45373347 | I85: =IF(E85="H",IF(F85<15.5,"H1",IF(F85<24.5,"H2","H3")),IF(E85="F",IF(F85<24.5,"F1","F2"),"")) -> H2 | J85: ='Feuille saisie score '!J84 -> 0 | K85: ='Feuille saisie score '!K84 -> 0 | L85: ='Feuille saisie score '!L84 -> 7 | M85: ='Feuille saisie score '!M84 -> 17 | N85: =J85+L85 -> 7
A86: JOBERT | B86: Dominique | C86: =A86&" "&B86 -> JOBERT Dominique | D86: S | E86: H | F86: ='joueurs '!F85 -> 31.1 | G86: CEGEE | H86: 517532342 | I86: =IF(E86="H",IF(F86<15.5,"H1",IF(F86<24.5,"H2","H3")),IF(E86="F",IF(F86<24.5,"F1","F2"),"")) -> H3 | J86: ='Feuille saisie score '!J85 -> 6 | K86: ='Feuille saisie score '!K85 -> 27 | L86: ='Feuille saisie score '!L85 -> 4 | M86: ='Feuille saisie score '!M85 -> 36 | N86: =J86+L86 -> 10
A87: LACAZE | B87: NICOLAS | C87: =A87&" "&B87 -> LACAZE NICOLAS | D87: S | E87: H | F87: ='joueurs '!F86 -> 19 | G87: BPOC | H87: 046229200 | I87: =IF(E87="H",IF(F87<15.5,"H1",IF(F87<24.5,"H2","H3")),IF(E87="F",IF(F87<24.5,"F1","F2"),"")) -> H2 | J87: ='Feuille saisie score '!J86 -> 14 | K87: ='Feuille saisie score '!K86 -> 32 | L87: ='Feuille saisie score '!L86 -> 8 | M87: ='Feuille saisie score '!M86 -> 22 | N87: =J87+L87 -> 22
A88: LALANNE | B88: Franck | C88: =A88&" "&B88 -> LALANNE Franck | D88: S | E88: H | F88: ='joueurs '!F87 -> 24.8 | G88: BPGO | H88: 543213165 | I88: =IF(E88="H",IF(F88<15.5,"H1",IF(F88<24.5,"H2","H3")),IF(E88="F",IF(F88<24.5,"F1","F2"),"")) -> H3 | J88: ='Feuille saisie score '!J87 -> 4 | K88: ='Feuille saisie score '!K87 -> 13 | L88: ='Feuille saisie score '!L87 -> 5 | M88: ='Feuille saisie score '!M87 -> 19 | N88: =J88+L88 -> 9
A89: LAMARQUE | B89: Pierre | C89: =A89&" "&B89 -> LAMARQUE Pierre | D89: S | E89: H | F89: ='joueurs '!F88 -> 20.5 | G89: CEAPC | H89: 54 211 62 36 | I89: =IF(E89="H",IF(F89<15.5,"H1",IF(F89<24.5,"H2","H3")),IF(E89="F",IF(F89<24.5,"F1","F2"),"")) -> H2 | J89: ='Feuille saisie score '!J88 -> 4 | K89: ='Feuille saisie score '!K88 -> 14 | L89: ='Feuille saisie score '!L88 -> 4 | M89: ='Feuille saisie score '!M88 -> 18 | N89: =J89+L89 -> 8
A90: LAMBILLON | B90: Sebastien | C90: =A90&" "&B90 -> LAMBILLON Sebastien | D90: S | E90: H | F90: ='joueurs '!F89 -> 17.6 | G90: CEIDF | H90: 512042032 | I90: =IF(E90="H",IF(F90<15.5,"H1",IF(F90<24.5,"H2","H3")),IF(E90="F",IF(F90<24.5,"F1","F2"),"")) -> H2 | J90: ='Feuille saisie score '!J89 -> 8 | K90: ='Feuille saisie score '!K89 -> 24 | L90: ='Feuille saisie score '!L89 -> 14 | M90: ='Feuille saisie score '!M89 -> 28 | N90: =J90+L90 -> 22
A91: LAMOUR | B91: Eric | C91: =A91&" "&B91 -> LAMOUR Eric | D91: S | E91: H | F91: ='joueurs '!F90 -> 13.6 | G91: PALATINE | H91: 44214097 | I91: =IF(E91="H",IF(F91<15.5,"H1",IF(F91<24.5,"H2","H3")),IF(E91="F",IF(F91<24.5,"F1","F2"),"")) -> H1 | J91: ='Feuille saisie score '!J90 -> 14 | K91: ='Feuille saisie score '!K90 -> 27 | L91: ='Feuille saisie score '!L90 -> 18 | M91: ='Feuille saisie score '!M90 -> 31 | N91: =J91+L91 -> 32
A92: LAURENT | B92: JEAN-MARC | C92: =A92&" "&B92 -> LAURENT JEAN-MARC | D92: S | E92: H | F92: ='joueurs '!F91 -> 12.4 | G92: BPCE SI | H92: 542201090 | I92: =IF(E92="H",IF(F92<15.5,"H1",IF(F92<24.5,"H2","H3")),IF(E92="F",IF(F92<24.5,"F1","F2"),"")) -> H1 | J92: ='Feuille saisie score '!J91 -> 14 | K92: ='Feuille saisie score '!K91 -> 23 | L92: ='Feuille saisie score '!L91 -> 19 | M92: ='Feuille saisie score '!M91 -> 33 | N92: =J92+L92 -> 33
A93: LE DRU | B93: Jean-Jacques | C93: =A93&" "&B93 -> LE DRU Jean-Jacques | D93: S | E93: H | F93: ='joueurs '!F92 -> 23.3 | G93: CEIDF | H93: 520138218 | I93: =IF(E93="H",IF(F93<15.5,"H1",IF(F93<24.5,"H2","H3")),IF(E93="F",IF(F93<24.5,"F1","F2"),"")) -> H2 | J93: ='Feuille saisie score '!J92 -> 12 | K93: ='Feuille saisie score '!K92 -> 29 | L93: ='Feuille saisie score '!L92 -> 9 | M93: ='Feuille saisie score '!M92 -> 31 | N93: =J93+L93 -> 21
A94: LECLERCQ | B94: Alexandre | C94: =A94&" "&B94 -> LECLERCQ Alexandre | D94: S | E94: H | F94: ='joueurs '!F93 -> 29.9 | G94: CEIDF | H94: 512643053 | I94: =IF(E94="H",IF(F94<15.5,"H1",IF(F94<24.5,"H2","H3")),IF(E94="F",IF(F94<24.5,"F1","F2"),"")) -> H3 | J94: ='Feuille saisie score '!J93 -> 14 | K94: ='Feuille saisie score '!K93 -> 41 | L94: ='Feuille saisie score '!L93 -> 22 | M94: ='Feuille saisie score '!M93 -> 51 | N94: =J94+L94 -> 36
A95: LEFEVRE | B95: catherine | C95: =A95&" "&B95 -> LEFEVRE catherine | D95: S | E95: F | F95: ='joueurs '!F94 -> 37.4 | G95: BPCE SA | H95: 518607180 | I95: =IF(E95="H",IF(F95<15.5,"H1",IF(F95<24.5,"H2","H3")),IF(E95="F",IF(F95<24.5,"F1","F2"),"")) -> F2 | J95: ='Feuille saisie score '!J94 -> 8 | K95: ='Feuille saisie score '!K94 -> 32 | L95: ='Feuille saisie score '!L94 -> 5 | M95: ='Feuille saisie score '!M94 -> 28 | N95: =J95+L95 -> 13
A96: LEFEVRE | B96: THIERRY | C96: =A96&" "&B96 -> LEFEVRE THIERRY | D96: E | E96: H | F96: ='joueurs '!F95 -> 25.3 | G96: NATIXIS | H96: 41214347 | I96: =IF(E96="H",IF(F96<15.5,"H1",IF(F96<24.5,"H2","H3")),IF(E96="F",IF(F96<24.5,"F1","F2"),"")) -> H3 | J96: ='Feuille saisie score '!J95 -> 11 | K96: ='Feuille saisie score '!K95 -> 28 | L96: ='Feuille saisie score '!L95 -> 13 | M96: ='Feuille saisie score '!M95 -> 37 | N96: =J96+L96 -> 24
A97: LEGROS | B97: DANIEL | C97: =A97&" "&B97 -> LEGROS DANIEL | D97: S | E97: H | F97: ='joueurs '!F96 -> 20.5 | G97: TURBO BPCE | H97: 520245343 | I97: =IF(E97="H",IF(F97<15.5,"H1",IF(F97<24.5,"H2","H3")),IF(E97="F",IF(F97<24.5,"F1","F2"),"")) -> H2 | J97: ='Feuille saisie score '!J96 -> 10 | K97: ='Feuille saisie score '!K96 -> 27 | L97: ='Feuille saisie score '!L96 -> 14 | M97: ='Feuille saisie score '!M96 -> 33 | N97: =J97+L97 -> 24
A98: LEIBMANN | B98: LAURENT | C98: =A98&" "&B98 -> LEIBMANN LAURENT | D98: S | E98: H | F98: ='joueurs '!F97 -> 19.3 | G98: NATIXIS | H98: 47203021 | I98: =IF(E98="H",IF(F98<15.5,"H1",IF(F98<24.5,"H2","H3")),IF(E98="F",IF(F98<24.5,"F1","F2"),"")) -> H2 | J98: ='Feuille saisie score '!J97 -> 16 | K98: ='Feuille saisie score '!K97 -> 35 | L98: ='Feuille saisie score '!L97 -> 10 | M98: ='Feuille saisie score '!M97 -> 28 | N98: =J98+L98 -> 26
A99: LETHONGSAVARN | B99: Vivien | C99: =A99&" "&B99 -> LETHONGSAVARN Vivien | D99: E | E99: H | F99: ='joueurs '!F98 -> 24.3 | G99: CEIDF | H99: 545649245 | I99: =IF(E99="H",IF(F99<15.5,"H1",IF(F99<24.5,"H2","H3")),IF(E99="F",IF(F99<24.5,"F1","F2"),"")) -> H2 | J99: ='Feuille saisie score '!J98 -> 16 | K99: ='Feuille saisie score '!K98 -> 41 | L99: ='Feuille saisie score '!L98 -> 11 | M99: ='Feuille saisie score '!M98 -> 31 | N99: =J99+L99 -> 27
A100: LEURS | B100: JEFF | C100: =A100&" "&B100 -> LEURS JEFF | D100: S | E100: H | F100: ='joueurs '!F99 -> 11.5 | G100: CEMP | H100: 525212217 | I100: =IF(E100="H",IF(F100<15.5,"H1",IF(F100<24.5,"H2","H3")),IF(E100="F",IF(F100<24.5,"F1","F2"),"")) -> H1 | J100: ='Feuille saisie score '!J99 -> 21 | K100: ='Feuille saisie score '!K99 -> 34 | L100: ='Feuille saisie score '!L99 -> 18 | M100: ='Feuille saisie score '!M99 -> 30 | N100: =J100+L100 -> 39
A101: LIGOUGNE | B101: JEAN CHRISTOPHE | C101: =A101&" "&B101 -> LIGOUGNE JEAN CHRISTOPHE | D101: S | E101: H | F101: ='joueurs '!F100 -> 16.2 | G101: CEN | H101: 520895203 | I101: =IF(E101="H",IF(F101<15.5,"H1",IF(F101<24.5,"H2","H3")),IF(E101="F",IF(F101<24.5,"F1","F2"),"")) -> H2 | J101: ='Feuille saisie score '!J100 -> 15 | K101: ='Feuille saisie score '!K100 -> 30 | L101: ='Feuille saisie score '!L100 -> 15 | M101: ='Feuille saisie score '!M100 -> 28 | N101: =J101+L101 -> 30
... A103: LUCQ | B103: Laurent | C103: =A103&" "&B103 -> LUCQ Laurent | D103: E | E103: H | F103: ='joueurs '!F102 -> 22.2 | G103: CEBFC | H103: 48143143 | I103: =IF(E103="H",IF(F103<15.5,"H1",IF(F103<24.5,"H2","H3")),IF(E103="F",IF(F103<24.5,"F1","F2"),"")) -> H2 | J103: ='Feuille saisie score '!J102 -> 11 | K103: ='Feuille saisie score '!K102 -> 28 | L103: ='Feuille saisie score '!L102 -> 7 | M103: ='Feuille saisie score '!M102 -> 26 | N103: =J103+L103 -> 18
A104: LUGIER | B104: Christian | C104: =A104&" "&B104 -> LUGIER Christian | D104: R | E104: H | F104: ='joueurs '!F103 -> 39.7 | G104: CEAPC | H104: 43 937327 | I104: =IF(E104="H",IF(F104<15.5,"H1",IF(F104<24.5,"H2","H3")),IF(E104="F",IF(F104<24.5,"F1","F2"),"")) -> H3 | J104: ='Feuille saisie score '!J103 -> 2 | K104: ='Feuille saisie score '!K103 -> 24 | L104: ='Feuille saisie score '!L103 -> 4 | M104: ='Feuille saisie score '!M103 -> 27 | N104: =J104+L104 -> 6
A105: LUTTMANN | B105: Emmanuel | C105: =A105&" "&B105 -> LUTTMANN Emmanuel | D105: S | E105: H | F105: ='joueurs '!F104 -> 24.8 | G105: CEGEE | H105: 542250199 | I105: =IF(E105="H",IF(F105<15.5,"H1",IF(F105<24.5,"H2","H3")),IF(E105="F",IF(F105<24.5,"F1","F2"),"")) -> H3 | J105: ='Feuille saisie score '!J104 -> 8 | K105: ='Feuille saisie score '!K104 -> 29 | L105: ='Feuille saisie score '!L104 -> 11 | M105: ='Feuille saisie score '!M104 -> 30 | N105: =J105+L105 -> 19
A106: MAGI | B106: MICHEL | C106: =A106&" "&B106 -> MAGI MICHEL | D106: S | E106: H | F106: ='joueurs '!F105 -> 17.7 | G106: CEGEE | H106: 517331354 | I106: =IF(E106="H",IF(F106<15.5,"H1",IF(F106<24.5,"H2","H3")),IF(E106="F",IF(F106<24.5,"F1","F2"),"")) -> H2 | J106: ='Feuille saisie score '!J105 -> 15 | K106: ='Feuille saisie score '!K105 -> 29 | L106: ='Feuille saisie score '!L105 -> 8 | M106: ='Feuille saisie score '!M105 -> 21 | N106: =J106+L106 -> 23
A107: MAJOIS | B107: Eric | C107: =A107&" "&B107 -> MAJOIS Eric | D107: S | E107: H | F107: ='joueurs '!F106 -> 21.3 | G107: BPGO | H107: 529362067 | I107: =IF(E107="H",IF(F107<15.5,"H1",IF(F107<24.5,"H2","H3")),IF(E107="F",IF(F107<24.5,"F1","F2"),"")) -> H2 | J107: ='Feuille saisie score '!J106 -> 7 | K107: ='Feuille saisie score '!K106 -> 19 | L107: ='Feuille saisie score '!L106 -> 7 | M107: ='Feuille saisie score '!M106 -> 17 | N107: =J107+L107 -> 14
A108: MANSIOUS | B108: CHRISTOPHE | C108: =A108&" "&B108 -> MANSIOUS CHRISTOPHE | D108: S | E108: H | F108: ='joueurs '!F107 -> 9.1 | G108: BPOC | H108: 530469155 | I108: =IF(E108="H",IF(F108<15.5,"H1",IF(F108<24.5,"H2","H3")),IF(E108="F",IF(F108<24.5,"F1","F2"),"")) -> H1 | J108: ='Feuille saisie score '!J107 -> 16 | K108: ='Feuille saisie score '!K107 -> 26 | L108: ='Feuille saisie score '!L107 -> 20 | M108: ='Feuille saisie score '!M107 -> 30 | N108: =J108+L108 -> 36
A109: MARINIER | B109: FREDERIC | C109: =A109&" "&B109 -> MARINIER FREDERIC | D109: S | E109: H | F109: ='joueurs '!F108 -> 10.6 | G109: CELC | H109: 041196082 | I109: =IF(E109="H",IF(F109<15.5,"H1",IF(F109<24.5,"H2","H3")),IF(E109="F",IF(F109<24.5,"F1","F2"),"")) -> H1 | J109: ='Feuille saisie score '!J108 -> 25 | K109: ='Feuille saisie score '!K108 -> 35 | L109: ='Feuille saisie score '!L108 -> 21 | M109: ='Feuille saisie score '!M108 -> 34 | N109: =J109+L109 -> 46
A110: MARTY | B110: CHRISTIAN | C110: =A110&" "&B110 -> MARTY CHRISTIAN | D110: S | E110: H | F110: ='joueurs '!F109 -> 13.1 | G110: BPAURA | H110: 513007140 | I110: =IF(E110="H",IF(F110<15.5,"H1",IF(F110<24.5,"H2","H3")),IF(E110="F",IF(F110<24.5,"F1","F2"),"")) -> H1 | J110: ='Feuille saisie score '!J109 -> 14 | K110: ='Feuille saisie score '!K109 -> 26 | L110: ='Feuille saisie score '!L109 -> 13 | M110: ='Feuille saisie score '!M109 -> 23 | N110: =J110+L110 -> 27
...

Sheet brut F2
C1: challenge golf BPCE Sports 2026 classement Femme série 2 | J1: BRUT | L1: F2
A2: Nom | B2: Prénom | C2: Joueurs | D2: Statut | E2: Sexe | F2: Index | G2: Entité | H2: Licence FFG | I2: série | J2: Brut J1 H1-F1 Courson v/n H2 Marivaux H3 Courson l/o F2 Forges | K2: NET J1 H1-F1 Courson v/n H2 Marivaux H3 Courson l/o F2 Forges | L2: Brut J2 H1-F1 Marivaux H2 Courson v/n H3 Forges F2 Courson l/o | M2: Net J2 H1-F1 Marivaux H2 Courson v/n H3 Forges F2 Courson l/o | N2: TOTAL BRUT
A3: ADAM | B3: HUBERT | C3: =A3&" "&B3 -> ADAM HUBERT | D3: S | E3: H | F3: ='joueurs '!F2 -> 29.4 | G3: CEHDF | H3: 540498177 | I3: =IF(E3="H",IF(F3<15.5,"H1",IF(F3<24.5,"H2","H3")),IF(E3="F",IF(F3<24.5,"F1","F2"),"")) -> H3 | J3: ='Feuille saisie score '!J2 -> 9 | K3: ='Feuille saisie score '!K2 -> 32 | L3: ='Feuille saisie score '!L2 -> 15 | M3: ='Feuille saisie score '!M2 -> 39 | N3: =J3+L3 -> 24
A4: ALAMICHEL | B4: Valérie | C4: =A4&" "&B4 -> ALAMICHEL Valérie | D4: E | E4: F | F4: ='joueurs '!F3 -> 34.1 | G4: BPCE SA | H4: 522832259 | I4: =IF(E4="H",IF(F4<15.5,"H1",IF(F4<24.5,"H2","H3")),IF(E4="F",IF(F4<24.5,"F1","F2"),"")) -> F2 | J4: ='Feuille saisie score '!J3 -> 4 | K4: ='Feuille saisie score '!K3 -> 29 | L4: ='Feuille saisie score '!L3 -> 6 | M4: ='Feuille saisie score '!M3 -> 24 | N4: =J4+L4 -> 10
A5: ALLAIN | B5: LOIC | C5: =A5&" "&B5 -> ALLAIN LOIC | D5: S | E5: H | F5: ='joueurs '!F4 -> 32.6 | G5: BPBFC | H5: 527813190 | I5: =IF(E5="H",IF(F5<15.5,"H1",IF(F5<24.5,"H2","H3")),IF(E5="F",IF(F5<24.5,"F1","F2"),"")) -> H3 | J5: ='Feuille saisie score '!J4 -> 5 | K5: ='Feuille saisie score '!K4 -> 28 | L5: ='Feuille saisie score '!L4 -> 7 | M5: ='Feuille saisie score '!M4 -> 35 | N5: =J5+L5 -> 12
A6: ANDURAND | B6: Jérôme | C6: =A6&" "&B6 -> ANDURAND Jérôme | D6: S | E6: H | F6: ='joueurs '!F5 -> 15.4 | G6: CEAPC | H6: 514507116 | I6: =IF(E6="H",IF(F6<15.5,"H1",IF(F6<24.5,"H2","H3")),IF(E6="F",IF(F6<24.5,"F1","F2"),"")) -> H1 | J6: ='Feuille saisie score '!J5 -> 15 | K6: ='Feuille saisie score '!K5 -> 30 | L6: ='Feuille saisie score '!L5 -> 23 | M6: ='Feuille saisie score '!M5 -> 37 | N6: =J6+L6 -> 38
A7: ASTIER | B7: DOMINIQUE | C7: =A7&" "&B7 -> ASTIER DOMINIQUE | D7: S | E7: H | F7: ='joueurs '!F6 -> 24.6 | G7: BPAURA | H7: 47116117 | I7: =IF(E7="H",IF(F7<15.5,"H1",IF(F7<24.5,"H2","H3")),IF(E7="F",IF(F7<24.5,"F1","F2"),"")) -> H3 | J7: ='Feuille saisie score '!J6 -> 5 | K7: ='Feuille saisie score '!K6 -> 19 | L7: ='Feuille saisie score '!L6 -> 15 | M7: ='Feuille saisie score '!M6 -> 40 | N7: =J7+L7 -> 20
A8: AUBRY | B8: MARC | C8: =A8&" "&B8 -> AUBRY MARC | D8: S | E8: H | F8: ='joueurs '!F7 -> 20.2 | G8: CELC | H8: 510880336 | I8: =IF(E8="H",IF(F8<15.5,"H1",IF(F8<24.5,"H2","H3")),IF(E8="F",IF(F8<24.5,"F1","F2"),"")) -> H2 | J8: ='Feuille saisie score '!J7 -> 13 | K8: ='Feuille saisie score '!K7 -> 34 | L8: ='Feuille saisie score '!L7 -> 8 | M8: ='Feuille saisie score '!M7 -> 28 | N8: =J8+L8 -> 21
A9: AYMARD | B9: FREDERIC | C9: =A9&" "&B9 -> AYMARD FREDERIC | D9: S | E9: H | F9: ='joueurs '!F8 -> 16.5 | G9: BPOC | H9: 526237207 | I9: =IF(E9="H",IF(F9<15.5,"H1",IF(F9<24.5,"H2","H3")),IF(E9="F",IF(F9<24.5,"F1","F2"),"")) -> H2 | J9: ='Feuille saisie score '!J8 -> 12 | K9: ='Feuille saisie score '!K8 -> 28 | L9: ='Feuille saisie score '!L8 -> 12 | M9: ='Feuille saisie score '!M8 -> 26 | N9: =J9+L9 -> 24
A10: BACHELARD | B10: Sébastien | C10: =A10&" "&B10 -> BACHELARD Sébastien | D10: S | E10: H | F10: ='joueurs '!F9 -> 9.4 | G10: BPCE IT | H10: 543699178 | I10: =IF(E10="H",IF(F10<15.5,"H1",IF(F10<24.5,"H2","H3")),IF(E10="F",IF(F10<24.5,"F1","F2"),"")) -> H1 | J10: ='Feuille saisie score '!J9 -> 26 | K10: ='Feuille saisie score '!K9 -> 39 | L10: ='Feuille saisie score '!L9 -> 18 | M10: ='Feuille saisie score '!M9 -> 28 | N10: =J10+L10 -> 44
A11: BARROT | B11: MICHEL | C11: =A11&" "&B11 -> BARROT MICHEL | D11: S | E11: H | F11: ='joueurs '!F10 -> 18.5 | G11: NATIXIS | H11: 520164109 | I11: =IF(E11="H",IF(F11<15.5,"H1",IF(F11<24.5,"H2","H3")),IF(E11="F",IF(F11<24.5,"F1","F2"),"")) -> H2 | J11: ='Feuille saisie score '!J10 -> 15 | K11: ='Feuille saisie score '!K10 -> 30 | L11: ='Feuille saisie score '!L10 -> 15 | M11: ='Feuille saisie score '!M10 -> 32 | N11: =J11+L11 -> 30
A12: BARTHELEMI | B12: Philippe | C12: =A12&" "&B12 -> BARTHELEMI Philippe | D12: S | E12: H | F12: ='joueurs '!F11 -> 43.1 | G12: CEGC | H12: 517273355 | I12: =IF(E12="H",IF(F12<15.5,"H1",IF(F12<24.5,"H2","H3")),IF(E12="F",IF(F12<24.5,"F1","F2"),"")) -> H3 | J12: ='Feuille saisie score '!J11 -> 3 | K12: ='Feuille saisie score '!K11 -> 15 | L12: ='Feuille saisie score '!L11 -> 2 | M12: ='Feuille saisie score '!M11 -> 20 | N12: =J12+L12 -> 5
A13: BATAILLE | B13: Philippe | C13: =A13&" "&B13 -> BATAILLE Philippe | D13: S | E13: H | F13: ='joueurs '!F12 -> 19.3 | G13: CEBPL | H13: 48652194 | I13: =IF(E13="H",IF(F13<15.5,"H1",IF(F13<24.5,"H2","H3")),IF(E13="F",IF(F13<24.5,"F1","F2"),"")) -> H2 | J13: ='Feuille saisie score '!J12 -> 10 | K13: ='Feuille saisie score '!K12 -> 23 | L13: ='Feuille saisie score '!L12 -> 19 | M13: ='Feuille saisie score '!M12 -> 33 | N13: =J13+L13 -> 29
A14: BAUDIN | B14: Anne | C14: =A14&" "&B14 -> BAUDIN Anne | D14: S | E14: F | F14: ='joueurs '!F13 -> 11.2 | G14: CEIDF | H14: O45 762 186 | I14: =IF(E14="H",IF(F14<15.5,"H1",IF(F14<24.5,"H2","H3")),IF(E14="F",IF(F14<24.5,"F1","F2"),"")) -> F1 | J14: ='Feuille saisie score '!J13 -> 24 | K14: ='Feuille saisie score '!K13 -> 39 | L14: ='Feuille saisie score '!L13 -> 25 | M14: ='Feuille saisie score '!M13 -> 39 | N14: =J14+L14 -> 49
A15: BAUDIN | B15: Gilles | C15: =A15&" "&B15 -> BAUDIN Gilles | D15: E | E15: H | F15: ='joueurs '!F14 -> 15.6 | G15: CEIDF | H15: 543819163 | I15: =IF(E15="H",IF(F15<15.5,"H1",IF(F15<24.5,"H2","H3")),IF(E15="F",IF(F15<24.5,"F1","F2"),"")) -> H2 | J15: ='Feuille saisie score '!J14 -> 17 | K15: ='Feuille saisie score '!K14 -> 30 | L15: ='Feuille saisie score '!L14 -> 13 | M15: ='Feuille saisie score '!M14 -> 28 | N15: =J15+L15 -> 30
A16: BEAUDOUIN | B16: ROMAIN | C16: =A16&" "&B16 -> BEAUDOUIN ROMAIN | D16: S | E16: H | F16: ='joueurs '!F15 -> 17.5 | G16: NATIXIS | H16: 542293250 | I16: =IF(E16="H",IF(F16<15.5,"H1",IF(F16<24.5,"H2","H3")),IF(E16="F",IF(F16<24.5,"F1","F2"),"")) -> H2 | J16: ='Feuille saisie score '!J15 -> 14 | K16: ='Feuille saisie score '!K15 -> 30 | L16: ='Feuille saisie score '!L15 -> 12 | M16: ='Feuille saisie score '!M15 -> 29 | N16: =J16+L16 -> 26
A17: BENASSI | B17: Thibaud | C17: =A17&" "&B17 -> BENASSI Thibaud | D17: E | E17: H | F17: ='joueurs '!F16 -> 46 | G17: sponsor | H17: 510707363 | I17: =IF(E17="H",IF(F17<15.5,"H1",IF(F17<24.5,"H2","H3")),IF(E17="F",IF(F17<24.5,"F1","F2"),"")) -> H3 | J17: ='Feuille saisie score '!J16 -> 1 | K17: ='Feuille saisie score '!K16 -> 12 | L17: ='Feuille saisie score '!L16 -> 5 | M17: ='Feuille saisie score '!M16 -> 35 | N17: =J17+L17 -> 6
A18: GROLLEAU | B18: ANNE-CECILE | C18: =A18&" "&B18 -> GROLLEAU ANNE-CECILE | D18: S | E18: F | F18: ='joueurs '!F72 -> 27.3 | G18: NATIXIS | H18: 537852012 | I18: =IF(E18="H",IF(F18<15.5,"H1",IF(F18<24.5,"H2","H3")),IF(E18="F",IF(F18<24.5,"F1","F2"),"")) -> F2 | J18: ='Feuille saisie score '!J72 -> 16 | K18: ='Feuille saisie score '!K72 -> 38 | L18: ='Feuille saisie score '!L72 -> 15 | M18: ='Feuille saisie score '!M72 -> 40 | N18: =J18+L18 -> 31
A19: BERTON | B19: Nicolas | C19: =A19&" "&B19 -> BERTON Nicolas | D19: S | E19: H | F19: ='joueurs '!F18 -> 11.4 | G19: BPALC | H19: 539465204 | I19: =IF(E19="H",IF(F19<15.5,"H1",IF(F19<24.5,"H2","H3")),IF(E19="F",IF(F19<24.5,"F1","F2"),"")) -> H1 | J19: ='Feuille saisie score '!J18 -> 21 | K19: ='Feuille saisie score '!K18 -> 31 | L19: ='Feuille saisie score '!L18 -> 9 | M19: ='Feuille saisie score '!M18 -> 19 | N19: =J19+L19 -> 30
A20: BEUVELOT | B20: Gaël | C20: =A20&" "&B20 -> BEUVELOT Gaël | D20: S | E20: H | F20: ='joueurs '!F19 -> 11.9 | G20: CEAPC | H20: 533283215 | I20: =IF(E20="H",IF(F20<15.5,"H1",IF(F20<24.5,"H2","H3")),IF(E20="F",IF(F20<24.5,"F1","F2"),"")) -> H1 | J20: ='Feuille saisie score '!J19 -> 10 | K20: ='Feuille saisie score '!K19 -> 19 | L20: ='Feuille saisie score '!L19 -> 7 | M20: ='Feuille saisie score '!M19 -> 16 | N20: =J20+L20 -> 17
A21: BOUDON | B21: PIERRE | C21: =A21&" "&B21 -> BOUDON PIERRE | D21: S | E21: H | F21: ='joueurs '!F20 -> 13 | G21: NATIXIS | H21: 43937161 | I21: =IF(E21="H",IF(F21<15.5,"H1",IF(F21<24.5,"H2","H3")),IF(E21="F",IF(F21<24.5,"F1","F2"),"")) -> H1 | J21: ='Feuille saisie score '!J20 -> 17 | K21: ='Feuille saisie score '!K20 -> 29 | L21: ='Feuille saisie score '!L20 -> 18 | M21: ='Feuille saisie score '!M20 -> 29 | N21: =J21+L21 -> 35
A22: BOULDOIRES | B22: Bertrand | C22: =A22&" "&B22 -> BOULDOIRES Bertrand | D22: S | E22: H | F22: ='joueurs '!F21 -> 7 | G22: CEAPC | H22: 52 541 21 26 | I22: =IF(E22="H",IF(F22<15.5,"H1",IF(F22<24.5,"H2","H3")),IF(E22="F",IF(F22<24.5,"F1","F2"),"")) -> H1 | J22: ='Feuille saisie score '!J21 -> 13 | K22: ='Feuille saisie score '!K21 -> 21 | L22: ='Feuille saisie score '!L21 -> 6 | M22: ='Feuille saisie score '!M21 -> 11 | N22: =J22+L22 -> 19
A23: BOURSIER | B23: ANTHONY | C23: =A23&" "&B23 -> BOURSIER ANTHONY | D23: S | E23: H | F23: ='joueurs '!F22 -> 21.2 | G23: CELC | H23: 547840202 | I23: =IF(E23="H",IF(F23<15.5,"H1",IF(F23<24.5,"H2","H3")),IF(E23="F",IF(F23<24.5,"F1","F2"),"")) -> H2 | J23: ='Feuille saisie score '!J22 -> 14 | K23: ='Feuille saisie score '!K22 -> 30 | L23: ='Feuille saisie score '!L22 -> 7 | M23: ='Feuille saisie score '!M22 -> 22 | N23: =J23+L23 -> 21
A24: BOUSSELET | B24: Bertrand | C24: =A24&" "&B24 -> BOUSSELET Bertrand | D24: S | E24: H | F24: ='joueurs '!F23 -> 15.5 | G24: CEIDF | H24: 3837290 | I24: =IF(E24="H",IF(F24<15.5,"H1",IF(F24<24.5,"H2","H3")),IF(E24="F",IF(F24<24.5,"F1","F2"),"")) -> H2 | J24: ='Feuille saisie score '!J23 -> 8 | K24: ='Feuille saisie score '!K23 -> 20 | L24: ='Feuille saisie score '!L23 -> 15 | M24: ='Feuille saisie score '!M23 -> 31 | N24: =J24+L24 -> 23
A25: BRIGNON | B25: MICHEL | C25: =A25&" "&B25 -> BRIGNON MICHEL | D25: S | E25: H | F25: ='joueurs '!F24 -> 20.4 | G25: CELC | H25: 515715265 | I25: =IF(E25="H",IF(F25<15.5,"H1",IF(F25<24.5,"H2","H3")),IF(E25="F",IF(F25<24.5,"F1","F2"),"")) -> H2 | J25: ='Feuille saisie score '!J24 -> 11 | K25: ='Feuille saisie score '!K24 -> 24 | L25: ='Feuille saisie score '!L24 -> 12 | M25: ='Feuille saisie score '!M24 -> 30 | N25: =J25+L25 -> 23
A26: BRKIC | B26: Alexandre | C26: =A26&" "&B26 -> BRKIC Alexandre | D26: S | E26: H | F26: ='joueurs '!F25 -> 19 | G26: CEIDF | H26: 48647147 | I26: =IF(E26="H",IF(F26<15.5,"H1",IF(F26<24.5,"H2","H3")),IF(E26="F",IF(F26<24.5,"F1","F2"),"")) -> H2 | J26: ='Feuille saisie score '!J25 -> 18 | K26: ='Feuille saisie score '!K25 -> 34 | L26: ='Feuille saisie score '!L25 -> 12 | M26: ='Feuille saisie score '!M25 -> 26 | N26: =J26+L26 -> 30
A27: BURSON | B27: Didier | C27: =A27&" "&B27 -> BURSON Didier | D27: S | E27: H | F27: ='joueurs '!F26 -> 41.6 | G27: CEBFC | H27: 546096359 | I27: =IF(E27="H",IF(F27<15.5,"H1",IF(F27<24.5,"H2","H3")),IF(E27="F",IF(F27<24.5,"F1","F2"),"")) -> H3 | J27: ='Feuille saisie score '!J26 -> 2 | K27: ='Feuille saisie score '!K26 -> 18 | L27: ='Feuille saisie score '!L26 -> 6 | M27: ='Feuille saisie score '!M26 -> 34 | N27: =J27+L27 -> 8
A28: CAILLAT | B28: Pierre Yves | C28: =A28&" "&B28 -> CAILLAT Pierre Yves | D28: S | E28: H | F28: ='joueurs '!F27 -> 24.3 | G28: PALATINE | H28: 217085 | I28: =IF(E28="H",IF(F28<15.5,"H1",IF(F28<24.5,"H2","H3")),IF(E28="F",IF(F28<24.5,"F1","F2"),"")) -> H2 | J28: ='Feuille saisie score '!J27 -> 12 | K28: ='Feuille saisie score '!K27 -> 30 | L28: ='Feuille saisie score '!L27 -> 12 | M28: ='Feuille saisie score '!M27 -> 30 | N28: =J28+L28 -> 24
A29: CHAMOUTON | B29: Patrick | C29: =A29&" "&B29 -> CHAMOUTON Patrick | D29: S | E29: H | F29: ='joueurs '!F28 -> 37 | G29: CEBFC | H29: 533662190 | I29: =IF(E29="H",IF(F29<15.5,"H1",IF(F29<24.5,"H2","H3")),IF(E29="F",IF(F29<24.5,"F1","F2"),"")) -> H3 | J29: ='Feuille saisie score '!J28 -> 11 | K29: ='Feuille saisie score '!K28 -> 41 | L29: ='Feuille saisie score '!L28 -> 7 | M29: ='Feuille saisie score '!M28 -> 40 | N29: =J29+L29 -> 18
A30: GRANDADAM | B30: Nancy | C30: =A30&" "&B30 -> GRANDADAM Nancy | D30: S | E30: F | F30: ='joueurs '!F70 -> 38.8 | G30: CELR | H30: 48634275 | I30: =IF(E30="H",IF(F30<15.5,"H1",IF(F30<24.5,"H2","H3")),IF(E30="F",IF(F30<24.5,"F1","F2"),"")) -> F2 | J30: ='Feuille saisie score '!J70 -> 17 | K30: ='Feuille saisie score '!K70 -> 51 | L30: ='Feuille saisie score '!L70 -> 12 | M30: ='Feuille saisie score '!M70 -> 35 | N30: =J30+L30 -> 29
A31: CHENOUNA | B31: Djilali | C31: =A31&" "&B31 -> CHENOUNA Djilali | D31: E | E31: H | F31: ='joueurs '!F30 -> 21.4 | G31: CEIDF | H31: 42075243 | I31: =IF(E31="H",IF(F31<15.5,"H1",IF(F31<24.5,"H2","H3")),IF(E31="F",IF(F31<24.5,"F1","F2"),"")) -> H2 | J31: ='Feuille saisie score '!J30 -> 10 | K31: ='Feuille saisie score '!K30 -> 24 | L31: ='Feuille saisie score '!L30 -> 14 | M31: ='Feuille saisie score '!M30 -> 33 | N31: =J31+L31 -> 24
A32: CHUSSEAU | B32: Cedric | C32: =A32&" "&B32 -> CHUSSEAU Cedric | D32: S | E32: H | F32: ='joueurs '!F31 -> 21.6 | G32: CEIDF | H32: 42078247 | I32: =IF(E32="H",IF(F32<15.5,"H1",IF(F32<24.5,"H2","H3")),IF(E32="F",IF(F32<24.5,"F1","F2"),"")) -> H2 | J32: ='Feuille saisie score '!J31 -> 13 | K32: ='Feuille saisie score '!K31 -> 31 | L32: ='Feuille saisie score '!L31 -> 13 | M32: ='Feuille saisie score '!M31 -> 31 | N32: =J32+L32 -> 26
A33: CIRENI | B33: Maria-Grazia | C33: =A33&" "&B33 -> CIRENI Maria-Grazia | D33: E | E33: F | F33: ='joueurs '!F32 -> 38 | G33: CEIDF | H33: 41775191 | I33: =IF(E33="H",IF(F33<15.5,"H1",IF(F33<24.5,"H2","H3")),IF(E33="F",IF(F33<24.5,"F1","F2"),"")) -> F2 | J33: ='Feuille saisie score '!J32 -> 10 | K33: ='Feuille saisie score '!K32 -> 37 | L33: ='Feuille saisie score '!L32 -> 5 | M33: ='Feuille saisie score '!M32 -> 35 | N33: =J33+L33 -> 15
A34: PAUGAM | B34: Sophie | C34: =A34&" "&B34 -> PAUGAM Sophie | D34: S | E34: F | F34: ='joueurs '!F126 -> 41.7 | G34: CEBPL | H34: 42327206 | I34: =IF(E34="H",IF(F34<15.5,"H1",IF(F34<24.5,"H2","H3")),IF(E34="F",IF(F34<24.5,"F1","F2"),"")) -> F2 | J34: ='Feuille saisie score '!J126 -> 12 | K34: ='Feuille saisie score '!K126 -> 46 | L34: ='Feuille saisie score '!L126 -> 8 | M34: ='Feuille saisie score '!M126 -> 32 | N34: =J34+L34 -> 20
A35: CORDIER | B35: Matthieu | C35: =A35&" "&B35 -> CORDIER Matthieu | D35: S | E35: H | F35: ='joueurs '!F34 -> 3.2 | G35: PALATINE | H35: 43346122 | I35: =IF(E35="H",IF(F35<15.5,"H1",IF(F35<24.5,"H2","H3")),IF(E35="F",IF(F35<24.5,"F1","F2"),"")) -> H1 | J35: ='Feuille saisie score '!J34 -> 26 | K35: ='Feuille saisie score '!K34 -> 30 | L35: ='Feuille saisie score '!L34 -> 22 | M35: ='Feuille saisie score '!M34 -> 25 | N35: =J35+L35 -> 48
A36: CORMIER | B36: Brice | C36: =A36&" "&B36 -> CORMIER Brice | D36: S | E36: H | F36: ='joueurs '!F35 -> 20.3 | G36: BPCE SA | H36: 522833258 | I36: =IF(E36="H",IF(F36<15.5,"H1",IF(F36<24.5,"H2","H3")),IF(E36="F",IF(F36<24.5,"F1","F2"),"")) -> H2 | J36: ='Feuille saisie score '!J35 -> 13 | K36: ='Feuille saisie score '!K35 -> 27 | L36: ='Feuille saisie score '!L35 -> 8 | M36: ='Feuille saisie score '!M35 -> 23 | N36: =J36+L36 -> 21
A37: COSTA | B37: Eduardo | C37: =A37&" "&B37 -> COSTA Eduardo | D37: E | E37: H | F37: ='joueurs '!F36 -> 24.8 | G37: CEIDF | H37: 534369194 | I37: =IF(E37="H",IF(F37<15.5,"H1",IF(F37<24.5,"H2","H3")),IF(E37="F",IF(F37<24.5,"F1","F2"),"")) -> H3 | J37: ='Feuille saisie score '!J36 -> 7 | K37: ='Feuille saisie score '!K36 -> 22 | L37: ='Feuille saisie score '!L36 -> 9 | M37: ='Feuille saisie score '!M36 -> 29 | N37: =J37+L37 -> 16
A38: COUDEVILLE | B38: THIBAULT | C38: =A38&" "&B38 -> COUDEVILLE THIBAULT | D38: E | E38: H | F38: ='joueurs '!F37 -> 16.5 | G38: BPCE SI | H38: 520873138 | I38: =IF(E38="H",IF(F38<15.5,"H1",IF(F38<24.5,"H2","H3")),IF(E38="F",IF(F38<24.5,"F1","F2"),"")) -> H2 | J38: ='Feuille saisie score '!J37 -> 14 | K38: ='Feuille saisie score '!K37 -> 28 | L38: ='Feuille saisie score '!L37 -> 14 | M38: ='Feuille saisie score '!M37 -> 28 | N38: =J38+L38 -> 28
A39: SBERRO | B39: Sandra | C39: =A39&" "&B39 -> SBERRO Sandra | D39: S | E39: F | F39: ='joueurs '!F152 -> 39.8 | G39: BPGO | H39: 541155259 | I39: =IF(E39="H",IF(F39<15.5,"H1",IF(F39<24.5,"H2","H3")),IF(E39="F",IF(F39<24.5,"F1","F2"),"")) -> F2 | J39: ='Feuille saisie score '!J152 -> 10 | K39: ='Feuille saisie score '!K152 -> 43 | L39: ='Feuille saisie score '!L152 -> 8 | M39: ='Feuille saisie score '!M152 -> 32 | N39: =J39+L39 -> 18
A40: CRIERE | B40: FREDERIC | C40: =A40&" "&B40 -> CRIERE FREDERIC | D40: S | E40: H | F40: ='joueurs '!F39 -> 16.9 | G40: CEN | H40: 512431291 | I40: =IF(E40="H",IF(F40<15.5,"H1",IF(F40<24.5,"H2","H3")),IF(E40="F",IF(F40<24.5,"F1","F2"),"")) -> H2 | J40: ='Feuille saisie score '!J39 -> 12 | K40: ='Feuille saisie score '!K39 -> 26 | L40: ='Feuille saisie score '!L39 -> 13 | M40: ='Feuille saisie score '!M39 -> 25 | N40: =J40+L40 -> 25
A41: DA COSTA | B41: Daniel | C41: =A41&" "&B41 -> DA COSTA Daniel | D41: S | E41: H | F41: ='joueurs '!F40 -> 22.6 | G41: CEIDF | H41: 3545300 | I41: =IF(E41="H",IF(F41<15.5,"H1",IF(F41<24.5,"H2","H3")),IF(E41="F",IF(F41<24.5,"F1","F2"),"")) -> H2 | J41: ='Feuille saisie score '!J40 -> 22 | K41: ='Feuille saisie score '!K40 -> 44 | L41: ='Feuille saisie score '!L40 -> 18 | M41: ='Feuille saisie score '!M40 -> 41 | N41: =J41+L41 -> 40
A42: DAGUIER | B42: Robin | C42: =A42&" "&B42 -> DAGUIER Robin | D42: S | E42: H | F42: ='joueurs '!F41 -> 33 | G42: CEGC | H42: 547412200 | I42: =IF(E42="H",IF(F42<15.5,"H1",IF(F42<24.5,"H2","H3")),IF(E42="F",IF(F42<24.5,"F1","F2"),"")) -> H3 | J42: ='Feuille saisie score '!J41 -> 8 | K42: ='Feuille saisie score '!K41 -> 37 | L42: ='Feuille saisie score '!L41 -> 13 | M42: ='Feuille saisie score '!M41 -> 49 | N42: =J42+L42 -> 21
A43: DARREAU | B43: SEBASTIEN | C43: =A43&" "&B43 -> DARREAU SEBASTIEN | D43: S | E43: H | F43: ='joueurs '!F42 -> 15.9 | G43: CEHDF | H43: 530108197 | I43: =IF(E43="H",IF(F43<15.5,"H1",IF(F43<24.5,"H2","H3")),IF(E43="F",IF(F43<24.5,"F1","F2"),"")) -> H2 | J43: ='Feuille saisie score '!J42 -> 21 | K43: ='Feuille saisie score '!K42 -> 35 | L43: ='Feuille saisie score '!L42 -> 21 | M43: ='Feuille saisie score '!M42 -> 38 | N43: =J43+L43 -> 42
A44: decenciere | B44: olivier | C44: =A44&" "&B44 -> decenciere olivier | D44: S | E44: H | F44: ='joueurs '!F43 -> 30.7 | G44: BPCE SA | H44: 541946225 | I44: =IF(E44="H",IF(F44<15.5,"H1",IF(F44<24.5,"H2","H3")),IF(E44="F",IF(F44<24.5,"F1","F2"),"")) -> H3 | J44: ='Feuille saisie score '!J43 -> 8 | K44: ='Feuille saisie score '!K43 -> 32 | L44: ='Feuille saisie score '!L43 -> 13 | M44: ='Feuille saisie score '!M43 -> 42 | N44: =J44+L44 -> 21
A45: DECRESSAIN | B45: Amaury | C45: =A45&" "&B45 -> DECRESSAIN Amaury | D45: S | E45: H | F45: ='joueurs '!F44 -> 14.4 | G45: CEAPC | H45: 541 770 209 | I45: =IF(E45="H",IF(F45<15.5,"H1",IF(F45<24.5,"H2","H3")),IF(E45="F",IF(F45<24.5,"F1","F2"),"")) -> H1 | J45: ='Feuille saisie score '!J44 -> 2 | K45: ='Feuille saisie score '!K44 -> 9 | L45: ='Feuille saisie score '!L44 -> 13 | M45: ='Feuille saisie score '!M44 -> 25 | N45: =J45+L45 -> 15
A46: DELAHAYE | B46: OLIVIER | C46: =A46&" "&B46 -> DELAHAYE OLIVIER | D46: S | E46: H | F46: ='joueurs '!F45 -> 19.3 | G46: CEHDF | H46: 521567244 | I46: =IF(E46="H",IF(F46<15.5,"H1",IF(F46<24.5,"H2","H3")),IF(E46="F",IF(F46<24.5,"F1","F2"),"")) -> H2 | J46: ='Feuille saisie score '!J45 -> 13 | K46: ='Feuille saisie score '!K45 -> 32 | L46: ='Feuille saisie score '!L45 -> 12 | M46: ='Feuille saisie score '!M45 -> 27 | N46: =J46+L46 -> 25
A47: DELIA | B47: Eric | C47: =A47&" "&B47 -> DELIA Eric | D47: S | E47: H | F47: ='joueurs '!F46 -> 28 | G47: BPCE IT | H47: 49251375 | I47: =IF(E47="H",IF(F47<15.5,"H1",IF(F47<24.5,"H2","H3")),IF(E47="F",IF(F47<24.5,"F1","F2"),"")) -> H3 | J47: ='Feuille saisie score '!J46 -> 9 | K47: ='Feuille saisie score '!K46 -> 33 | L47: ='Feuille saisie score '!L46 -> 13 | M47: ='Feuille saisie score '!M46 -> 39 | N47: =J47+L47 -> 22
A48: dELLA VEDOVA | B48: jean yves | C48: =A48&" "&B48 -> dELLA VEDOVA jean yves | D48: S | E48: H | F48: ='joueurs '!F47 -> 35.5 | G48: BPCE SA | H48: 520181064 | I48: =IF(E48="H",IF(F48<15.5,"H1",IF(F48<24.5,"H2","H3")),IF(E48="F",IF(F48<24.5,"F1","F2"),"")) -> H3 | J48: ='Feuille saisie score '!J47 -> 3 | K48: ='Feuille saisie score '!K47 -> 26 | L48: ='Feuille saisie score '!L47 -> 8 | M48: ='Feuille saisie score '!M47 -> 39 | N48: =J48+L48 -> 11
A49: DELWASSE | B49: NICOLAS | C49: =A49&" "&B49 -> DELWASSE NICOLAS | D49: S | E49: H | F49: ='joueurs '!F48 -> 18.4 | G49: NATIXIS | H49: 541157186 | I49: =IF(E49="H",IF(F49<15.5,"H1",IF(F49<24.5,"H2","H3")),IF(E49="F",IF(F49<24.5,"F1","F2"),"")) -> H2 | J49: ='Feuille saisie score '!J48 -> 21 | K49: ='Feuille saisie score '!K48 -> 39 | L49: ='Feuille saisie score '!L48 -> 15 | M49: ='Feuille saisie score '!M48 -> 32 | N49: =J49+L49 -> 36
A50: DENE | B50: Gilles | C50: =A50&" "&B50 -> DENE Gilles | D50: S | E50: H | F50: ='joueurs '!F49 -> 32.1 | G50: CEGC | H50: 547828182 | I50: =IF(E50="H",IF(F50<15.5,"H1",IF(F50<24.5,"H2","H3")),IF(E50="F",IF(F50<24.5,"F1","F2"),"")) -> H3 | J50: ='Feuille saisie score '!J49 -> 1 | K50: ='Feuille saisie score '!K49 -> 15 | L50: ='Feuille saisie score '!L49 -> 3 | M50: ='Feuille saisie score '!M49 -> 32 | N50: =J50+L50 -> 4
A51: DEPARDIEU | B51: FRANCK | C51: =A51&" "&B51 -> DEPARDIEU FRANCK | D51: S | E51: H | F51: ='joueurs '!F50 -> 9.3 | G51: CELC | H51: 041120081 | I51: =IF(E51="H",IF(F51<15.5,"H1",IF(F51<24.5,"H2","H3")),IF(E51="F",IF(F51<24.5,"F1","F2"),"")) -> H1 | J51: ='Feuille saisie score '!J50 -> 17 | K51: ='Feuille saisie score '!K50 -> 28 | L51: ='Feuille saisie score '!L50 -> 23 | M51: ='Feuille saisie score '!M50 -> 34 | N51: =J51+L51 -> 40
A52: DEPARDIEU | B52: LINDA | C52: =A52&" "&B52 -> DEPARDIEU LINDA | D52: S | E52: F | F52: ='joueurs '!F51 -> 21.3 | G52: CELC | H52: 528226297 | I52: =IF(E52="H",IF(F52<15.5,"H1",IF(F52<24.5,"H2","H3")),IF(E52="F",IF(F52<24.5,"F1","F2"),"")) -> F1 | J52: ='Feuille saisie score '!J51 -> 12 | K52: ='Feuille saisie score '!K51 -> 32 | L52: ='Feuille saisie score '!L51 -> 17 | M52: ='Feuille saisie score '!M51 -> 36 | N52: =J52+L52 -> 29
A53: DESHAYES | B53: SYLVAIN | C53: =A53&" "&B53 -> DESHAYES SYLVAIN | D53: S | E53: H | F53: ='joueurs '!F52 -> 26.1 | G53: NATIXIS | H53: 528596227 | I53: =IF(E53="H",IF(F53<15.5,"H1",IF(F53<24.5,"H2","H3")),IF(E53="F",IF(F53<24.5,"F1","F2"),"")) -> H3 | J53: ='Feuille saisie score '!J52 -> 15 | K53: ='Feuille saisie score '!K52 -> 38 | L53: ='Feuille saisie score '!L52 -> 8 | M53: ='Feuille saisie score '!M52 -> 29 | N53: =J53+L53 -> 23
A54: DESMARAIS | B54: CATHERINE | C54: =A54&" "&B54 -> DESMARAIS CATHERINE | D54: S | E54: F | F54: ='joueurs '!F53 -> 16 | G54: CEN | H54: 46233087 | I54: =IF(E54="H",IF(F54<15.5,"H1",IF(F54<24.5,"H2","H3")),IF(E54="F",IF(F54<24.5,"F1","F2"),"")) -> F1 | J54: ='Feuille saisie score '!J53 -> 8 | K54: ='Feuille saisie score '!K53 -> 18 | L54: ='Feuille saisie score '!L53 -> 18 | M54: ='Feuille saisie score '!M53 -> 33 | N54: =J54+L54 -> 26
A55: DI GIANNI | B55: MURIEL | C55: =A55&" "&B55 -> DI GIANNI MURIEL | D55: S | E55: F | F55: ='joueurs '!F54 -> 10.3 | G55: BPCE SI | H55: 042600256 | I55: =IF(E55="H",IF(F55<15.5,"H1",IF(F55<24.5,"H2","H3")),IF(E55="F",IF(F55<24.5,"F1","F2"),"")) -> F1 | J55: ='Feuille saisie score '!J54 -> 25 | K55: ='Feuille saisie score '!K54 -> 37 | L55: ='Feuille saisie score '!L54 -> 23 | M55: ='Feuille saisie score '!M54 -> 35 | N55: =J55+L55 -> 48
A56: DIZET | B56: Loïc | C56: =A56&" "&B56 -> DIZET Loïc | D56: S | E56: H | F56: ='joueurs '!F55 -> 15.7 | G56: CEAPC | H56: 43774199 | I56: =IF(E56="H",IF(F56<15.5,"H1",IF(F56<24.5,"H2","H3")),IF(E56="F",IF(F56<24.5,"F1","F2"),"")) -> H2 | J56: ='Feuille saisie score '!J55 -> 23 | K56: ='Feuille saisie score '!K55 -> 40 | L56: ='Feuille saisie score '!L55 -> 22 | M56: ='Feuille saisie score '!M55 -> 39 | N56: =J56+L56 -> 45
A57: DUEZ | B57: Pascal | C57: =A57&" "&B57 -> DUEZ Pascal | D57: S | E57: H | F57: ='joueurs '!F56 -> 23.3 | G57: CELR | H57: 539064209 | I57: =IF(E57="H",IF(F57<15.5,"H1",IF(F57<24.5,"H2","H3")),IF(E57="F",IF(F57<24.5,"F1","F2"),"")) -> H2 | J57: ='Feuille saisie score '!J56 -> 16 | K57: ='Feuille saisie score '!K56 -> 38 | L57: ='Feuille saisie score '!L56 -> 11 | M57: ='Feuille saisie score '!M56 -> 35 | N57: =J57+L57 -> 27
A58: DULAU | B58: Emmanuel | C58: =A58&" "&B58 -> DULAU Emmanuel | D58: S | E58: H | F58: ='joueurs '!F57 -> 15.2 | G58: CEAPC | H58: 525284328 | I58: =IF(E58="H",IF(F58<15.5,"H1",IF(F58<24.5,"H2","H3")),IF(E58="F",IF(F58<24.5,"F1","F2"),"")) -> H1 | J58: ='Feuille saisie score '!J57 -> 10 | K58: ='Feuille saisie score '!K57 -> 24 | L58: ='Feuille saisie score '!L57 -> 19 | M58: ='Feuille saisie score '!M57 -> 33 | N58: =J58+L58 -> 29
A59: DURANDE | B59: Stephane | C59: =A59&" "&B59 -> DURANDE Stephane | D59: S | E59: H | F59: ='joueurs '!F58 -> 14.7 | G59: BPCE IT | H59: 521673236 | I59: =IF(E59="H",IF(F59<15.5,"H1",IF(F59<24.5,"H2","H3")),IF(E59="F",IF(F59<24.5,"F1","F2"),"")) -> H1 | J59: ='Feuille saisie score '!J58 -> 16 | K59: ='Feuille saisie score '!K58 -> 27 | L59: ='Feuille saisie score '!L58 -> 12 | M59: ='Feuille saisie score '!M58 -> 27 | N59: =J59+L59 -> 28
A60: ESCOT | B60: Marc | C60: =A60&" "&B60 -> ESCOT Marc | D60: R | E60: H | F60: ='joueurs '!F59 -> 26.6 | G60: CEAPC | H60: 45194339 | I60: =IF(E60="H",IF(F60<15.5,"H1",IF(F60<24.5,"H2","H3")),IF(E60="F",IF(F60<24.5,"F1","F2"),"")) -> H3 | J60: ='Feuille saisie score '!J59 -> 9 | K60: ='Feuille saisie score '!K59 -> 25 | L60: ='Feuille saisie score '!L59 -> 16 | M60: ='Feuille saisie score '!M59 -> 40 | N60: =J60+L60 -> 25
A61: FERRANDON | B61: STEPHANE | C61: =A61&" "&B61 -> FERRANDON STEPHANE | D61: S | E61: H | F61: ='joueurs '!F60 -> 8.9 | G61: BPBFC | H61: 540085201 | I61: =IF(E61="H",IF(F61<15.5,"H1",IF(F61<24.5,"H2","H3")),IF(E61="F",IF(F61<24.5,"F1","F2"),"")) -> H1 | J61: ='Feuille saisie score '!J60 -> 19 | K61: ='Feuille saisie score '!K60 -> 29 | L61: ='Feuille saisie score '!L60 -> 22 | M61: ='Feuille saisie score '!M60 -> 31 | N61: =J61+L61 -> 41
A62: MATTEI | B62: VERONIQUE | C62: =A62&" "&B62 -> MATTEI VERONIQUE | D62: S | E62: F | F62: ='joueurs '!F110 -> 36.4 | G62: BPCE SI | H62: 045448132 | I62: =IF(E62="H",IF(F62<15.5,"H1",IF(F62<24.5,"H2","H3")),IF(E62="F",IF(F62<24.5,"F1","F2"),"")) -> F2 | J62: ='Feuille saisie score '!J110 -> 10 | K62: ='Feuille saisie score '!K110 -> 42 | L62: ='Feuille saisie score '!L110 -> 6 | M62: ='Feuille saisie score '!M110 -> 30 | N62: =J62+L62 -> 16
A63: BENOIT | B63: Christine | C63: =A63&" "&B63 -> BENOIT Christine | D63: S | E63: F | F63: ='joueurs '!F17 -> 40 | G63: CEGEE | H63: 522770334 | I63: =IF(E63="H",IF(F63<15.5,"H1",IF(F63<24.5,"H2","H3")),IF(E63="F",IF(F63<24.5,"F1","F2"),"")) -> F2 | J63: ='Feuille saisie score '!J17 -> 8 | K63: ='Feuille saisie score '!K17 -> 38 | L63: ='Feuille saisie score '!L17 -> 7 | M63: ='Feuille saisie score '!M17 -> 30 | N63: =J63+L63 -> 15
A64: FOURNIER | B64: Corinne | C64: =A64&" "&B64 -> FOURNIER Corinne | D64: S | E64: F | F64: ='joueurs '!F63 -> 18.7 | G64: BPGO | H64: 3147213 | I64: =IF(E64="H",IF(F64<15.5,"H1",IF(F64<24.5,"H2","H3")),IF(E64="F",IF(F64<24.5,"F1","F2"),"")) -> F1 | J64: ='Feuille saisie score '!J63 -> 19 | K64: ='Feuille saisie score '!K63 -> 38 | L64: ='Feuille saisie score '!L63 -> 10 | M64: ='Feuille saisie score '!M63 -> 24 | N64: =J64+L64 -> 29
A65: FRANCHI | B65: ANTOINE | C65: =A65&" "&B65 -> FRANCHI ANTOINE | D65: S | E65: H | F65: ='joueurs '!F64 -> 21.5 | G65: NATIXIS | H65: 519009066 | I65: =IF(E65="H",IF(F65<15.5,"H1",IF(F65<24.5,"H2","H3")),IF(E65="F",IF(F65<24.5,"F1","F2"),"")) -> H2 | J65: ='Feuille saisie score '!J64 -> 15 | K65: ='Feuille saisie score '!K64 -> 36 | L65: ='Feuille saisie score '!L64 -> 18 | M65: ='Feuille saisie score '!M64 -> 40 | N65: =J65+L65 -> 33
A66: GAMBILLO | B66: Franco | C66: =A66&" "&B66 -> GAMBILLO Franco | D66: S | E66: H | F66: ='joueurs '!F65 -> 19.2 | G66: PALATINE | H66: 521918187 | I66: =IF(E66="H",IF(F66<15.5,"H1",IF(F66<24.5,"H2","H3")),IF(E66="F",IF(F66<24.5,"F1","F2"),"")) -> H2 | J66: ='Feuille saisie score '!J65 -> 20 | K66: ='Feuille saisie score '!K65 -> 39 | L66: ='Feuille saisie score '!L65 -> 17 | M66: ='Feuille saisie score '!M65 -> 35 | N66: =J66+L66 -> 37
A67: Garnier | B67: thierry | C67: =A67&" "&B67 -> Garnier thierry | D67: S | E67: H | F67: ='joueurs '!F66 -> 35 | G67: BPCE SA | H67: 514333250 | I67: =IF(E67="H",IF(F67<15.5,"H1",IF(F67<24.5,"H2","H3")),IF(E67="F",IF(F67<24.5,"F1","F2"),"")) -> H3 | J67: ='Feuille saisie score '!J66 -> 4 | K67: ='Feuille saisie score '!K66 -> 29 | L67: ='Feuille saisie score '!L66 -> 6 | M67: ='Feuille saisie score '!M66 -> 36 | N67: =J67+L67 -> 10
A68: GAUTIER | B68: Stéphane | C68: =A68&" "&B68 -> GAUTIER Stéphane | D68: S | E68: H | F68: ='joueurs '!F67 -> 25.4 | G68: BPGO | H68: 44952233 | I68: =IF(E68="H",IF(F68<15.5,"H1",IF(F68<24.5,"H2","H3")),IF(E68="F",IF(F68<24.5,"F1","F2"),"")) -> H3 | J68: ='Feuille saisie score '!J67 -> 6 | K68: ='Feuille saisie score '!K67 -> 21 | L68: ='Feuille saisie score '!L67 -> 7 | M68: ='Feuille saisie score '!M67 -> 28 | N68: =J68+L68 -> 13
A69: GEA | B69: BERNARD | C69: =A69&" "&B69 -> GEA BERNARD | D69: S | E69: H | F69: ='joueurs '!F68 -> 27.7 | G69: BPAURA | H69: 522458066 | I69: =IF(E69="H",IF(F69<15.5,"H1",IF(F69<24.5,"H2","H3")),IF(E69="F",IF(F69<24.5,"F1","F2"),"")) -> H3 | J69: ='Feuille saisie score '!J68 -> 11 | K69: ='Feuille saisie score '!K68 -> 34 | L69: ='Feuille saisie score '!L68 -> 8 | M69: ='Feuille saisie score '!M68 -> 25 | N69: =J69+L69 -> 19
A70: GONDOLE | B70: Philippe | C70: =A70&" "&B70 -> GONDOLE Philippe | D70: S | E70: H | F70: ='joueurs '!F69 -> 19 | G70: CEIDF | H70: 541526116 | I70: =IF(E70="H",IF(F70<15.5,"H1",IF(F70<24.5,"H2","H3")),IF(E70="F",IF(F70<24.5,"F1","F2"),"")) -> H2 | J70: ='Feuille saisie score '!J69 -> 12 | K70: ='Feuille saisie score '!K69 -> 31 | L70: ='Feuille saisie score '!L69 -> 0 | M70: ='Feuille saisie score '!M69 -> 0 | N70: =J70+L70 -> 12
A71: HOUET | B71: Elodie | C71: =A71&" "&B71 -> HOUET Elodie | D71: S | E71: F | F71: ='joueurs '!F79 -> 49 | G71: BPGO | H71: 524317384 | I71: =IF(E71="H",IF(F71<15.5,"H1",IF(F71<24.5,"H2","H3")),IF(E71="F",IF(F71<24.5,"F1","F2"),"")) -> F2 | J71: ='Feuille saisie score '!J79 -> 11 | K71: ='Feuille saisie score '!K79 -> 43 | L71: ='Feuille saisie score '!L79 -> 4 | M71: ='Feuille saisie score '!M79 -> 33 | N71: =J71+L71 -> 15
A72: GRANDADAM | B72: Philippe | C72: =A72&" "&B72 -> GRANDADAM Philippe | D72: E | E72: H | F72: ='joueurs '!F71 -> 24.6 | G72: CELR | H72: 541310170 | I72: =IF(E72="H",IF(F72<15.5,"H1",IF(F72<24.5,"H2","H3")),IF(E72="F",IF(F72<24.5,"F1","F2"),"")) -> H3 | J72: ='Feuille saisie score '!J71 -> 15 | K72: ='Feuille saisie score '!K71 -> 34 | L72: ='Feuille saisie score '!L71 -> 12 | M72: ='Feuille saisie score '!M71 -> 31 | N72: =J72+L72 -> 27
A73: LEFEVRE | B73: catherine | C73: =A73&" "&B73 -> LEFEVRE catherine | D73: S | E73: F | F73: ='joueurs '!F94 -> 37.4 | G73: BPCE SA | H73: 518607180 | I73: =IF(E73="H",IF(F73<15.5,"H1",IF(F73<24.5,"H2","H3")),IF(E73="F",IF(F73<24.5,"F1","F2"),"")) -> F2 | J73: ='Feuille saisie score '!J94 -> 8 | K73: ='Feuille saisie score '!K94 -> 32 | L73: ='Feuille saisie score '!L94 -> 5 | M73: ='Feuille saisie score '!M94 -> 28 | N73: =J73+L73 -> 13
A74: GUIMARAES | B74: Carlos | C74: =A74&" "&B74 -> GUIMARAES Carlos | D74: S | E74: H | F74: ='joueurs '!F73 -> 12.1 | G74: CEAPC | H74: 45534171 | I74: =IF(E74="H",IF(F74<15.5,"H1",IF(F74<24.5,"H2","H3")),IF(E74="F",IF(F74<24.5,"F1","F2"),"")) -> H1 | J74: ='Feuille saisie score '!J73 -> 22 | K74: ='Feuille saisie score '!K73 -> 32 | L74: ='Feuille saisie score '!L73 -> 16 | M74: ='Feuille saisie score '!M73 -> 29 | N74: =J74+L74 -> 38
A75: GUITOGER | B75: didier | C75: =A75&" "&B75 -> GUITOGER didier | D75: S | E75: H | F75: ='joueurs '!F74 -> 19.5 | G75: BPCE SA | H75: 535764291 | I75: =IF(E75="H",IF(F75<15.5,"H1",IF(F75<24.5,"H2","H3")),IF(E75="F",IF(F75<24.5,"F1","F2"),"")) -> H2 | J75: ='Feuille saisie score '!J74 -> 13 | K75: ='Feuille saisie score '!K74 -> 31 | L75: ='Feuille saisie score '!L74 -> 5 | M75: ='Feuille saisie score '!M74 -> 20 | N75: =J75+L75 -> 18
A76: HAGEMAN | B76: VALERIE | C76: =A76&" "&B76 -> HAGEMAN VALERIE | D76: E | E76: F | F76: ='joueurs '!F75 -> 43.5 | G76: NATIXIS | H76: 533591301 | I76: =IF(E76="H",IF(F76<15.5,"H1",IF(F76<24.5,"H2","H3")),IF(E76="F",IF(F76<24.5,"F1","F2"),"")) -> F2 | J76: ='Feuille saisie score '!J75 -> 5 | K76: ='Feuille saisie score '!K75 -> 39 | L76: ='Feuille saisie score '!L75 -> 10 | M76: ='Feuille saisie score '!M75 -> 38 | N76: =J76+L76 -> 15
A77: HAMELIN | B77: Carl | C77: =A77&" "&B77 -> HAMELIN Carl | D77: S | E77: H | F77: ='joueurs '!F76 -> 39.2 | G77: BPCE IT | H77: 44222363 | I77: =IF(E77="H",IF(F77<15.5,"H1",IF(F77<24.5,"H2","H3")),IF(E77="F",IF(F77<24.5,"F1","F2"),"")) -> H3 | J77: ='Feuille saisie score '!J76 -> 9 | K77: ='Feuille saisie score '!K76 -> 39 | L77: ='Feuille saisie score '!L76 -> 6 | M77: ='Feuille saisie score '!M76 -> 40 | N77: =J77+L77 -> 15
A78: HERLIN | B78: KEVIN | C78: =A78&" "&B78 -> HERLIN KEVIN | D78: S | E78: H | F78: ='joueurs '!F77 -> 26 | G78: BPCE SI | H78: 520163379 | I78: =IF(E78="H",IF(F78<15.5,"H1",IF(F78<24.5,"H2","H3")),IF(E78="F",IF(F78<24.5,"F1","F2"),"")) -> H3 | J78: ='Feuille saisie score '!J77 -> 6 | K78: ='Feuille saisie score '!K77 -> 23 | L78: ='Feuille saisie score '!L77 -> 8 | M78: ='Feuille saisie score '!M77 -> 25 | N78: =J78+L78 -> 14
A79: HOCHIN | B79: DIDIER | C79: =A79&" "&B79 -> HOCHIN DIDIER | D79: S | E79: H | F79: ='joueurs '!F78 -> 15.2 | G79: CEHDF | H79: 49513048 | I79: =IF(E79="H",IF(F79<15.5,"H1",IF(F79<24.5,"H2","H3")),IF(E79="F",IF(F79<24.5,"F1","F2"),"")) -> H1 | J79: ='Feuille saisie score '!J78 -> 10 | K79: ='Feuille saisie score '!K78 -> 19 | L79: ='Feuille saisie score '!L78 -> 18 | M79: ='Feuille saisie score '!M78 -> 32 | N79: =J79+L79 -> 28
A80: COUTURIER | B80: Bénédicte | C80: =A80&" "&B80 -> COUTURIER Bénédicte | D80: S | E80: F | F80: ='joueurs '!F38 -> 38.5 | G80: CEAPC | H80: 544388225 | I80: =IF(E80="H",IF(F80<15.5,"H1",IF(F80<24.5,"H2","H3")),IF(E80="F",IF(F80<24.5,"F1","F2"),"")) -> F2 | J80: ='Feuille saisie score '!J38 -> 7 | K80: ='Feuille saisie score '!K38 -> 34 | L80: ='Feuille saisie score '!L38 -> 5 | M80: ='Feuille saisie score '!M38 -> 30 | N80: =J80+L80 -> 12
A81: HOUPIN | B81: Gilles | C81: =A81&" "&B81 -> HOUPIN Gilles | D81: S | E81: H | F81: ='joueurs '!F80 -> 16.1 | G81: BPALC | H81: 516388171 | I81: =IF(E81="H",IF(F81<15.5,"H1",IF(F81<24.5,"H2","H3")),IF(E81="F",IF(F81<24.5,"F1","F2"),"")) -> H2 | J81: ='Feuille saisie score '!J80 -> 11 | K81: ='Feuille saisie score '!K80 -> 24 | L81: ='Feuille saisie score '!L80 -> 7 | M81: ='Feuille saisie score '!M80 -> 20 | N81: =J81+L81 -> 18
A82: HOUSSIN | B82: MARIE CHRISTINE | C82: =A82&" "&B82 -> HOUSSIN MARIE CHRISTINE | D82: S | E82: F | F82: ='joueurs '!F81 -> 21.1 | G82: CEHDF | H82: 43662297 | I82: =IF(E82="H",IF(F82<15.5,"H1",IF(F82<24.5,"H2","H3")),IF(E82="F",IF(F82<24.5,"F1","F2"),"")) -> F1 | J82: ='Feuille saisie score '!J81 -> 16 | K82: ='Feuille saisie score '!K81 -> 34 | L82: ='Feuille saisie score '!L81 -> 9 | M82: ='Feuille saisie score '!M81 -> 25 | N82: =J82+L82 -> 25
